Workbook
Name ACC: #REF!
Name Acquisto_Servizi: OFFSET(#REF!,1,0,COUNTA(#REF!)-1,43)
Name AmbitiTariffariElenco: OFFSET(#REF!,1,0,COUNT(#REF!),50)
Name ATO_tutte: #REF!
Name attività: #REF!
Name Bacini_Tariffari_Comuni: OFFSET(#REF!,1,0,COUNTA(#REF!)-1,4)
Name Bacini_Tariffari_Ricavi: OFFSET(#REF!,0,0,COUNTA(#REF!)-2,13)
Name BaciniTariffariElenco: OFFSET(#REF!,1,0,COUNTA(#REF!)-1,6)
Name cap_ds: #REF!
Name CARC: #REF!
Name cat_imm_nuovi_inv: #REF!
Name Cat_Immobilizzazione: #REF!
Name CategorieCespiti: #REF!
Name CCD: #REF!
Name cespiti_proprietari: OFFSET(#REF!,0,0,COUNTA(#REF!)-1,54)
Name CGG: #REF!
Name COal: #REF!
Name Codice_ARERA: #REF!
Name col_ACC: #REF!
Name col_CARC: #REF!
Name col_CCD: #REF!
Name col_CGG: #REF!
Name col_COal: #REF!
Name col_CRD: #REF!
Name col_CRT: #REF!
Name col_CSL: #REF!
Name col_CTR: #REF!
Name col_CTS: #REF!
Name ComIntestazione: #REF!
Name comp: 'Elenco analitico costi 2025'!$AB$39:$AE$48
Name comp: 'Elenco analitico costi 2024'!$AB$39:$AE$48
Name component: 'Elenco analitico costi 2024'!$G$31
Name Componente: INDEX(comp_costo8[],,MATCH('Elenco analitico costi 2025'!XFD1,'Elenco analitico costi 2025'!Tipo_costo, 0))
Name Componente: INDEX(comp_costo[],,MATCH('Elenco analitico costi 2024'!XFD1,[0]!Tipo_costo, 0))
Name Componente: INDEX(comp_costo[],,MATCH('Elenco analitico costi 2024'!XFD1,[0]!Tipo_costo, 0))
Name Componente: INDEX(comp_costo[],,MATCH('Elenco analitico costi 2024'!XFD1,Tipo_costo, 0))
Name Componente_dinamica: INDEX(componenti,,MATCH(#REF!,Comuni, 0))
Name Componente_dinamica_subentro: INDEX(componenti_subentro,,MATCH(#REF!,comuni_subentro, 0))
Name componenti: #REF!
Name componenti_subentro: #REF!
Name Comuni: #REF!
Name Comuni_ATO_elenco: OFFSET(#REF!,0,0,COUNTA(#REF!)-1,1)
Name comuni_subentro: #REF!
Name Corrispettivi_Proprietari: OFFSET(#REF!,0,0,COUNTA(#REF!)-1,29)
Name costo_sotteso: #REF!
Name CRD: #REF!
Name crono_gestionale: OFFSET(#REF!,1,0,COUNTA(#REF!)-1,28)
Name crono_investimenti: OFFSET(#REF!,1,0,COUNTA(#REF!)-1,63)
Name crono_pos: OFFSET(#REF!,1,0,COUNTA(#REF!)-1,COUNTA(#REF!))
Name CRT: #REF!
Name CSL: #REF!
Name CTR: #REF!
Name CTS: #REF!
Name DaCancellare: #REF!,#REF!,#REF!,#REF!,#REF!,#REF!,#REF!,#REF!,#REF!,#REF!,#REF!,#REF!,#REF!,#REF!,#REF!,#REF!,#REF!,#REF!,#REF!,#REF!,#REF!,#REF!
Name Dismissioni: OFFSET(#REF!,1,0,COUNTA(#REF!)-2,32)
Name elenco: #REF!
Name Elenco_Cespiti: INDEX(Categoria_Cespite[],,IN_Cespiti!XFB1)
Name Elenco_Cespiti: INDEX(Categoria_Cespite[],,IN_Cespiti!XFB1)
Name Elenco_Cespiti: INDEX(Categoria_Cespite[],,IN_Cespiti!XFB1)
Name Elenco_Cespiti: INDEX(Categoria_Cespite[],,IN_Cespiti!XFB1)

Sheet IN_Anagrafica
B1: Dati di input: Anagrafica operatori | O1: Legenda
P2: Cella da compilare
B3: Anagrafica 2026-2029 | P3: Cella con scelta da menu a tendina
O4: =IFERROR(VLOOKUP(B72,'Tab Gestori'!$E:$F,2,0),"") | P4: Cella bloccata
D5: Denominazione Ambito tariffario | G5: Regime Tariffario | P5: Cella non valorizzata
C6: Ambito tariffario | D6: Bagaladi | G6: TARI
N7: Attività regolate oggetto di affidamento
D8: Denominazione Gestori | G8: Partiva IVA gestore/ Codice ISTAT Comune | H8: ID ARERA | I8: Tipologia di affidamento [selezionare da menu a tendina la tipologia di affidamento] | J8: Gara ai sensi della del 596/2024/R/rif (SI/NO) | K8: Tipologia di offerta in caso di gara ai sensi dell'art. 9 dell'Allegato A del. 596/2024/R/rif | L8: Inizio affidamento (gg/mm/aaaa) | M8: Scadenza affidamento (gg/mm/aaaa) | N8: Spazzamento e Lavaggio Strade (SI/NO) | O8: Raccolta e trasporto dei rifiuti urbani (SI/NO) | P8: Trattamento e Recupero dei rifiuti urbani (SI/NO) | Q8: Trattamento e Smaltimento dei rifiuti urbani (SI/NO) | R8: Gestione tariffe e rapporti con gli utenti (SI/NO) | S8: Fuori perimetro (indicare eventuali attività fuori perimetro)
C9: Gestore 1 | H9: =IFERROR(VLOOKUP(G9,'Tab Gestori'!$E:$F,2,0),"")
C10: Gestore 2 | H10: =IFERROR(VLOOKUP(G10,'Tab Gestori'!$E:$F,2,0),"")
C11: Gestore 3 | H11: =IFERROR(VLOOKUP(G11,'Tab Gestori'!$E:$F,2,0),"")
C12: Comune | D12: =IF(+D6=0,"",D6) -> Bagaladi | G12: =IFERROR(VLOOKUP(D12,'Tab comuni'!$D$4:$E$260,2,FALSE),"") -> 80006 | H12: =IFERROR(VLOOKUP(D12,'Tab comuni'!$D$3:$F$407,3,0),"") -> 28151
I13: *Ai fini della compilazione del PEFA sono considerati affidamenti con gara sia gli affidamenti a terzi mediante procedura ad evidenza pubblica, sia affidamenti a società mista
C16: Richiesta dati relativi al canone contrattuale e corrispettivi erogati al gestore del servizio rifiuti
C19: Gestore | D19: Canone annualità 2024 | E19: Canone annualità 2025 | F19: Canone previsionale annualità 2026 | G19: Canone previsionale annualità 2026 | H19: Canone previsionale annualità 2027
C20: =IF(D9=0,"",D9)
C21: =IF(D10=0,"",D10)
C22: =IF(D11=0,"",D11)
D26: Criteri di aggiornamento del Canone
D27: Inserire nel box sottostante la descrizione delle clausole contrattuali relative alla revisione del canone: indicare i criteri di aggiornamento annuale previsti dal contratto vigente (es. indici ISTAT, parametri ARERA o formule di revisione prezzi).
C28: =IF(D9=0,"",D9)
C29: =IF(D10=0,"",D10)
C30: =IF(D11=0,"",D11)
C36: Dati di input di competenza dell'ETC: Livelli di qualità, obiettivi, schema regolatorio e coefficienti - periodo regolatorio 2026-2029
C38: Efficienza della gestione (anno-2) e Valutazione livello di qualità raggiunta nelle annualità (a-2) rispetto all'anno (a) del PEF
D41: Percentuale Raccolta Differenziata %RD (2024) | E41: Quantità di rifiuti prodotti [ton]: qa-2 (2024)
C46: Referenti
D50: Nome | G50: Mail | H50: Telefono | I50: Servizio
C51: Referente 1
C52: Referente 2
C53: Referente 3
C54: Referente 4

Sheet Foglio1
F5: Dato input ( da compilare)
F7: Menu a tendina
F9: Formula

Sheet Elenco analitico costi 2024
B1: Dati di input: DETTAGLIO RICAVI E IMPEGNI DI SPESA DEL COMUNE - ANNO 2024
B3: =CONCATENATE("","Elenco analitico costi: ", IN_Anagrafica!D6) -> Elenco analitico costi: Bagaladi
B5: Ricavi
B7: Descrizione ricavo | E7: Voce CEE | G7: Origine ricavo | I7: Importo (euro) (IVA esclusa) | J7: IVA (euro) | K7: Totale | L7: Note
B8: Entrate Tariffarie Anno A-2 | E8: A1) Ricavi delle vendite e delle prestazioni | K8: =SUM(I8:J8) -> 0
K9: =SUM(I9:J9) -> 0
K10: =SUM(I10:J10) -> 0
K11: =SUM(I11:J11) -> 0
K12: =SUM(I12:J12) -> 0
K13: =SUM(I13:J13) -> 0
K14: =SUM(I14:J14) -> 0
K15: =SUM(I15:J15) -> 0
K16: =SUM(I16:J16) -> 0
K17: =SUM(I17:J17) -> 0
K18: =SUM(I18:J18) -> 0
K19: =SUM(I19:J19) -> 0
K20: =SUM(I20:J20) -> 0
B27: Costi
B28: Descrizione spesa | C28: Riferimento capitolo di spesa | D28: Costo diretto/indiretto | E28: Voce CEE | F28: Categoria costo | G28: Componente tariffaria | H28: TV/TF | I28: Importo (euro) (IVA esclusa) | J28: IVA (euro) | K28: Totale | L28: Note (descrivere in particolare le modalità di attribuzione dei costi indiretti e/o comuni) | AB28: B6
F29: Costo operativo | H29: =IFERROR(VLOOKUP(G29,$AG$39:$AH$47,2,FALSE),"") | K29: =SUM(I29:J29) -> 0 | AB29: B7
F30: Costo operativo | H30: =IFERROR(VLOOKUP(G30,$AG$39:$AH$47,2,FALSE),"") | K30: =SUM(I30:J30) -> 0 | AB30: B8
F31: Costo operativo | H31: =IFERROR(VLOOKUP(G31,$AG$39:$AH$47,2,FALSE),"") | K31: =SUM(I31:J31) -> 0 | AB31: B9
F32: Costo operativo | H32: =IFERROR(VLOOKUP(G32,$AG$39:$AH$47,2,FALSE),"") | K32: =SUM(I32:J32) -> 0 | AB32: B10
F33: Costo operativo | H33: =IFERROR(VLOOKUP(G33,$AG$39:$AH$47,2,FALSE),"") | K33: =SUM(I33:J33) -> 0 | AB33: B11
F34: Costo operativo | H34: =IFERROR(VLOOKUP(G34,$AG$39:$AH$47,2,FALSE),"") | K34: =SUM(I34:J34) -> 0 | AB34: B14
F35: Costo operativo | H35: =IFERROR(VLOOKUP(G35,$AG$39:$AH$47,2,FALSE),"") | K35: =SUM(I35:J35) -> 0
F36: Costo operativo | H36: =IFERROR(VLOOKUP(G36,$AG$39:$AH$47,2,FALSE),"") | K36: =SUM(I36:J36) -> 0
F37: Costo operativo | H37: =IFERROR(VLOOKUP(G37,$AG$39:$AH$47,2,FALSE),"") | K37: =SUM(I37:J37) -> 0
F38: Costo operativo | H38: =IFERROR(VLOOKUP(G38,$AG$39:$AH$47,2,FALSE),"") | K38: =SUM(I38:J38) -> 0 | AB38: Costo operativo | AC38: Canone | AD38: Mutuo | AE38: Leasing
F39: Costo operativo | H39: =IFERROR(VLOOKUP(G39,$AG$39:$AH$47,2,FALSE),"") | K39: =SUM(I39:J39) -> 0 | AB39: CRTa | AC39: Proprietario 1 | AD39: Proprietario 1 | AE39: Leasing | AG39: CRTa | AH39: TV
F40: Costo operativo | H40: =IFERROR(VLOOKUP(G40,$AG$39:$AH$47,2,FALSE),"") | K40: =SUM(I40:J40) -> 0 | AB40: CTSa | AC40: Proprietario 2 | AD40: Proprietario 2 | AG40: CTSa | AH40: TV
F41: Costo operativo | H41: =IFERROR(VLOOKUP(G41,$AG$39:$AH$47,2,FALSE),"") | K41: =SUM(I41:J41) -> 0 | AB41: CTRa | AC41: Proprietario 3 | AD41: Proprietario 3 | AG41: CTRa | AH41: TV
F42: Costo operativo | H42: =IFERROR(VLOOKUP(G42,$AG$39:$AH$47,2,FALSE),"") | K42: =SUM(I42:J42) -> 0 | AB42: CRDa | AG42: CRDa | AH42: TV
F43: Costo operativo | H43: =IFERROR(VLOOKUP(G43,$AG$39:$AH$47,2,FALSE),"") | K43: =SUM(I43:J43) -> 0 | AB43: CSLa | AG43: CSLa | AH43: TF
F44: Costo operativo | H44: =IFERROR(VLOOKUP(G44,$AG$39:$AH$47,2,FALSE),"") | K44: =SUM(I44:J44) -> 0 | AB44: CARCa | AG44: CARCa | AH44: TF
F45: Costo operativo | H45: =IFERROR(VLOOKUP(G45,$AG$39:$AH$47,2,FALSE),"") | K45: =SUM(I45:J45) -> 0 | AB45: CGGa | AG45: CGGa | AH45: TF
F46: Costo operativo | H46: =IFERROR(VLOOKUP(G46,$AG$39:$AH$47,2,FALSE),"") | K46: =SUM(I46:J46) -> 0 | AB46: CCDa | AG46: CCDa | AH46: TF
F47: Costo operativo | H47: =IFERROR(VLOOKUP(G47,$AG$39:$AH$47,2,FALSE),"") | K47: =SUM(I47:J47) -> 0 | AB47: COAL,a | AG47: COAL,a | AH47: TF
F48: Costo operativo | H48: =IFERROR(VLOOKUP(G48,$AG$39:$AH$47,2,FALSE),"") | K48: =SUM(I48:J48) -> 0
F49: Costo operativo | H49: =IFERROR(VLOOKUP(G49,$AG$39:$AH$47,2,FALSE),"") | K49: =SUM(I49:J49) -> 0
F50: Costo operativo | H50: =IFERROR(VLOOKUP(G50,$AG$39:$AH$47,2,FALSE),"") | K50: =SUM(I50:J50) -> 0
F51: Costo operativo | H51: =IFERROR(VLOOKUP(G51,$AG$39:$AH$47,2,FALSE),"") | K51: =SUM(I51:J51) -> 0
F52: Costo operativo | H52: =IFERROR(VLOOKUP(G52,$AG$39:$AH$47,2,FALSE),"") | K52: =SUM(I52:J52) -> 0
F53: Costo operativo | H53: =IFERROR(VLOOKUP(G53,$AG$39:$AH$47,2,FALSE),"") | K53: =SUM(I53:J53) -> 0
F54: Costo operativo | H54: =IFERROR(VLOOKUP(G54,$AG$39:$AH$47,2,FALSE),"") | K54: =SUM(I54:J54) -> 0
F55: Costo operativo | H55: =IFERROR(VLOOKUP(G55,$AG$39:$AH$47,2,FALSE),"") | K55: =SUM(I55:J55) -> 0
F56: Costo operativo | H56: =IFERROR(VLOOKUP(G56,$AG$39:$AH$47,2,FALSE),"") | K56: =SUM(I56:J56) -> 0
F57: Costo operativo | H57: =IFERROR(VLOOKUP(G57,$AG$39:$AH$47,2,FALSE),"") | K57: =SUM(I57:J57) -> 0
F58: Costo operativo | H58: =IFERROR(VLOOKUP(G58,$AG$39:$AH$47,2,FALSE),"") | K58: =SUM(I58:J58) -> 0
F59: Costo operativo | H59: =IFERROR(VLOOKUP(G59,$AG$39:$AH$47,2,FALSE),"") | K59: =SUM(I59:J59) -> 0
... F68: Costo operativo | H68: =IFERROR(VLOOKUP(G68,$AG$39:$AH$47,2,FALSE),"") | K68: =SUM(I68:J68) -> 0
B71: Accantonamenti
C73: Acc costi di gestione post-operativa delle discariche | D73: Acc relativi ai crediti | E73: Acc per rischi e oneri previsti da normativa di settore e/o dal contratto di affidamento | F73: Acc per altri non in eccesso rispetto a norme tributarie
B74: B10d (da c. 16.2 MTR-3)
B75: B12 - Accantonamento per rischi, nella misura massima ammessa dalle leggi e prassi fiscali
B76: B13 - Altri accantonamenti
B79: FCDE
B80: importo FCDE di cui al punto 3.3 dell’allegato n. 4/2 al decreto legislativo 118/11
B81: Percentuale imputazione tariffaria (max 60%)
B82: Importo ammesso a copertura tariffaria | C82: =+C80*C81 -> 0
B86: Poste rettificative capitale investito:
B87: di cui TFR
B88: di cui fondi rischi e oneri
B89: di cui fondi per il ripristino di beni di terzi
B91: Attenzione! Occorre valorizzare le poste rettificative del capitale investito unicamente nel caso in cui il Comune possieda cespiti valorizzati ai sensi dell'MTR

Sheet Elenco analitico costi 2025
B1: Dati di input: DETTAGLIO RICAVI E IMPEGNI DI SPESA DEL COMUNE - ANNO 2025
B3: =CONCATENATE("","Elenco analitico costi: ", IN_Anagrafica!D6) -> Elenco analitico costi: Bagaladi
B5: Ricavi
B7: Descrizione Ricavo | E7: Voce CEE | G7: Origine ricavo | H7: Importo (euro) (IVA esclusa) | I7: IVA (euro) | K7: Totale | L7: Note
B8: Entrate Tariffarie Anno A-2 | E8: A1) Ricavi delle vendite e delle prestazioni | K8: =SUM(H8:J8) -> 0
K9: =SUM(H9:J9) -> 0
K10: =SUM(H10:J10) -> 0
K11: =SUM(H11:J11) -> 0
K12: =SUM(H12:J12) -> 0
K13: =SUM(H13:J13) -> 0
K14: =SUM(H14:J14) -> 0
K15: =SUM(H15:J15) -> 0
K16: =SUM(H16:J16) -> 0
K17: =SUM(H17:J17) -> 0
K18: =SUM(H18:J18) -> 0
K19: =SUM(H19:J19) -> 0
K20: =SUM(H20:J20) -> 0
B27: Costi
B28: Descrizione spesa | C28: Riferimento capitolo di spesa | D28: Costo diretto/indiretto | E28: Voce CEE | F28: Categoria costo | G28: Componente tariffaria | H28: TV/TF | I28: Importo (euro) (IVA esclusa) | J28: IVA (euro) | K28: Totale | L28: Note (descrivere in particolare le modalità di attribuzione dei costi indiretti e/o comuni) | AB28: B6
F29: Costo operativo | H29: =IFERROR(VLOOKUP(G29,$AG$39:$AH$47,2,FALSE),"") | K29: =SUM(I29:J29) -> 0 | AB29: B7
F30: Costo operativo | H30: =IFERROR(VLOOKUP(G30,$AG$39:$AH$47,2,FALSE),"") | K30: =SUM(I30:J30) -> 0 | AB30: B8
F31: Costo operativo | H31: =IFERROR(VLOOKUP(G31,$AG$39:$AH$47,2,FALSE),"") | K31: =SUM(I31:J31) -> 0 | AB31: B9
F32: Costo operativo | H32: =IFERROR(VLOOKUP(G32,$AG$39:$AH$47,2,FALSE),"") | K32: =SUM(I32:J32) -> 0 | AB32: B10
F33: Costo operativo | H33: =IFERROR(VLOOKUP(G33,$AG$39:$AH$47,2,FALSE),"") | K33: =SUM(I33:J33) -> 0 | AB33: B11
F34: Costo operativo | H34: =IFERROR(VLOOKUP(G34,$AG$39:$AH$47,2,FALSE),"") | K34: =SUM(I34:J34) -> 0 | AB34: B14
F35: Costo operativo | H35: =IFERROR(VLOOKUP(G35,$AG$39:$AH$47,2,FALSE),"") | K35: =SUM(I35:J35) -> 0
F36: Costo operativo | H36: =IFERROR(VLOOKUP(G36,$AG$39:$AH$47,2,FALSE),"") | K36: =SUM(I36:J36) -> 0
F37: Costo operativo | H37: =IFERROR(VLOOKUP(G37,$AG$39:$AH$47,2,FALSE),"") | K37: =SUM(I37:J37) -> 0
F38: Costo operativo | H38: =IFERROR(VLOOKUP(G38,$AG$39:$AH$47,2,FALSE),"") | K38: =SUM(I38:J38) -> 0 | AB38: Costo operativo | AC38: Canone | AD38: Mutuo | AE38: Leasing
F39: Costo operativo | H39: =IFERROR(VLOOKUP(G39,$AG$39:$AH$47,2,FALSE),"") | K39: =SUM(I39:J39) -> 0 | AB39: CRTa | AC39: Proprietario 1 | AD39: Proprietario 1 | AE39: Leasing | AG39: CRTa | AH39: TV
F40: Costo operativo | H40: =IFERROR(VLOOKUP(G40,$AG$39:$AH$47,2,FALSE),"") | K40: =SUM(I40:J40) -> 0 | AB40: CTSa | AC40: Proprietario 2 | AD40: Proprietario 2 | AG40: CTSa | AH40: TV
F41: Costo operativo | H41: =IFERROR(VLOOKUP(G41,$AG$39:$AH$47,2,FALSE),"") | K41: =SUM(I41:J41) -> 0 | AB41: CTRa | AC41: Proprietario 3 | AD41: Proprietario 3 | AG41: CTRa | AH41: TV
F42: Costo operativo | H42: =IFERROR(VLOOKUP(G42,$AG$39:$AH$47,2,FALSE),"") | K42: =SUM(I42:J42) -> 0 | AB42: CRDa | AG42: CRDa | AH42: TV
F43: Costo operativo | H43: =IFERROR(VLOOKUP(G43,$AG$39:$AH$47,2,FALSE),"") | K43: =SUM(I43:J43) -> 0 | AB43: CSLa | AG43: CSLa | AH43: TF
F44: Costo operativo | H44: =IFERROR(VLOOKUP(G44,$AG$39:$AH$47,2,FALSE),"") | K44: =SUM(I44:J44) -> 0 | AB44: CARCa | AG44: CARCa | AH44: TF
F45: Costo operativo | H45: =IFERROR(VLOOKUP(G45,$AG$39:$AH$47,2,FALSE),"") | K45: =SUM(I45:J45) -> 0 | AB45: CGGa | AG45: CGGa | AH45: TF
F46: Costo operativo | H46: =IFERROR(VLOOKUP(G46,$AG$39:$AH$47,2,FALSE),"") | K46: =SUM(I46:J46) -> 0 | AB46: CCDa | AG46: CCDa | AH46: TF
F47: Costo operativo | H47: =IFERROR(VLOOKUP(G47,$AG$39:$AH$47,2,FALSE),"") | K47: =SUM(I47:J47) -> 0 | AB47: COAL,a | AG47: COAL,a | AH47: TF
F48: Costo operativo | H48: =IFERROR(VLOOKUP(G48,$AG$39:$AH$47,2,FALSE),"") | K48: =SUM(I48:J48) -> 0
F49: Costo operativo | H49: =IFERROR(VLOOKUP(G49,$AG$39:$AH$47,2,FALSE),"") | K49: =SUM(I49:J49) -> 0
F50: Costo operativo | H50: =IFERROR(VLOOKUP(G50,$AG$39:$AH$47,2,FALSE),"") | K50: =SUM(I50:J50) -> 0
F51: Costo operativo | H51: =IFERROR(VLOOKUP(G51,$AG$39:$AH$47,2,FALSE),"") | K51: =SUM(I51:J51) -> 0
F52: Costo operativo | H52: =IFERROR(VLOOKUP(G52,$AG$39:$AH$47,2,FALSE),"") | K52: =SUM(I52:J52) -> 0
F53: Costo operativo | H53: =IFERROR(VLOOKUP(G53,$AG$39:$AH$47,2,FALSE),"") | K53: =SUM(I53:J53) -> 0
F54: Costo operativo | H54: =IFERROR(VLOOKUP(G54,$AG$39:$AH$47,2,FALSE),"") | K54: =SUM(I54:J54) -> 0
F55: Costo operativo | H55: =IFERROR(VLOOKUP(G55,$AG$39:$AH$47,2,FALSE),"") | K55: =SUM(I55:J55) -> 0
F56: Costo operativo | H56: =IFERROR(VLOOKUP(G56,$AG$39:$AH$47,2,FALSE),"") | K56: =SUM(I56:J56) -> 0
F57: Costo operativo | H57: =IFERROR(VLOOKUP(G57,$AG$39:$AH$47,2,FALSE),"") | K57: =SUM(I57:J57) -> 0
F58: Costo operativo | H58: =IFERROR(VLOOKUP(G58,$AG$39:$AH$47,2,FALSE),"") | K58: =SUM(I58:J58) -> 0
F59: Costo operativo | H59: =IFERROR(VLOOKUP(G59,$AG$39:$AH$47,2,FALSE),"") | K59: =SUM(I59:J59) -> 0
... F68: Costo operativo | H68: =IFERROR(VLOOKUP(G68,$AG$39:$AH$47,2,FALSE),"") | K68: =SUM(I68:J68) -> 0
B71: Accantonamenti
C73: Acc costi di gestione post-operativa delle discariche | D73: Acc relativi ai crediti | E73: Acc per rischi e oneri previsti da normativa di settore e/o dal contratto di affidamento | F73: Acc per altri non in eccesso rispetto a norme tributarie
B74: B10d (da c. 16.2 MTR-3)
B75: B12 - Accantonamento per rischi, nella misura massima ammessa dalle leggi e prassi fiscali
B76: B13 - Altri accantonamenti
B79: FCDE
B80: importo FCDE di cui al punto 3.3 dell’allegato n. 4/2 al decreto legislativo 118/11
B81: Percentuale imputazione tariffaria (max 60%)
B82: Importo ammesso a copertura tariffaria | C82: =+C80*C81 -> 0
B86: Poste rettificative capitale investito:
B87: di cui TFR
B88: di cui fondi rischi e oneri
B89: di cui fondi per il ripristino di beni di terzi
B91: Attenzione! Occorre valorizzare le poste rettificative del capitale investito unicamente nel caso in cui il Comune possieda cespiti valorizzati ai sensi dell'MTR

Sheet IN_RC_ANT
B1: Dati di input - Controllo Costi Previsionali ANTICIPAZIONI 2024-2025
B3: Controllo costi previsionali 2024-2025
B4: Costi previsionali valorizzati nelle annualità 2024-2025
B6: Valori previsionali inseriti nel PEF | C6: 2024 | G6: 2025
B7: Costi previsionali parte variabile | C7: =+IN_Anagrafica!$D$9 -> 0 | D7: =+IN_Anagrafica!$D$10 -> 0 | E7: =+IN_Anagrafica!$D$11 -> 0 | F7: =+IN_Anagrafica!$D$12 -> Bagaladi | G7: =+C7 -> 0 | H7: =+D7 -> 0 | I7: =+E7 -> 0 | J7: =+F7 -> Bagaladi
B8: CTS∆,expTV,a
B9: COexp,116,TV,a
B10: CQexpTV,a
B11: COANTTV,a
B14: Valori previsionali inseriti nel PEF | C14: 2024 | G14: 2025
B15: Costi previsionali parte fissa | C15: =+C$7 -> 0 | D15: =+D$7 -> 0 | E15: =+E$7 -> 0 | F15: =+F$7 -> Bagaladi | G15: =+G$7 -> 0 | H15: =+H$7 -> 0 | I15: =+I$7 -> 0 | J15: =+J$7 -> Bagaladi
B16: COexp,116,TF,a
B17: CQexpTF,a
B18: COANTTF,a
B21: Costi effettivamente sostenuti nelle annualità 2024-2025
B23: Valori da bilancio di esercizio | C23: 2024 | G23: 2025
B24: Valori effettivamente sostenuti parte variabile | C24: =+C$7 -> 0 | D24: =+D$7 -> 0 | E24: =+E$7 -> 0 | F24: =+F$7 -> Bagaladi | G24: =+G$7 -> 0 | H24: =+H$7 -> 0 | I24: =+I$7 -> 0 | J24: =+J$7 -> Bagaladi
B25: CTS∆TV,a
B26: CO116,TV,a
B27: CQTV,a
B28: COANTTV,a
B31: Valori da bilancio di esercizio | C31: 2024 | G31: 2025
B32: Valori effettivamente sostenuti parte fissa | C32: =+C$7 -> 0 | D32: =+D$7 -> 0 | E32: =+E$7 -> 0 | F32: =+F$7 -> Bagaladi | G32: =+G$7 -> 0 | H32: =+H$7 -> 0 | I32: =+I$7 -> 0 | J32: =+J$7 -> Bagaladi
B33: CO116,TF,a
B34: CQTF,a
B37: Determinazione Poste Rettificative e componenti a conguaglio legate ai CTS∆ - Compilabili in fase di aggiornamento biennale
B44: Determinazione Poste Rettificative e componenti a conguaglio legate ai CO116
K46: 2026 | O46: 2027
B47: Calcolo Poste Rettificative e Componente a conguaglio CO116 | K47: =+IN_Anagrafica!$D$9 -> 0 | L47: =+IN_Anagrafica!$D$10 -> 0 | M47: =+IN_Anagrafica!$D$11 -> 0 | N47: =+IN_Anagrafica!$D$12 -> Bagaladi | O47: =+IN_Anagrafica!$D$9 -> 0 | P47: =+IN_Anagrafica!$D$10 -> 0 | Q47: =+IN_Anagrafica!$D$11 -> 0 | R47: =+IN_Anagrafica!$D$12 -> Bagaladi
B48: Posta rettificativa legata ai CO116 TV (art. 8.3 MTR-3) | K48: =+C26*(-1) -> 0 | L48: =+D26*(-1) -> 0 | M48: =+E26*(-1) -> 0 | N48: =+F26*(-1) -> 0 | O48: =+G26*(-1) -> 0 | P48: =+H26*(-1) -> 0 | Q48: =+I26*(-1) -> 0 | R48: =+J26*(-1) -> 0
B49: Posta rettificativa legata ai CO116 TF (art. 8.3 MTR-3) | K49: =+C33*(-1) -> 0 | L49: =+D33*(-1) -> 0 | M49: =+E33*(-1) -> 0 | N49: =+F33*(-1) -> 0 | O49: =+G33*(-1) -> 0 | P49: =+H33*(-1) -> 0 | Q49: =+I33*(-1) -> 0 | R49: =+J33*(-1) -> 0
B50: Totale Poste Rettificative CO116 | K50: =+SUM(K48:K49) -> 0 | L50: =+SUM(L48:L49) -> 0 | M50: =+SUM(M48:M49) -> 0 | N50: =+SUM(N48:N49) -> 0 | O50: =+SUM(O48:O49) -> 0 | P50: =+SUM(P48:P49) -> 0 | Q50: =+SUM(Q48:Q49) -> 0 | R50: =+SUM(R48:R49) -> 0
B51: Componente a conguaglio - quota variabile | K51: =+(C9-C26)*(-1) -> 0 | L51: =(D9-D26)*(-1) -> 0 | M51: =(E9-E26)*(-1) -> 0 | N51: =(F9-F26)*(-1) -> 0 | O51: =(G9-G26)*(-1) -> 0 | P51: =(H9-H26)*(-1) -> 0 | Q51: =(I9-I26)*(-1) -> 0 | R51: =(J9-J26)*(-1) -> 0
B52: Componente a conguaglio - quota fissa | K52: =(C16-C33)*(-1) -> 0 | L52: =(D16-D33)*(-1) -> 0 | M52: =(E16-E33)*(-1) -> 0 | N52: =(F16-F33)*(-1) -> 0 | O52: =+(G16-G33)*(-1) -> 0 | P52: =(H16-H33)*(-1) -> 0 | Q52: =(I16-I33)*(-1) -> 0 | R52: =(J16-J33)*(-1) -> 0
B53: Totale Componente a conguaglio | K53: =+SUM(K51:K52) -> 0 | L53: =+SUM(L51:L52) -> 0 | M53: =+SUM(M51:M52) -> 0 | N53: =+SUM(N51:N52) -> 0 | O53: =+SUM(O51:O52) -> 0 | P53: =+SUM(P51:P52) -> 0 | Q53: =+SUM(Q51:Q52) -> 0 | R53: =+SUM(R51:R52) -> 0
B55: Determinazione Poste Rettificative e componenti a conguaglio legate ai CQ
K57: 2026 | O57: 2027
B58: Calcolo Poste Rettificative e Componente a conguaglio CQ a favore utenza | K58: =+IN_Anagrafica!$D$9 -> 0 | L58: =+IN_Anagrafica!$D$10 -> 0 | M58: =+IN_Anagrafica!$D$11 -> 0 | N58: =+IN_Anagrafica!$D$12 -> Bagaladi | O58: =+IN_Anagrafica!$D$9 -> 0 | P58: =+IN_Anagrafica!$D$10 -> 0 | Q58: =+IN_Anagrafica!$D$11 -> 0 | R58: =+IN_Anagrafica!$D$12 -> Bagaladi
B59: Posta rettificativa legata ai CQ TV (art. 8.3 MTR-3) | K59: =+C27*(-1) -> 0 | L59: =+D27*(-1) -> 0 | M59: =+E27*(-1) -> 0 | N59: =+F27*(-1) -> 0 | O59: =+G27*(-1) -> 0 | P59: =+H27*(-1) -> 0 | Q59: =+I27*(-1) -> 0 | R59: =+J27*(-1) -> 0
B60: Posta rettificativa legata ai CQ TF (art. 8.3 MTR-3) | K60: =+C34*(-1) -> 0 | L60: =+D34*(-1) -> 0 | M60: =+E34*(-1) -> 0 | N60: =+F34*(-1) -> 0 | O60: =+G34*(-1) -> 0 | P60: =+H34*(-1) -> 0 | Q60: =+I34*(-1) -> 0 | R60: =+J34*(-1) -> 0
B61: Totale Poste Rettificative CQ | K61: =+SUM(K59:K60) -> 0 | L61: =+SUM(L59:L60) -> 0 | M61: =+SUM(M59:M60) -> 0 | N61: =+SUM(N59:N60) -> 0 | O61: =+SUM(O59:O60) -> 0 | P61: =+SUM(P59:P60) -> 0 | Q61: =+SUM(Q59:Q60) -> 0 | R61: =+SUM(R59:R60) -> 0
B62: Componente a conguaglio a favore Utenza - quota variabile | K62: =+IF((C10-C27)>0,(C10-C27)*(-1),0) -> 0 | L62: =+IF((D10-D27)>0,(D10-D27)*(-1),0) -> 0 | M62: =+IF((E10-E27)>0,(E10-E27)*(-1),0) -> 0 | N62: =+IF((F10-F27)>0,(F10-F27)*(-1),0) -> 0 | O62: =+IF((G10-G27)>0,(G10-G27)*(-1),0) -> 0 | P62: =+IF((H10-H27)>0,(H10-H27)*(-1),0) -> 0 | Q62: =+IF((I10-I27)>0,(I10-I27)*(-1),0) -> 0 | R62: =+IF((J10-J27)>0,(J10-J27)*(-1),0) -> 0
B63: Componente a conguaglio a favore Utenza - quota fissa | K63: =+IF((C17-C34)>0,(C17-C34)*(-1),0) -> 0 | L63: =+IF((D17-D34)>0,(D17-D34)*(-1),0) -> 0 | M63: =+IF((E17-E34)>0,(E17-E34)*(-1),0) -> 0 | N63: =+IF((F17-F34)>0,(F17-F34)*(-1),0) -> 0 | O63: =+IF((G17-G34)>0,(G17-G34)*(-1),0) -> 0 | P63: =+IF((H17-H34)>0,(H17-H34)*(-1),0) -> 0 | Q63: =+IF((I17-I34)>0,(I17-I34)*(-1),0) -> 0 | R63: =+IF((J17-J34)>0,(J17-J34)*(-1),0) -> 0
B64: Totale Componente a conguaglio | K64: =+SUM(K62:K63) -> 0 | L64: =+SUM(L62:L63) -> 0 | M64: =+SUM(M62:M63) -> 0 | N64: =+SUM(N62:N63) -> 0 | O64: =+SUM(O62:O63) -> 0 | P64: =+SUM(P62:P63) -> 0 | Q64: =+SUM(Q62:Q63) -> 0 | R64: =+SUM(R62:R63) -> 0
B66: Determinazione Poste Rettificative legate ai COANT - Compilabili in fase di aggiornamento biennale
B75: Poste rettificative da considerare nel calcolo dell'indicatore H
B77: I dati di input relativi alle singole componenti tariffarie inserite nei vari fogli IN_BIL sono già al netto delle poste rettificative di cui all'art. 8.3 MTR-3; pertanto, ai fini del calcolo dell'indicatore H di partenza, laddove siano stati valorizzati costi previsionali perl'annualità 2024, è necessario indicare la percentuale di costi attribuibili alla componente CRDsc_si che è stata scomputata come posta rettificativa. Tale valore verrà automaticamente sommato nelle celle C41 e C49 del foglio IN_calcolo H | K77: 2026
K78: =+IN_Anagrafica!$D$9 -> 0 | L78: =+IN_Anagrafica!$D$10 -> 0 | M78: =+IN_Anagrafica!$D$11 -> 0 | N78: =+IN_Anagrafica!$D$12 -> Bagaladi
B79: quota parte delle poste rettificative relative ai CO116 attribuibile a CRDsc_si (esprimere una percentuale)
B80: quota parte delle poste rettificative relative ai CQ attribuibile a CRDsc_si (esprimere una percentuale)
K83: 2026
B84: Poste rettificative relative attribuibili al CRDsc_si | K84: =+IN_Anagrafica!$D$9 -> 0 | L84: =+IN_Anagrafica!$D$10 -> 0 | M84: =+IN_Anagrafica!$D$11 -> 0 | N84: =+IN_Anagrafica!$D$12 -> Bagaladi
B85: Poste rettificative relative ai CO116 attribuibili al CRDsc_si | K85: =+K50*K79*(-1) -> 0 | L85: =+L50*L79*(-1) -> 0 | M85: =+M50*M79*(-1) -> 0 | N85: =+N50*N79*(-1) -> 0
B86: Poste rettificative relative ai CQ attribuibili al CRDsc_si | K86: =+K61*K80*(-1) -> 0 | L86: =+L61*L80*(-1) -> 0 | M86: =+M61*M80*(-1) -> 0 | N86: =+N61*N80*(-1) -> 0
B88: Totale poste rettificative ANT attribuibili al CRDsc_si | K88: =+K86+K85 -> 0 | L88: =+L86+L85 -> 0 | M88: =+M86+M85 -> 0 | N88: =+N86+N85 -> 0

Sheet IN_RC_CO_INC
B1: Dati di input - Controllo Costi Previsionali Incentivanti valorizzati nell'aggiornamento delle predisposizioni tariffarie 2024-2025
B4: Sintesi Poste Rettificative e Conguagli relativi ai COI per gestore ai fini della determinazione del PEF 2026-2029
C6: 2024 | D6: 2024 | E6: 2024 | F6: 2024 | G6: 2025 | H6: 2025 | I6: 2025 | J6: 2025
C7: 2026 | G7: 2027 | L7: Nota: La compilazione avviene in modo automatico, una volta compilata la Tabella presente alla riga 35
B8: Calcolo Poste Rettificative e Componente a conguaglio COI a favore utenza | C8: =+IN_Anagrafica!$D$9 -> 0 | D8: =+IN_Anagrafica!$D$10 -> 0 | E8: =+IN_Anagrafica!$D$11 -> 0 | F8: =+IN_Anagrafica!$D$12 -> Bagaladi | G8: =+IN_Anagrafica!$D$10 -> 0 | H8: =+IN_Anagrafica!$D$9 -> 0 | I8: =+IN_Anagrafica!$D$11 -> 0 | J8: =+IN_Anagrafica!$D$12 -> Bagaladi
B9: Posta rettificativa legata ai COITV (art. 8.3 MTR-3) | C9: =+SUMIFS($L$37:$L$97,$B$37:$B$97,C$8,$C$37:$C$97,C$6) -> 0 | D9: =+SUMIFS($L$37:$L$97,$B$37:$B$97,D$8,$C$37:$C$97,D$6) -> 0 | E9: =+SUMIFS($L$37:$L$97,$B$37:$B$97,E$8,$C$37:$C$97,E$6) -> 0 | F9: =+SUMIFS($L$37:$L$97,$B$37:$B$97,F$8,$C$37:$C$97,F$6) -> 0 | G9: =+SUMIFS($L$37:$L$97,$B$37:$B$97,G$8,$C$37:$C$97,G$6) -> 0 | H9: =+SUMIFS($L$37:$L$97,$B$37:$B$97,H$8,$C$37:$C$97,H$6) -> 0 | I9: =+SUMIFS($L$37:$L$97,$B$37:$B$97,I$8,$C$37:$C$97,I$6) -> 0 | J9: =+SUMIFS($L$37:$L$97,$B$37:$B$97,J$8,$C$37:$C$97,J$6) -> 0
B10: Posta rettificativa legata ai COI TF (art. 8.3 MTR-3) | C10: =+SUMIFS($M$37:$M$97,$B$37:$B$97,C$8,$C$37:$C$97,C$6) -> 0 | D10: =+SUMIFS($M$37:$M$97,$B$37:$B$97,D$8,$C$37:$C$97,D$6) -> 0 | E10: =+SUMIFS($M$37:$M$97,$B$37:$B$97,E$8,$C$37:$C$97,E$6) -> 0 | F10: =+SUMIFS($M$37:$M$97,$B$37:$B$97,F$8,$C$37:$C$97,F$6) -> 0 | G10: =+SUMIFS($M$37:$M$97,$B$37:$B$97,G$8,$C$37:$C$97,G$6) -> 0 | H10: =+SUMIFS($M$37:$M$97,$B$37:$B$97,H$8,$C$37:$C$97,H$6) -> 0 | I10: =+SUMIFS($M$37:$M$97,$B$37:$B$97,I$8,$C$37:$C$97,I$6) -> 0 | J10: =+SUMIFS($M$37:$M$97,$B$37:$B$97,J$8,$C$37:$C$97,J$6) -> 0
B11: Totale Poste Rettificative COI | C11: =+SUM(C9:C10) -> 0 | D11: =+SUM(D9:D10) -> 0 | E11: =+SUM(E9:E10) -> 0 | F11: =+SUM(F9:F10) -> 0 | G11: =+SUM(G9:G10) -> 0 | H11: =+SUM(H9:H10) -> 0 | I11: =+SUM(I9:I10) -> 0 | J11: =+SUM(J9:J10) -> 0
B12: Componente a conguaglio a favore Utenza - quota variabile | C12: =+SUMIFS($O$37:$O$97,$B$37:$B$97,C$8,$C$37:$C$97,C$6) -> 0 | D12: =+SUMIFS($O$37:$O$97,$B$37:$B$97,D$8,$C$37:$C$97,D$6) -> 0 | E12: =+SUMIFS($O$37:$O$97,$B$37:$B$97,E$8,$C$37:$C$97,E$6) -> 0 | F12: =+SUMIFS($O$37:$O$97,$B$37:$B$97,F$8,$C$37:$C$97,F$6) -> 0 | G12: =+SUMIFS($O$37:$O$97,$B$37:$B$97,G$8,$C$37:$C$97,G$6) -> 0 | H12: =+SUMIFS($O$37:$O$97,$B$37:$B$97,H$8,$C$37:$C$97,H$6) -> 0 | I12: =+SUMIFS($O$37:$O$97,$B$37:$B$97,I$8,$C$37:$C$97,I$6) -> 0 | J12: =+SUMIFS($O$37:$O$97,$B$37:$B$97,J$8,$C$37:$C$97,J$6) -> 0
B13: Componente a conguaglio a favore Utenza - quota fissa | C13: =+SUMIFS($P$37:$P$97,$B$37:$B$97,C$8,$C$37:$C$97,C$6) -> 0 | D13: =+SUMIFS($P$37:$P$97,$B$37:$B$97,D$8,$C$37:$C$97,D$6) -> 0 | E13: =+SUMIFS($P$37:$P$97,$B$37:$B$97,E$8,$C$37:$C$97,E$6) -> 0 | F13: =+SUMIFS($P$37:$P$97,$B$37:$B$97,F$8,$C$37:$C$97,F$6) -> 0 | G13: =+SUMIFS($P$37:$P$97,$B$37:$B$97,G$8,$C$37:$C$97,G$6) -> 0 | H13: =+SUMIFS($P$37:$P$97,$B$37:$B$97,H$8,$C$37:$C$97,H$6) -> 0 | I13: =+SUMIFS($P$37:$P$97,$B$37:$B$97,I$8,$C$37:$C$97,I$6) -> 0 | J13: =+SUMIFS($P$37:$P$97,$B$37:$B$97,J$8,$C$37:$C$97,J$6) -> 0
B14: Totale Componente a conguaglio | C14: =+SUM(C12:C13) -> 0 | D14: =+SUM(D12:D13) -> 0 | E14: =+SUM(E12:E13) -> 0 | F14: =+SUM(F12:F13) -> 0 | G14: =+SUM(G12:G13) -> 0 | H14: =+SUM(H12:H13) -> 0 | I14: =+SUM(I12:I13) -> 0 | J14: =+SUM(J12:J13) -> 0
B18: Poste rettificative connesse ai COI da considerare nel calcolo dell'indicatore H
B20: I dati di input relativi alle singole componenti tariffarie inserite nei vari fogli IN_BIL sono già al netto delle poste rettificative di cui all'art. 8.3 del MTR-3; pertanto, ai fini del calcolo dell'indicatore H di partenza, laddove siano stati valorizzati costi previsionali per le annualità 2024, è necessario indicare la percentuale di costi attribuibili alla componente CRDsc_si che è stata scomputata come posta rettificativa. Tale valore verrà automaticamente sommato nelle celle C41 e C49 del foglio IN_calcolo H
C22: 2026
C23: =+IN_Anagrafica!$D$9 -> 0 | D23: =+IN_Anagrafica!$D$10 -> 0 | E23: =+IN_Anagrafica!$D$11 -> 0 | F23: =+IN_Anagrafica!$D$12 -> Bagaladi
B24: quota parte delle poste rettificative relative ai COI attribuibile a CRDsc_si (esprimere una percentuale)
C26: 2026
B27: Poste rettificative relative attribuibili al CRDsc_si | C27: =+IN_Anagrafica!$D$10 -> 0 | D27: =+IN_Anagrafica!$D$9 -> 0 | E27: =+IN_Anagrafica!$D$11 -> 0 | F27: =+IN_Anagrafica!$D$12 -> Bagaladi
B28: Totale poste rettificative legate ai Costi incentivanti attribuibili al CRDsc_si | C28: =+IN_RC_CO_INC!C24*IN_RC_CO_INC!C11*(-1) -> 0 | D28: =+IN_RC_CO_INC!D24*IN_RC_CO_INC!D11*(-1) -> 0 | E28: =+IN_RC_CO_INC!E24*IN_RC_CO_INC!E11*(-1) -> 0 | F28: =+IN_RC_CO_INC!F24*IN_RC_CO_INC!F11*(-1) -> 0
B32: Compilare la seguente tabella per COI valorizzati nelle annualità 2024 e 2025
D35: Valori previsionali inseriti nei PEF 2024-2025 agg | F35: Valori da bilancio di esercizio 2024-2025 - Costi effettivamente sostenuti | H35: Verifica del raggiungimento degli obiettivi | J35: In caso di obiettivo non raggiunto, indicare la distanza tra obiettivo fissato e obiettivo raggiunto (in % <100%) | L35: Calcolo Poste Rettificative (art. 8.3 MTR-3) da apportare ai costi riconosciuti 2024-2025 per il calcolo delle entrate tariffarie 2026-2029 | O35: Calcolo Conguagli (artt. 19 e 20 MTR-3)
B36: Gestore che ha valorizzato i COI nelle annualità 2024-2025 | C36: Anno PEF [2024-2025] | D36: COIexpTV,a | E36: COIexpTF,a | F36: COITV,a | G36: COITF,a | H36: obiettivo legato ai COITV raggiunto? (SI/NO) | I36: obiettivo legato ai COITF raggiunto? (SI/NO) | J36: Distanza obiettivo fissato e obiettivo raggiunto (in % <100% | K36: Distanza obiettivo fissato e obiettivo raggiunto (in % <100% | L36: Posta rettificativa legata ai COITV | M36: Posta rettificativa legata ai COITF | N36: Totale Poste Rettificative COI | O36: Componente a conguaglio a favore Utenza - quota variabile | P36: Componente a conguaglio a favore Utenza - quota fissa | Q36: Totale Conguaglio COI
L37: =+F37*(-1) -> 0 | M37: =+G37*(-1) -> 0 | N37: =+L37+M37 -> 0 | O37: =+IF(AND(H37="NO",D37>F37),(D37-F37)*J37*(-1),0) -> 0 | P37: =+IF(AND(I37="NO",E37>G37),(E37-G37)*K37*(-1),0) -> 0 | Q37: =+O37+P37 -> 0
L38: =+F38*(-1) -> 0 | M38: =+G38*(-1) -> 0 | N38: =+L38+M38 -> 0 | O38: =+IF(AND(H38="NO",D38>F38),(D38-F38)*J38*(-1),0) -> 0 | P38: =+IF(AND(I38="NO",E38>G38),(E38-G38)*K38*(-1),0) -> 0 | Q38: =+O38+P38 -> 0
L39: =+F39*(-1) -> 0 | M39: =+G39*(-1) -> 0 | N39: =+L39+M39 -> 0 | O39: =+IF(AND(H39="NO",D39>F39),(D39-F39)*J39*(-1),0) -> 0 | P39: =+IF(AND(I39="NO",E39>G39),(E39-G39)*K39*(-1),0) -> 0 | Q39: =+O39+P39 -> 0
L40: =+F40*(-1) -> 0 | M40: =+G40*(-1) -> 0 | N40: =+L40+M40 -> 0 | O40: =+IF(AND(H40="NO",D40>F40),(D40-F40)*J40*(-1),0) -> 0 | P40: =+IF(AND(I40="NO",E40>G40),(E40-G40)*K40*(-1),0) -> 0 | Q40: =+O40+P40 -> 0
L41: =+F41*(-1) -> 0 | M41: =+G41*(-1) -> 0 | N41: =+L41+M41 -> 0 | O41: =+IF(AND(H41="NO",D41>F41),(D41-F41)*J41*(-1),0) -> 0 | P41: =+IF(AND(I41="NO",E41>G41),(E41-G41)*K41*(-1),0) -> 0 | Q41: =+O41+P41 -> 0
L42: =+F42*(-1) -> 0 | M42: =+G42*(-1) -> 0 | N42: =+L42+M42 -> 0 | O42: =+IF(AND(H42="NO",D42>F42),(D42-F42)*J42*(-1),0) -> 0 | P42: =+IF(AND(I42="NO",E42>G42),(E42-G42)*K42*(-1),0) -> 0 | Q42: =+O42+P42 -> 0
L43: =+F43*(-1) -> 0 | M43: =+G43*(-1) -> 0 | N43: =+L43+M43 -> 0 | O43: =+IF(AND(H43="NO",D43>F43),(D43-F43)*J43*(-1),0) -> 0 | P43: =+IF(AND(I43="NO",E43>G43),(E43-G43)*K43*(-1),0) -> 0 | Q43: =+O43+P43 -> 0
L44: =+F44*(-1) -> 0 | M44: =+G44*(-1) -> 0 | N44: =+L44+M44 -> 0 | O44: =+IF(AND(H44="NO",D44>F44),(D44-F44)*J44*(-1),0) -> 0 | P44: =+IF(AND(I44="NO",E44>G44),(E44-G44)*K44*(-1),0) -> 0 | Q44: =+O44+P44 -> 0
L45: =+F45*(-1) -> 0 | M45: =+G45*(-1) -> 0 | N45: =+L45+M45 -> 0 | O45: =+IF(AND(H45="NO",D45>F45),(D45-F45)*J45*(-1),0) -> 0 | P45: =+IF(AND(I45="NO",E45>G45),(E45-G45)*K45*(-1),0) -> 0 | Q45: =+O45+P45 -> 0
L46: =+F46*(-1) -> 0 | M46: =+G46*(-1) -> 0 | N46: =+L46+M46 -> 0 | O46: =+IF(AND(H46="NO",D46>F46),(D46-F46)*J46*(-1),0) -> 0 | P46: =+IF(AND(I46="NO",E46>G46),(E46-G46)*K46*(-1),0) -> 0 | Q46: =+O46+P46 -> 0
L47: =+F47*(-1) -> 0 | M47: =+G47*(-1) -> 0 | N47: =+L47+M47 -> 0 | O47: =+IF(AND(H47="NO",D47>F47),(D47-F47)*J47*(-1),0) -> 0 | P47: =+IF(AND(I47="NO",E47>G47),(E47-G47)*K47*(-1),0) -> 0 | Q47: =+O47+P47 -> 0
L48: =+F48*(-1) -> 0 | M48: =+G48*(-1) -> 0 | N48: =+L48+M48 -> 0 | O48: =+IF(AND(H48="NO",D48>F48),(D48-F48)*J48*(-1),0) -> 0 | P48: =+IF(AND(I48="NO",E48>G48),(E48-G48)*K48*(-1),0) -> 0 | Q48: =+O48+P48 -> 0
... L66: =+F66*(-1) -> 0 | M66: =+G66*(-1) -> 0 | N66: =+L66+M66 -> 0 | O66: =+IF(AND(H66="NO",D66>F66),(D66-F66)*J66*(-1),0) -> 0 | P66: =+IF(AND(I66="NO",E66>G66),(E66-G66)*K66*(-1),0) -> 0 | Q66: =+O66+P66 -> 0

Sheet Dettaglio CTS-CTR
B1: Dati di input - Conguagli CTSmin e CTRmin 2024 e 2025 (art.. 27.7 MTR-3) - Dettaglio CTS e CTR B7 di conto economico per annualità 2024 e 2025
B3: CONGUAGLIO CTSmin e CTRmin di cui all'art. 27.7 MTR-3
C5: 2024 | D5: =+C5 -> 2024 | E5: =+D5 -> 2024 | F5: =+E5 -> 2024 | G5: 2025 | H5: =+G5 -> 2025 | I5: =+H5 -> 2025 | J5: =+I5 -> 2025 | K5: 2024 | L5: =+K5 -> 2024 | M5: =+L5 -> 2024 | N5: =+M5 -> 2024 | O5: 2025 | P5: =+O5 -> 2025 | Q5: =+P5 -> 2025 | R5: =+Q5 -> 2025
C6: 2024 | G6: 2025 | K6: 2026 | O6: 2027
B7: Conguagli CTR (Cfr. 27.7) | C7: =+[1]IN_Anagrafica!$D$9 -> 0 | D7: =+[1]IN_Anagrafica!$D$10 -> 0 | E7: =+[1]IN_Anagrafica!$D$11 -> 0 | F7: =+[1]IN_Anagrafica!$D$12 -> 0 | G7: =+C7 -> 0 | H7: =+D7 -> 0 | I7: =+E7 -> 0 | J7: =+F7 -> 0 | K7: =+[1]IN_Anagrafica!$D$9 -> 0 | L7: =+[1]IN_Anagrafica!$D$10 -> 0 | M7: =+[1]IN_Anagrafica!$D$11 -> 0 | N7: =+[1]IN_Anagrafica!$D$12 -> 0 | O7: =+[1]IN_Anagrafica!$D$9 -> 0 | P7: =+[1]IN_Anagrafica!$D$10 -> 0 | Q7: =+[1]IN_Anagrafica!$D$11 -> 0 | R7: =+[1]IN_Anagrafica!$D$12 -> 0
A8: CTRmin | B8: CTRmin,riconosciuto | C8: =+SUMIFS($H$41:$H$218,$D$41:$D$218,$A8,$B$41:$B$218,C$7,$C$41:$C$218,C$5) -> 0 | D8: =+SUMIFS($H$41:$H$218,$D$41:$D$218,$A8,$B$41:$B$218,D$7,$C$41:$C$218,D$5) -> 0 | E8: =+SUMIFS($H$41:$H$218,$D$41:$D$218,$A8,$B$41:$B$218,E$7,$C$41:$C$218,E$5) -> 0 | F8: =+SUMIFS($H$41:$H$218,$D$41:$D$218,$A8,$B$41:$B$218,F$7,$C$41:$C$218,F$5) -> 0 | G8: =+SUMIFS($H$41:$H$218,$D$41:$D$218,$A8,$B$41:$B$218,G$7,$C$41:$C$218,G$5) -> 0 | H8: =+SUMIFS($H$41:$H$218,$D$41:$D$218,$A8,$B$41:$B$218,H$7,$C$41:$C$218,H$5) -> 0 | I8: =+SUMIFS($H$41:$H$218,$D$41:$D$218,$A8,$B$41:$B$218,I$7,$C$41:$C$218,I$5) -> 0 | J8: =+SUMIFS($H$41:$H$218,$D$41:$D$218,$A8,$B$41:$B$218,J$7,$C$41:$C$218,J$5) -> 0
B9: CTRmin
B10: (CTRmin,riconosciuto-CTRmin)/CTRmin | C10: =+IFERROR((C8-C9)/C9,0) -> 0 | D10: =+IFERROR((D8-D9)/D9,0) -> 0 | E10: =+IFERROR((E8-E9)/E9,0) -> 0 | F10: =+IFERROR((F8-F9)/F9,0) -> 0 | G10: =+IFERROR((G8-G9)/G9,0) -> 0 | H10: =+IFERROR((H8-H9)/H9,0) -> 0 | I10: =+IFERROR((I8-I9)/I9,0) -> 0 | J10: =+IFERROR((J8-J9)/J9,0) -> 0
B11: RCCTR | K11: =+IF(ABS(C10)>0.03,C8-C9,0) -> 0 | L11: =+IF(ABS(D10)>0.03,D8-D9,0) -> 0 | M11: =+IF(ABS(E10)>0.03,E8-E9,0) -> 0 | N11: =+IF(ABS(F10)>0.03,F8-F9,0) -> 0 | O11: =+IF(ABS(G10)>0.03,G8-G9,0) -> 0 | P11: =+IF(ABS(H10)>0.03,H8-H9,0) -> 0 | Q11: =+IF(ABS(I10)>0.03,I8-I9,0) -> 0 | R11: =+IF(ABS(J10)>0.03,J8-J9,0) -> 0
C13: 2024 | G13: 2025 | K13: 2026 | O13: 2027
B14: Conguagli CTS (Cfr. 27.7) | C14: =+C7 -> 0 | D14: =+D7 -> 0 | E14: =+E7 -> 0 | F14: =+F7 -> 0 | G14: =+G7 -> 0 | H14: =+H7 -> 0 | I14: =+I7 -> 0 | J14: =+J7 -> 0 | K14: =+[1]IN_Anagrafica!$D$9 -> 0 | L14: =+[1]IN_Anagrafica!$D$10 -> 0 | M14: =+[1]IN_Anagrafica!$D$11 -> 0 | N14: =+[1]IN_Anagrafica!$D$12 -> 0 | O14: =+[1]IN_Anagrafica!$D$9 -> 0 | P14: =+[1]IN_Anagrafica!$D$10 -> 0 | Q14: =+[1]IN_Anagrafica!$D$11 -> 0 | R14: =+[1]IN_Anagrafica!$D$12 -> 0
A15: CTSmin | B15: CTSmin,riconosciuto | C15: =+SUMIFS($H$41:$H$218,$D$41:$D$218,$A15,$B$41:$B$218,C$7,$C$41:$C$218,C$5) -> 0 | D15: =+SUMIFS($H$41:$H$218,$D$41:$D$218,$A15,$B$41:$B$218,D$7,$C$41:$C$218,D$5) -> 0 | E15: =+SUMIFS($H$41:$H$218,$D$41:$D$218,$A15,$B$41:$B$218,E$7,$C$41:$C$218,E$5) -> 0 | F15: =+SUMIFS($H$41:$H$218,$D$41:$D$218,$A15,$B$41:$B$218,F$7,$C$41:$C$218,F$5) -> 0 | G15: =+SUMIFS($H$41:$H$218,$D$41:$D$218,$A15,$B$41:$B$218,G$7,$C$41:$C$218,G$5) -> 0 | H15: =+SUMIFS($H$41:$H$218,$D$41:$D$218,$A15,$B$41:$B$218,H$7,$C$41:$C$218,H$5) -> 0 | I15: =+SUMIFS($H$41:$H$218,$D$41:$D$218,$A15,$B$41:$B$218,I$7,$C$41:$C$218,I$5) -> 0 | J15: =+SUMIFS($H$41:$H$218,$D$41:$D$218,$A15,$B$41:$B$218,J$7,$C$41:$C$218,J$5) -> 0
B16: CTSmin
B17: (CTSmin,riconosciuto-CTSmin)/CTSmin | C17: =+IFERROR((C15-C16)/C16,0) -> 0 | D17: =+IFERROR((D15-D16)/D16,0) -> 0 | E17: =+IFERROR((E15-E16)/E16,0) -> 0 | F17: =+IFERROR((F15-F16)/F16,0) -> 0 | G17: =+IFERROR((G15-G16)/G16,0) -> 0 | H17: =+IFERROR((H15-H16)/H16,0) -> 0 | I17: =+IFERROR((I15-I16)/I16,0) -> 0 | J17: =+IFERROR((J15-J16)/J16,0) -> 0
B18: RCCTS | K18: =+IF(ABS(C17)>0.03,C15-C16,0) -> 0 | L18: =+IF(ABS(D17)>0.03,D15-D16,0) -> 0 | M18: =+IF(ABS(E17)>0.03,E15-E16,0) -> 0 | N18: =+IF(ABS(F17)>0.03,F15-F16,0) -> 0 | O18: =+IF(ABS(G17)>0.03,G15-G16,0) -> 0 | P18: =+IF(ABS(H17)>0.03,H15-H16,0) -> 0 | Q18: =+IF(ABS(I17)>0.03,I15-I16,0) -> 0 | R18: =+IF(ABS(J17)>0.03,J15-J16,0) -> 0
K20: 2026 | O20: 2027
K21: =+[1]IN_Anagrafica!$D$9 -> 0 | L21: =+[1]IN_Anagrafica!$D$10 -> 0 | M21: =+[1]IN_Anagrafica!$D$11 -> 0 | N21: =+[1]IN_Anagrafica!$D$12 -> 0 | O21: =+[1]IN_Anagrafica!$D$9 -> 0 | P21: =+[1]IN_Anagrafica!$D$10 -> 0 | Q21: =+[1]IN_Anagrafica!$D$11 -> 0 | R21: =+[1]IN_Anagrafica!$D$12 -> 0
B22: Totale RCCTR,CTS | K22: =+K11+K18 -> 0 | L22: =+L11+L18 -> 0 | M22: =+M11+M18 -> 0 | N22: =+N11+N18 -> 0 | O22: =+O11+O18 -> 0 | P22: =+P11+P18 -> 0 | Q22: =+Q11+Q18 -> 0 | R22: =+R11+R18 -> 0
B24: Dettaglio composizione CTS e CTR (Voce B7 CE)
C26: 2024 | G26: 2025
A27: Voce di bilancio | B27: Dettaglio Costi CTS e CTR 2024 - 2025 | C27: =+IN_Anagrafica!D9 -> 0 | D27: =+IN_Anagrafica!D10 -> 0 | E27: =+IN_Anagrafica!D11 -> 0 | F27: =+IN_Anagrafica!D12 -> Bagaladi | G27: =+C27 -> 0 | H27: =+D27 -> 0 | I27: =+E27 -> 0 | J27: =+F27 -> Bagaladi
A28: B7 | B28: CTRmin | C28: =+SUMIFS($H$41:$H$218,$D$41:$D$218,$B28,$B$41:$B$218,C$27,$C$41:$C$218,C$5) -> 0 | D28: =+SUMIFS($H$41:$H$218,$D$41:$D$218,$B28,$B$41:$B$218,D$27,$C$41:$C$218,D$5) -> 0 | E28: =+SUMIFS($H$41:$H$218,$D$41:$D$218,$B28,$B$41:$B$218,E$27,$C$41:$C$218,E$5) -> 0 | F28: =+SUMIFS($H$41:$H$218,$D$41:$D$218,$B28,$B$41:$B$218,F$27,$C$41:$C$218,F$5) -> 0 | G28: =+SUMIFS($H$41:$H$218,$D$41:$D$218,$B28,$B$41:$B$218,G$27,$C$41:$C$218,G$5) -> 0 | H28: =+SUMIFS($H$41:$H$218,$D$41:$D$218,$B28,$B$41:$B$218,H$27,$C$41:$C$218,H$5) -> 0 | I28: =+SUMIFS($H$41:$H$218,$D$41:$D$218,$B28,$B$41:$B$218,I$27,$C$41:$C$218,I$5) -> 0 | J28: =+SUMIFS($H$41:$H$218,$D$41:$D$218,$B28,$B$41:$B$218,J$27,$C$41:$C$218,J$5) -> 0
A29: B7 | B29: CTRaltro | C29: =+SUMIFS($H$41:$H$218,$D$41:$D$218,$B29,$B$41:$B$218,C$27,$C$41:$C$218,C$5) -> 0 | D29: =+SUMIFS($H$41:$H$218,$D$41:$D$218,$B29,$B$41:$B$218,D$27,$C$41:$C$218,D$5) -> 0 | E29: =+SUMIFS($H$41:$H$218,$D$41:$D$218,$B29,$B$41:$B$218,E$27,$C$41:$C$218,E$5) -> 0 | F29: =+SUMIFS($H$41:$H$218,$D$41:$D$218,$B29,$B$41:$B$218,F$27,$C$41:$C$218,F$5) -> 0 | G29: =+SUMIFS($H$41:$H$218,$D$41:$D$218,$B29,$B$41:$B$218,G$27,$C$41:$C$218,G$5) -> 0 | H29: =+SUMIFS($H$41:$H$218,$D$41:$D$218,$B29,$B$41:$B$218,H$27,$C$41:$C$218,H$5) -> 0 | I29: =+SUMIFS($H$41:$H$218,$D$41:$D$218,$B29,$B$41:$B$218,I$27,$C$41:$C$218,I$5) -> 0 | J29: =+SUMIFS($H$41:$H$218,$D$41:$D$218,$B29,$B$41:$B$218,J$27,$C$41:$C$218,J$5) -> 0
A30: B7 | B30: Costi B7 - CTR | C30: =IFERROR(VLOOKUP(#REF!,'Tab Gestori'!$E:$F,2,0),"") | D30: =IFERROR(VLOOKUP(#REF!,'Tab Gestori'!$E:$F,2,0),"") | E30: =IFERROR(VLOOKUP(#REF!,'Tab Gestori'!$E:$F,2,0),"") | G30: =IFERROR(VLOOKUP(#REF!,'Tab Gestori'!$E:$F,2,0),"") | H30: =IFERROR(VLOOKUP(#REF!,'Tab Gestori'!$E:$F,2,0),"") | I30: =IFERROR(VLOOKUP(#REF!,'Tab Gestori'!$E:$F,2,0),"")
A31: B7 | B31: Totale CTR - (B7) | C31: =+SUM(C28:C30) -> 0 | D31: =+SUM(D28:D30) -> 0 | E31: =+SUM(E28:E30) -> 0 | F31: =+SUM(F28:F30) -> 0 | G31: =+SUM(G28:G30) -> 0 | H31: =+SUM(H28:H30) -> 0 | I31: =+SUM(I28:I30) -> 0 | J31: =+SUM(J28:J30) -> 0
A32: B7 | B32: CTSmin | C32: =+SUMIFS($H$41:$H$218,$D$41:$D$218,$B32,$B$41:$B$218,C$27,$C$41:$C$218,C$5) -> 0 | D32: =+SUMIFS($H$41:$H$218,$D$41:$D$218,$B32,$B$41:$B$218,D$27,$C$41:$C$218,D$5) -> 0 | E32: =+SUMIFS($H$41:$H$218,$D$41:$D$218,$B32,$B$41:$B$218,E$27,$C$41:$C$218,E$5) -> 0 | F32: =+SUMIFS($H$41:$H$218,$D$41:$D$218,$B32,$B$41:$B$218,F$27,$C$41:$C$218,F$5) -> 0 | G32: =+SUMIFS($H$41:$H$218,$D$41:$D$218,$B32,$B$41:$B$218,G$27,$C$41:$C$218,G$5) -> 0 | H32: =+SUMIFS($H$41:$H$218,$D$41:$D$218,$B32,$B$41:$B$218,H$27,$C$41:$C$218,H$5) -> 0 | I32: =+SUMIFS($H$41:$H$218,$D$41:$D$218,$B32,$B$41:$B$218,I$27,$C$41:$C$218,I$5) -> 0 | J32: =+SUMIFS($H$41:$H$218,$D$41:$D$218,$B32,$B$41:$B$218,J$27,$C$41:$C$218,J$5) -> 0
A33: B7 | B33: CTSaltro | C33: =+SUMIFS($H$41:$H$218,$D$41:$D$218,$B33,$B$41:$B$218,C$27,$C$41:$C$218,C$5) -> 0 | D33: =+SUMIFS($H$41:$H$218,$D$41:$D$218,$B33,$B$41:$B$218,D$27,$C$41:$C$218,D$5) -> 0 | E33: =+SUMIFS($H$41:$H$218,$D$41:$D$218,$B33,$B$41:$B$218,E$27,$C$41:$C$218,E$5) -> 0 | F33: =+SUMIFS($H$41:$H$218,$D$41:$D$218,$B33,$B$41:$B$218,F$27,$C$41:$C$218,F$5) -> 0 | G33: =+SUMIFS($H$41:$H$218,$D$41:$D$218,$B33,$B$41:$B$218,G$27,$C$41:$C$218,G$5) -> 0 | H33: =+SUMIFS($H$41:$H$218,$D$41:$D$218,$B33,$B$41:$B$218,H$27,$C$41:$C$218,H$5) -> 0 | I33: =+SUMIFS($H$41:$H$218,$D$41:$D$218,$B33,$B$41:$B$218,I$27,$C$41:$C$218,I$5) -> 0 | J33: =+SUMIFS($H$41:$H$218,$D$41:$D$218,$B33,$B$41:$B$218,J$27,$C$41:$C$218,J$5) -> 0
A34: B7 | B34: Costi B7 - CTS | C34: =IFERROR(VLOOKUP(#REF!,'Tab Gestori'!$E:$F,2,0),"") | D34: =IFERROR(VLOOKUP(#REF!,'Tab Gestori'!$E:$F,2,0),"") | E34: =IFERROR(VLOOKUP(#REF!,'Tab Gestori'!$E:$F,2,0),"") | G34: =IFERROR(VLOOKUP(#REF!,'Tab Gestori'!$E:$F,2,0),"") | H34: =IFERROR(VLOOKUP(#REF!,'Tab Gestori'!$E:$F,2,0),"") | I34: =IFERROR(VLOOKUP(#REF!,'Tab Gestori'!$E:$F,2,0),"")
A35: B7 | B35: Totale CTS - (B7) | C35: =+SUM(C32:C34) -> 0 | D35: =+SUM(D32:D34) -> 0 | E35: =+SUM(E32:E34) -> 0 | F35: =+SUM(F32:F34) -> 0 | G35: =+SUM(G32:G34) -> 0 | H35: =+SUM(H32:H34) -> 0 | I35: =+SUM(I32:I34) -> 0 | J35: =+SUM(J32:J34) -> 0
B37: TABELLA Dettaglio flussi verso impianti minimi o aggiuntivi e relativi corrispettivi unitari
B40: Gestore che sostiene i costi di trattamento /recupero e costi di trattamento/ smaltimento | C40: Anno [2024-2025] | D40: Tipologia di Costo (scegliere da menu a tendina) | E40: Tipologia di rifiuto (scegliere da Menu a tendina) | F40: Quantitativi conferiti all'impianto (tonnellate) | G40: Corrispettivo unitario (€/t netto IVA) Cfr. art. 27.7 MTR-3 | H40: Totale Costi | I40: Tipologia impianto di destinazione (scegliere da menu a tendina) | J40: Gestore Impianto | K40: Partita IVA Gestore Impianto | L40: Comune sede Impianto | M40: Codice ISTAT Comune - sede impianto | N40: In caso di invio a impianto intermedio, indicare impianto di destinazione finale dei flussi in uscita | O40: Comune sede dell'impianto destinazione finale dei flussi in uscita da impianti intermedi | P40: NOTE
H41: =+F41*G41 -> 0
H42: =+F42*G42 -> 0
H43: =+F43*G43 -> 0
H44: =+F44*G44 -> 0
H45: =+F45*G45 -> 0
H46: =+F46*G46 -> 0
H47: =+F47*G47 -> 0
H48: =+F48*G48 -> 0
H49: =+F49*G49 -> 0
H50: =+F50*G50 -> 0
H51: =+F51*G51 -> 0
H52: =+F52*G52 -> 0
... H225: =+F225*G225 -> 0

Sheet IN_Cespiti
B1: Dati di input - immobilizzazioni - Fino all'anno ANNO 2025
H3: TOTALE | I3: =+SUM(I8:I1048576) -> 0 | J3: =+SUM(J8:J1048576) -> 0 | K3: =+SUM(K8:K1048576) -> 0 | L3: =+SUM(L8:L1048576) -> 0
H4: subtotale | I4: =+SUBTOTAL(9,I8:I1048576) -> 0 | J4: =+SUBTOTAL(9,J8:J1048576) -> 0 | K4: =+SUBTOTAL(9,K8:K1048576) -> 0 | L4: =+SUBTOTAL(9,L8:L1048576) -> 0
I5: I valori devono essere inseriti al netto dell'IVA
B7: Comune/Gestore | C7: Cespiti gestore/Cespiti Proprietari diversi dal gestore | D7: ID Categoria Immobilizzazione | E7: Categoria immobilizzazione | F7: ID Categoria Cespite | G7: Categoria Cespiti Specifici | H7: Anno Cespite | I7: Cic,t | J7: FACI,c,2017 | K7: CFPc,t | L7: FACFP,c,2017 | M7: Discariche Vita Utile | O7: Anno dismissioni | Q7: Vite Utili c. 15.2 MTR-2 | R7: Variazioni vite utili regolatorie (c. 15.5 e c. 15.6 MTR-2) | S7: Inserire vita utile se si ricade negli c. 15.5 e c. 15.6 MTR-2 | T7: Vite utili c. 15.5 e c. 15.6 MTR-2
D8: =++IFERROR(INDEX(Tabelle!$H$11:$H$16,MATCH(IN_Cespiti!E8,Tabelle!$I$11:$I$16,0)),"") | F8: =++IFERROR(INDEX(Tabelle!$C$10:$C$44,MATCH(IN_Cespiti!G8,Tabelle!$E$10:$E$44,0)),"") | Q8: =IF($D8=3,$M8,+IFERROR(VLOOKUP(CONCATENATE(D8,".",F8),Tabelle!$D$10:$F$44,3,),"")) | T8: =+IF(R8="",Q8,+IF(R8=Tabelle!$B$83,IN_Cespiti!Q8,IF(OR(R8=Tabelle!$B$81,R8=Tabelle!$B$82),IN_Cespiti!S8,0)))
D9: =++IFERROR(INDEX(Tabelle!$H$11:$H$16,MATCH(IN_Cespiti!E9,Tabelle!$I$11:$I$16,0)),"") | F9: =++IFERROR(INDEX(Tabelle!$C$10:$C$44,MATCH(IN_Cespiti!G9,Tabelle!$E$10:$E$44,0)),"") | Q9: =IF($D9=3,$M9,+IFERROR(VLOOKUP(CONCATENATE(D9,".",F9),Tabelle!$D$10:$F$44,3,),"")) | T9: =+IF(R9="",Q9,+IF(R9=Tabelle!$B$83,IN_Cespiti!Q9,IF(OR(R9=Tabelle!$B$81,R9=Tabelle!$B$82),IN_Cespiti!S9,0)))
D10: =++IFERROR(INDEX(Tabelle!$H$11:$H$16,MATCH(IN_Cespiti!E10,Tabelle!$I$11:$I$16,0)),"") | F10: =++IFERROR(INDEX(Tabelle!$C$10:$C$44,MATCH(IN_Cespiti!G10,Tabelle!$E$10:$E$44,0)),"") | Q10: =IF($D10=3,$M10,+IFERROR(VLOOKUP(CONCATENATE(D10,".",F10),Tabelle!$D$10:$F$44,3,),"")) | T10: =+IF(R10="",Q10,+IF(R10=Tabelle!$B$83,IN_Cespiti!Q10,IF(OR(R10=Tabelle!$B$81,R10=Tabelle!$B$82),IN_Cespiti!S10,0)))
D11: =++IFERROR(INDEX(Tabelle!$H$11:$H$16,MATCH(IN_Cespiti!E11,Tabelle!$I$11:$I$16,0)),"") | F11: =++IFERROR(INDEX(Tabelle!$C$10:$C$44,MATCH(IN_Cespiti!G11,Tabelle!$E$10:$E$44,0)),"") | Q11: =IF($D11=3,$M11,+IFERROR(VLOOKUP(CONCATENATE(D11,".",F11),Tabelle!$D$10:$F$44,3,),"")) | T11: =+IF(R11="",Q11,+IF(R11=Tabelle!$B$83,IN_Cespiti!Q11,IF(OR(R11=Tabelle!$B$81,R11=Tabelle!$B$82),IN_Cespiti!S11,0)))
D12: =++IFERROR(INDEX(Tabelle!$H$11:$H$16,MATCH(IN_Cespiti!E12,Tabelle!$I$11:$I$16,0)),"") | F12: =++IFERROR(INDEX(Tabelle!$C$10:$C$44,MATCH(IN_Cespiti!G12,Tabelle!$E$10:$E$44,0)),"") | Q12: =IF($D12=3,$M12,+IFERROR(VLOOKUP(CONCATENATE(D12,".",F12),Tabelle!$D$10:$F$44,3,),"")) | T12: =+IF(R12="",Q12,+IF(R12=Tabelle!$B$83,IN_Cespiti!Q12,IF(OR(R12=Tabelle!$B$81,R12=Tabelle!$B$82),IN_Cespiti!S12,0)))
D13: =++IFERROR(INDEX(Tabelle!$H$11:$H$16,MATCH(IN_Cespiti!E13,Tabelle!$I$11:$I$16,0)),"") | F13: =++IFERROR(INDEX(Tabelle!$C$10:$C$44,MATCH(IN_Cespiti!G13,Tabelle!$E$10:$E$44,0)),"") | Q13: =IF($D13=3,$M13,+IFERROR(VLOOKUP(CONCATENATE(D13,".",F13),Tabelle!$D$10:$F$44,3,),"")) | T13: =+IF(R13="",Q13,+IF(R13=Tabelle!$B$83,IN_Cespiti!Q13,IF(OR(R13=Tabelle!$B$81,R13=Tabelle!$B$82),IN_Cespiti!S13,0)))
D14: =++IFERROR(INDEX(Tabelle!$H$11:$H$16,MATCH(IN_Cespiti!E14,Tabelle!$I$11:$I$16,0)),"") | F14: =++IFERROR(INDEX(Tabelle!$C$10:$C$44,MATCH(IN_Cespiti!G14,Tabelle!$E$10:$E$44,0)),"") | Q14: =IF($D14=3,$M14,+IFERROR(VLOOKUP(CONCATENATE(D14,".",F14),Tabelle!$D$10:$F$44,3,),"")) | T14: =+IF(R14="",Q14,+IF(R14=Tabelle!$B$83,IN_Cespiti!Q14,IF(OR(R14=Tabelle!$B$81,R14=Tabelle!$B$82),IN_Cespiti!S14,0)))
D15: =++IFERROR(INDEX(Tabelle!$H$11:$H$16,MATCH(IN_Cespiti!E15,Tabelle!$I$11:$I$16,0)),"") | F15: =++IFERROR(INDEX(Tabelle!$C$10:$C$44,MATCH(IN_Cespiti!G15,Tabelle!$E$10:$E$44,0)),"") | Q15: =IF($D15=3,$M15,+IFERROR(VLOOKUP(CONCATENATE(D15,".",F15),Tabelle!$D$10:$F$44,3,),"")) | T15: =+IF(R15="",Q15,+IF(R15=Tabelle!$B$83,IN_Cespiti!Q15,IF(OR(R15=Tabelle!$B$81,R15=Tabelle!$B$82),IN_Cespiti!S15,0)))
D16: =++IFERROR(INDEX(Tabelle!$H$11:$H$16,MATCH(IN_Cespiti!E16,Tabelle!$I$11:$I$16,0)),"") | F16: =++IFERROR(INDEX(Tabelle!$C$10:$C$44,MATCH(IN_Cespiti!G16,Tabelle!$E$10:$E$44,0)),"") | Q16: =IF($D16=3,$M16,+IFERROR(VLOOKUP(CONCATENATE(D16,".",F16),Tabelle!$D$10:$F$44,3,),"")) | T16: =+IF(R16="",Q16,+IF(R16=Tabelle!$B$83,IN_Cespiti!Q16,IF(OR(R16=Tabelle!$B$81,R16=Tabelle!$B$82),IN_Cespiti!S16,0)))
D17: =++IFERROR(INDEX(Tabelle!$H$11:$H$16,MATCH(IN_Cespiti!E17,Tabelle!$I$11:$I$16,0)),"") | F17: =++IFERROR(INDEX(Tabelle!$C$10:$C$44,MATCH(IN_Cespiti!G17,Tabelle!$E$10:$E$44,0)),"") | Q17: =IF($D17=3,$M17,+IFERROR(VLOOKUP(CONCATENATE(D17,".",F17),Tabelle!$D$10:$F$44,3,),"")) | T17: =+IF(R17="",Q17,+IF(R17=Tabelle!$B$83,IN_Cespiti!Q17,IF(OR(R17=Tabelle!$B$81,R17=Tabelle!$B$82),IN_Cespiti!S17,0)))
D18: =++IFERROR(INDEX(Tabelle!$H$11:$H$16,MATCH(IN_Cespiti!E18,Tabelle!$I$11:$I$16,0)),"") | F18: =++IFERROR(INDEX(Tabelle!$C$10:$C$44,MATCH(IN_Cespiti!G18,Tabelle!$E$10:$E$44,0)),"") | Q18: =IF($D18=3,$M18,+IFERROR(VLOOKUP(CONCATENATE(D18,".",F18),Tabelle!$D$10:$F$44,3,),"")) | T18: =+IF(R18="",Q18,+IF(R18=Tabelle!$B$83,IN_Cespiti!Q18,IF(OR(R18=Tabelle!$B$81,R18=Tabelle!$B$82),IN_Cespiti!S18,0)))
D19: =++IFERROR(INDEX(Tabelle!$H$11:$H$16,MATCH(IN_Cespiti!E19,Tabelle!$I$11:$I$16,0)),"") | F19: =++IFERROR(INDEX(Tabelle!$C$10:$C$44,MATCH(IN_Cespiti!G19,Tabelle!$E$10:$E$44,0)),"") | Q19: =IF($D19=3,$M19,+IFERROR(VLOOKUP(CONCATENATE(D19,".",F19),Tabelle!$D$10:$F$44,3,),"")) | T19: =+IF(R19="",Q19,+IF(R19=Tabelle!$B$83,IN_Cespiti!Q19,IF(OR(R19=Tabelle!$B$81,R19=Tabelle!$B$82),IN_Cespiti!S19,0)))
... D50: =++IFERROR(INDEX(Tabelle!$H$11:$H$16,MATCH(IN_Cespiti!E50,Tabelle!$I$11:$I$16,0)),"") | F50: =++IFERROR(INDEX(Tabelle!$C$10:$C$44,MATCH(IN_Cespiti!G50,Tabelle!$E$10:$E$44,0)),"") | Q50: =IF($D50=3,$M50,+IFERROR(VLOOKUP(CONCATENATE(D50,".",F50),Tabelle!$D$10:$F$44,3,),"")) | T50: =+IF(R50="",Q50,+IF(R50=Tabelle!$B$83,IN_Cespiti!Q50,IF(OR(R50=Tabelle!$B$81,R50=Tabelle!$B$82),IN_Cespiti!S50,0)))
B53: Si prega di copiare e incollare una riga compilata in caso di necessità

Sheet RC_Costi2024
C2: ANNO 2024
E3: Riepilogo Costi ARERA
C4: TITOLO V – SOSTENIBILITÀ FINANZIARIA EFFICIENTE | E4: Voce ARERA | F4: Importo effettivo 2024 | G4: Importo previsto | H4: Differenza (Conguagli Rc)
E5: COSTV | F5: =F16 -> 0
E6: COVTV | F6: =SUM(F22:F31) -> 0
E7: COVTF | F7: =SUM(F35:F44) -> 0
C8: Art. 18-20 - Conguagli relativi ai costi variabili e fissi | E8: COITV | F8: =SUM(F50:F59) -> 0 | G8: =SUM(G50:G59) -> 0 | H8: =SUM(H50:H59) -> 0
E9: COITF | F9: =SUM(F63:F72) -> 0 | G9: =SUM(G63:G72) -> 0 | H9: =SUM(H63:H72) -> 0
E10: Totale | F10: =SUM(F5:F9) -> 0 | G10: =SUM(G5:G9) -> 0 | H10: =SUM(H5:H9) -> 0
C47: Art. 19.1 - Lettera e) - COITV e Art. 20.1 - Lettera d) COITF
C48: ANNO 2024 COITV Valori imponibili senza IVA | D48: Costi effettivamente sostenuti con risorse proprie del Comune per il raggiungimento degli obiettivi (target) sottostanti, già ridotti di eventuali contributi in conto esercizio erogati da parte di Regione e/o altri Enti
D49: Descrizione | E49: ANNO | F49: Importo effettivo | G49: Importo previsto | H49: Differenza (Conguagli Rc)
E50: 2024 | H50: =F50-G50 -> 0
E51: 2024 | H51: =F51-G51 -> 0
E52: 2024 | H52: =F52-G52 -> 0
E53: 2024 | H53: =F53-G53 -> 0
E54: 2024 | H54: =F54-G54 -> 0
E55: 2024 | H55: =F55-G55 -> 0
E56: 2024 | H56: =F56-G56 -> 0
E57: 2024 | H57: =F57-G57 -> 0
E58: 2024 | H58: =F58-G58 -> 0
E59: 2024 | H59: =F59-G59 -> 0
C61: ANNO 2024 COITF Valori imponibili senza IVA | D61: Costi effettivamente sostenuti con risorse proprie del Comune per il raggiungimento degli obiettivi (target) sottostanti, già ridotti di eventuali contributi in conto esercizio erogati da parte di Comuni, Regione e/o altri Enti
D62: Descrizione | E62: ANNO | F62: Importo | G62: Importo previsto | H62: Differenza (Conguagli Rc)
E63: 2024 | H63: =F63-G63 -> 0
E64: 2024 | H64: =F64-G64 -> 0
E65: 2024 | H65: =F65-G65 -> 0
E66: 2024 | H66: =F66-G66 -> 0
E67: 2024 | H67: =F67-G67 -> 0
E68: 2024 | H68: =F68-G68 -> 0
E69: 2024 | H69: =F69-G69 -> 0
E70: 2024 | H70: =F70-G70 -> 0
E71: 2024 | H71: =F71-G71 -> 0
E72: 2024 | H72: =F72-G72 -> 0

Sheet RC_Fatt
B2: ANNO 2024
B4: TITOLO V – SOSTENIBILITÀ FINANZIARIA EFFICIENTE
B5: Art. 18-20 - Conguagli relativi ai costi variabili e fissi
C7: RCFATT Conguaglio entrate tariffarie Art. 19.1 - Lettera i) - ETTV e Art. 20.1 - Lettera g) ETTF ANNO 2024
C8: ETTV | D8: il recupero dello scostamento tra le entrate tariffarie variabili approvate per l’anno (a-2), qualora non coperte da ulteriori risorse disponibili, e quanto fatturato, per la parte variabile, con riferimento alla medesima annualità.
D9: Descrizione | E9: ANNO | F9: Importo Previsto
D10: Entrate tariffarie parte variabile approvate nei PEF 2024-2025 prima delle Detrazioni 1.4 [Riga 84 foglio PEF] | E10: 2024
D11: Descrizione | E11: ANNO | F11: Importo fatturato
D12: Ruolo TARI effettivo di competenza dell'anno 2024 emesso dal Comune per la parte variabile | E12: 2024
D13: Contributo MIUR percepito ai sensi del DL 248/07 | E13: 2024
D14: Entrate provenienti da attività di recupero dell’evasione | E14: 2024
D15: Entrate derivanti da procedure sanzionatorie | E15: 2024
D16: Ulteriori entrate approvate dall'ETC | E16: 2024
D17: Totale | F17: =SUM(F12:F16) -> 0
D18: Descrizione | E18: ANNO | F18: Differenza RC
D19: Componente a conguaglio RCFatt,TV | E19: 2024 | F19: =F10-F17 -> 0
C21: ETTF | D21: il recupero dello scostamento tra le entrate tariffarie fisse approvate per l’anno (a-2), qualora non coperte da ulteriori risorse disponibili, e quanto fatturato, per la parte fissa, con riferimento alla medesima annualità.
D22: Descrizione | E22: ANNO | F22: Importo Previsto
D23: Entrate tariffarie parte fissa approvate nei PEF 2024-2025 prima delle Detrazioni 1.4 [Riga 84 foglio PEF] | E23: 2024
D24: Descrizione | E24: ANNO | F24: Importo fatturato
D25: Ruolo TARI effettivo di competenza dell'anno 2024 emesso dal Comune per la parte fissa | E25: 2024
D26: Contributo MIUR percepito ai sensi del DL 248/07 | E26: 2024
D27: Entrate provenienti da attività di recupero dell’evasione | E27: 2024
D28: Entrate derivanti da procedure sanzionatorie | E28: 2024
D29: Ulteriori entrate approvate dall'ETC | E29: 2024
D30: Totale | F30: =SUM(F25:F29) -> 0
D31: Descrizione | E31: ANNO | F31: Differenza RC
D32: Componente a conguaglio RCFatt,TV | E32: 2024 | F32: =F23-F30 -> 0
B35: ANNO 2025
B37: TITOLO V – SOSTENIBILITÀ FINANZIARIA EFFICIENTE
B38: Art. 18-20 - Conguagli relativi ai costi variabili e fissi
C40: RCFATT Conguaglio entrate tariffarie Art. 19.1 - Lettera i) - ETTV e Art. 20.1 - Lettera g) ETTF ANNO 2024
C41: ETTV | D41: il recupero dello scostamento tra le entrate tariffarie variabili approvate per l’anno (a-2), qualora non coperte da ulteriori risorse disponibili, e quanto fatturato, per la parte variabile, con riferimento alla medesima annualità.
D42: Descrizione | E42: ANNO | F42: Importo Previsto
D43: Entrate tariffarie parte variabile approvate nei PEF 2024-2025 prima delle Detrazioni 1.4 [Riga 84 foglio PEF] | E43: 2024
D44: Descrizione | E44: ANNO | F44: Importo fatturato
D45: Ruolo TARI effettivo di competenza dell'anno 2024 emesso dal Comune per la parte variabile | E45: 2024
D46: Contributo MIUR percepito ai sensi del DL 248/07 | E46: 2024
D47: Entrate provenienti da attività di recupero dell’evasione | E47: 2024
D48: Entrate derivanti da procedure sanzionatorie | E48: 2024
D49: Ulteriori entrate approvate dall'ETC | E49: 2024
D50: Totale | F50: =SUM(F45:F49) -> 0
D51: Descrizione | E51: ANNO | F51: Differenza RC
D52: Componente a conguaglio RCFatt,TV | E52: 2024 | F52: =F43-F50 -> 0
C54: ETTF | D54: il recupero dello scostamento tra le entrate tariffarie fisse approvate per l’anno (a-2), qualora non coperte da ulteriori risorse disponibili, e quanto fatturato, per la parte fissa, con riferimento alla medesima annualità.
D55: Descrizione | E55: ANNO | F55: Importo Previsto
D56: Entrate tariffarie parte fissa approvate nei PEF 2024-2025 prima delle Detrazioni 1.4 [Riga 84 foglio PEF] | E56: 2024
D57: Descrizione | E57: ANNO | F57: Importo fatturato
D58: Ruolo TARI effettivo di competenza dell'anno 2024 emesso dal Comune per la parte fissa | E58: 2024
D59: Contributo MIUR percepito ai sensi del DL 248/07 | E59: 2024
D60: Entrate provenienti da attività di recupero dell’evasione | E60: 2024
D61: Entrate derivanti da procedure sanzionatorie | E61: 2024
D62: Ulteriori entrate approvate dall'ETC | E62: 2024
D63: Totale | F63: =SUM(F58:F62) -> 0
D64: Descrizione | E64: ANNO | F64: Differenza RC
D65: Componente a conguaglio RCFatt,TV | E65: 2024 | F65: =F56-F63 -> 0

Sheet IVA_Ind._2024_25
B2: ANNO 2024
B4: Descrizione | C4: Costi di Parte variabile (TV) | F4: Costi di Parte Fissa (TF)
C5: Imponibile | D5: IVA | E5: Totale | F5: Imponibile | G5: IVA | H5: Totale
B6: Imponibile e IVA su costi diretti del Comune | C6: =SUMIF('Elenco analitico costi 2024'!$H$29:$H$68,"TV",'Elenco analitico costi 2024'!$I$29:$I$68) -> 0 | D6: =SUMIF('Elenco analitico costi 2024'!$H$29:$H$68,"TV",'Elenco analitico costi 2024'!$J$29:$J$68) -> 0 | E6: =SUM(C6:D6) -> 0 | F6: =SUMIF('Elenco analitico costi 2024'!$H$29:$H$68,"TF",'Elenco analitico costi 2024'!$I$29:$I$68) -> 0 | G6: =SUMIF('Elenco analitico costi 2024'!$H$29:$H$68,"TF",'Elenco analitico costi 2024'!$J$29:$J$68) -> 0 | H6: =SUM(F6:G6) -> 0
B7: Imponibile e IVA su fatture emesse dal Gestore/Gestori | E7: =SUM(C7:D7) -> 0 | H7: =SUM(F7:G7) -> 0
B8: Totale IVA | C8: =+C6+C7 -> 0 | D8: =+D6+D7 -> 0 | E8: =+E6+E7 -> 0 | F8: =+F6+F7 -> 0 | G8: =+G6+G7 -> 0 | H8: =+H6+H7 -> 0
B12: ANNO 2025
B14: Descrizione | C14: Costi di Parte variabile (TV) | F14: Costi di Parte Fissa (TF)
C15: Imponibile | D15: IVA | E15: Totale | F15: Imponibile | G15: IVA | H15: Totale
B16: Imponibile e IVA su costi diretti del Comune | C16: =SUMIF('Elenco analitico costi 2025'!$H$29:$H$68,"TV",'Elenco analitico costi 2025'!$I$29:$I$68) -> 0 | D16: =SUMIF('Elenco analitico costi 2025'!$H$29:$H$68,"TV",'Elenco analitico costi 2025'!$J$29:$J$68) -> 0 | E16: =SUM(C16:D16) -> 0 | F16: =SUMIF('Elenco analitico costi 2025'!$H$29:$H$68,"TF",'Elenco analitico costi 2025'!$I$29:$I$68) -> 0 | G16: =SUMIF('Elenco analitico costi 2025'!$H$29:$H$68,"TF",'Elenco analitico costi 2025'!$J$29:$J$68) -> 0 | H16: =SUM(F16:G16) -> 0
B17: Imponibile e IVA su fatture emesse dal Gestore/Gestori | E17: =SUM(C17:D17) -> 0 | H17: =SUM(F17:G17) -> 0
B18: Totale IVA | C18: =+C16+C17 -> 0 | D18: =+D16+D17 -> 0 | E18: =+E16+E17 -> 0 | F18: =+F16+F17 -> 0 | G18: =+G16+G17 -> 0 | H18: =+H16+H17 -> 0

Sheet IN_COexp-RC-T
B1: Dati di input: COSTI PREVISIONALI DI GESTIONE e DETRAZIONI - ANNI 2026/29
B3: Costi previsionali
C5: 2026 | D5: 2027 | E5: 2028 | F5: 2029
B6: Costi previsionali parte variabile | C6: =+IN_Anagrafica!D6 -> Bagaladi | D6: =+C6 -> Bagaladi | E6: =+D6 -> Bagaladi | F6: =+E6 -> Bagaladi
B7: CTS∆exp,TV,a
B8: COexp,116,TV,a
B9: CQexp,TV,a
B10: COANTTV,a
B11: COnewexp,TV,a
B12: COIexp,TV,a
C14: =+C5 -> 2026 | D14: =+D5 -> 2027 | E14: =+E5 -> 2028 | F14: =+F5 -> 2029
B15: Costi previsionali parte fissa | C15: =+C6 -> Bagaladi | D15: =+D6 -> Bagaladi | E15: =+E6 -> Bagaladi | F15: =+F6 -> Bagaladi
B16: COexp,116,TF,a
B17: CQexp,TF,a
B18: COANT,TF,a
B19: CONEW,exp,TF,a
B20: COIexp,TF,a
B64: Detrazioni da Det. 2/DRIF/2021 comma 1.4 (MIUR/Evasione/Agevolazioni/Riduzioni)
C66: 2024 | D66: 2025
B67: Detrazioni come da Det. 2/DRIF/2021 comma 1.4 - PARTE VARIABILE | C67: =+C73+C74+C75+C76 -> 0 | D67: =+E73+E74+E75+E76 -> 0
B68: Detrazioni come da Det. 2/DRIF/2021 comma 1.4 - PARTE FISSA | C68: =+D73+D74+D75+D76 -> 0 | D68: =+F73+F74+F75+F76 -> 0
B69: Detrazioni come da Det. 2/DRIF/2021 comma 1.4 - TOTALE | C69: =SUM(C67:C68) -> 0 | D69: =SUM(D67:D68) -> 0
C71: Anno 2024 | E71: Anno 2025
B72: Detrazioni come da Det. 2/DRIF/2021 comma 1.4 - TOTALE | C72: Parte Variabile | D72: Parte fissa | E72: Parte Variabile | F72: Parte fissa
B73: Contributo MIUR percepito ai sensi del DL 248/07
B74: Entrate provenienti da attività di recupero dell’evasione
B75: Entrate derivanti da procedure sanzionatorie
B76: Ulteriori entrate approvate dall'ETC
B81: Costi per attività esterne al ciclo integrato dei RU di cui al comma 7.5 del MTR-3
C83: 2026 | D83: 2027
B84: Attività esterne ciclo integrato RU | C84: =+IN_Anagrafica!$D$12 -> Bagaladi | D84: =+C84 -> Bagaladi
B85: Costi per attività esterne al ciclo integrato dei RU di cui al comma 7.5 del MTR-3
B89: Componenti previsionali (COI, Conew)
B91: In caso di necessità di valorizzazione delle componenti previsionali COI o Conew si prega di contattare i consulenti della società Paragon Business Advisors
A96: \

Sheet R1
B2: Calcolo Macro-indicatore R1 - Flussi a sistemi di compliance Dati 2024 | J2: =IN_Anagrafica!$D$6 -> Bagaladi
B4: Cessione delle deleghe a soggetti terzi ? | C4: NO | D4: =IF(C4="NO","Contesto A","Contesto B") -> Contesto A | J4: R1 | K4: Valore | L4: Classe | M4: Obiettivo | AK4: Intervalli R1 | AL4: Intervalli R1 | AM4: Obiettivo annuale di maggiorazione | AN4: Classe
K5: =IFERROR(M7*M9,"") | L5: {=IFERROR(IF(K5<>"",INDEX($AN$5:$AN$13,MATCH(1,(K5>=$AK$5:$AK$13)*(K5<$AL$5:$AL$13),0)),0),)} -> 0 | M5: =+IFERROR(MIN(K5+INDEX($AM$5:$AM$13,MATCH(L5,$AN$5:$AN$13,0))+INDEX($AM$5:$AM$13,MATCH(L5,$AN$5:$AN$13,0)),0.85),"errore") -> errore | AK5: 0.85 | AL5: 2 | AM5: 0 | AN5: A
B6: % FMS | C6: 0.6 | AK6: 0.75 | AL6: 0.85 | AM6: 0.015 | AN6: B
J7: EffRD_sc | K7: Qconf_sc | L7: =K42-IF($C$4="SI",0,K26) -> 0 | M7: =IFERROR(L7/L8,"") | AK7: 0.65 | AL7: 0.75 | AM7: 0.02 | AN7: C
K8: QRD_sc | L8: =J42 -> 0 | AK8: 0.55 | AL8: 0.65 | AM8: 0.025 | AN8: D
J9: QLTRD_sc | K9: ARSC,si | L9: =M42 -> 0 | M9: =IFERROR(L9/L10,"") | AK9: 0.45 | AL9: 0.55 | AM9: 0.03 | AN9: E
K10: ARmax_SC,si | L10: =L42 -> 0 | AK10: 0.35 | AL10: 0.45 | AM10: 0.035 | AN10: F
AK11: 0.25 | AL11: 0.35 | AM11: 0.04 | AN11: G
G12: Tipo di raccolta | H12: Frazione di rifiuto | I12: Prezzo massimo | J12: EffRD_sc | L12: QLTRD_sc | AK12: 0.15 | AL12: 0.25 | AM12: 0.045 | AN12: H
J13: QRD_sc | K13: Qconf_sc | L13: ARmax_SC,si | M13: ARSC,si | AK13: 0 | AL13: 0.15 | AM13: 0.05 | AN13: I
I14: Euro/ton | J14: Tonnellate | K14: Tonnellate | L14: Euro | M14: Euro
G15: Raccolta multimateriale | H15: Plastica Flusso A (EER 150102) | I15: 362.92 | L15: =(K15+IFERROR(IF($C$4="NO",0,K26*(K15/SUM(K15:K25))),0))*I15 -> 0
H16: Plastica Flusso B (EER 150102) | I16: 95.81 | L16: =(K16+IFERROR(IF($C$4="NO",0,K26*(K16/SUM(K15:K25))),0))*I16 -> 0
H17: Plastica Flusso C (EER 150102) | I17: 471.91 | L17: =(K17+IFERROR(IF($C$4="NO",0,K26*(K17/SUM(K15:K25))),0))*I17 -> 0
H18: Plastica Flusso D (EER 150102) | I18: 353.34 | L18: =(K18+IFERROR(IF($C$4="NO",0,K26*(K18/SUM(K15:K25))),0))*I18 -> 0
H19: Flusso C-RPET (EER 150102) | I19: 490.79 | L19: =(K19+IFERROR(IF($C$4="NO",0,K26*(K19/SUM(K15:K25))),0))*I19 -> 0
H20: Alluminio Raccolte A+ (EER 150104) | I20: 479.11 | L20: =(K20+IFERROR(IF($C$4="NO",0,K26*(K20/SUM(K15:K25))),0))*I20 -> 0
H21: Alluminio da impianti cernita (I fascia)(EER 191212) | I21: 206.49 | L21: =(K21+IFERROR(IF($C$4="NO",0,K26*(K21/SUM(K15:K25))),0))*I21 -> 0
H22: Acciaio (EER 150104) | I22: 158.63 | L22: =(K22+IFERROR(IF($C$4="NO",0,K26*(K22/SUM(K15:K25))),0))*I22 -> 0
H23: Cartone tetrapack (EER 150101) | I23: 145.42 | L23: =(K23+IFERROR(IF($C$4="NO",0,K26*(K23/SUM(K15:K25))),0))*I23 -> 0
H24: Carta (EER 200101) | I24: =145.42*(1-$C$6) -> 58.168 | L24: =(K24+IFERROR(IF($C$4="NO",0,K26*(K24/SUM(K15:K25))),0))*I24 -> 0
H25: Vetro | I25: 82.85 | L25: =(K25+IFERROR(IF($C$4="NO",0,K26*(K25/SUM(K15:K25))),0))*I25 -> 0
H26: =IF($C$4="SI","Scarti (si conferiscono anche gli scarti)","Scarti (non si conferiscono gli scarti)") -> Scarti (non si conferiscono gli scarti) | L26: =K26*I26 -> 0
G27: Raccolta monomateriale | H27: Carta Congiunta (EER 200101) | I27: =145.42*(1-$C$6) -> 58.168 | L27: =K27*I27 -> 0
H28: Carta selettiva (EER 150101) | I28: 145.42 | L28: =K28*I28 -> 0
H29: Plastica Flusso A (EER 150102) | I29: 362.92 | L29: =K29*I29 -> 0
H30: Plastica Flusso B (EER 150102) | I30: 95.81 | L30: =K30*I30 -> 0
H31: Plastica Flusso C (EER 150102) | I31: 471.91 | L31: =K31*I31 -> 0
H32: Plastica Flusso D (EER 150102) | I32: 353.34 | L32: =K32*I32 -> 0
H33: Flusso C-RPET (EER 150102) | I33: 490.79 | L33: =K33*I33 -> 0
H34: Plastica biodegradabile e compostabile | I34: 147.86 | L34: =K34*I34 -> 0
H35: Alluminio Raccolte A+ (EER 150104) | I35: 479.11 | L35: =K35*I35 -> 0
H36: Alluminio da ritiro tappi (EER 150104) | I36: 154.87 | L36: =K36*I36 -> 0
H37: Alluminio da impianti cernita A (EER 191212) | I37: 206.49 | L37: =K37*I37 -> 0
H38: Acciaio (EER 150104) | I38: 158.63 | L38: =K38*I38 -> 0
H39: Vetro | I39: 82.85 | L39: =K39*I39 -> 0
H40: Legno (EER 150103) | I40: 0 | L40: =K40*I40 -> 0
G41: Ricavi accessori ulteriori vetro carta e pastica (Trasporto e pressatura) | L41: =M41 -> 0
G42: Totale | J42: =SUM(J15:J40) -> 0 | K42: =SUM(K15:K40) -> 0 | L42: =SUM(L15:L41) -> 0 | M42: =SUM(M15:M41) -> 0

Sheet R2
C2: Calcolo Macro-indicatore R2 - Flussi frazione umida (EER 200108) Dati 2024
C4: =IN_Anagrafica!$D$6 -> Bagaladi | P4: 0.7 | Q4: 0.75 | R4: 0.04 | S4: F
P5: 0 | Q5: 0.7 | R5: 0.05 | S5: G
C6: R2 | E6: Valore | F6: Classe | G6: Obiettivo
E7: =IFERROR(G9*G11,"") | F7: {=IFERROR(INDEX(S4:S5,MATCH(1,(E$7>=P4:P5)*(E$7<Q4:Q5),0)),0)} -> 0 | G7: =+IFERROR(MIN(E7+INDEX(R4:R5,MATCH(F7,S4:S5,0))+INDEX(R4:R5,MATCH(F7,S4:S5,0)),0.95),"errore") -> errore
C9: Avv_ricRD_FO,FU | D9: (1) Qavv_ricRD_FO,FU | E9: Tonnellate | G9: =IFERROR(F9/F10,"")
D10: (2) QRD_FO,FU | E10: Tonnellate
C11: QLTRD_FO | D11: (3) Incidenza della del materiale non compatibile | E11: % | G11: =IFERROR(1-F11/F12,"")
D12: (4) N. analisi merceologiche | E12: N
C14: (1) = quantità di frazione umida, espressa in tonnellate, al netto dei rifiuti di imballaggio in plastica biodegradabile e compostabile soggetti agli obblighi di responsabilità estesa del produttore, avviata agli impianti di compostaggio/digestione anaerobica, ivi inclusi quelli misti
C15: (2) = quantità di frazione umida raccolta nell’anno a, al netto dei rifiuti di imballaggio in plastica biodegradabile e compostabile soggetti agli obblighi di responsabilità estesa del produttore, espressa in tonnellate, come misurata a valle di eventuali processi di essicazione.
C16: (3) = Incidenza di materiale non compatibile (frazione estranea) in ingresso all'impianto come riportato in sede di fatturazione dal gestore dell’impianto di compostaggio/digestione anaerobica, ivi incluso quello misto
C17: (4) = numero delle analisi merceologiche effettuate sul materiale conferito dal gestore della raccolta e trasporto.

Sheet H
C2: Foglio di INPUT: Calcolo indicatore H - Dati 2024
C5: =IN_Anagrafica!$D$6 -> Bagaladi
C7: (1) qRD_si | D7: Tonnellate | E7: ='R1'!J42 -> 0 | G7: (1) = qRD_si, quota di rifiuti di imballaggio sul totale dei rifiuti urbani raccolti in modo differenziato
C8: (2) ARsi | D8: Euro | G8: (2) = ARsi Ricavi solo imballaggi.
C9: (3) ARSC_si | D9: Euro | E9: ='R1'!M42 -> 0 | G9: (3) = AR SC_si Ricavi solo imballaggi sistemi di compliance
C10: (4) CRDSC_si | D10: Euro | G10: (4) = CRD SC_si Quota dei costi operativi di raccolta, trasporto e pretrattamento delle frazioni differenziate relative agli imballaggi

Sheet OUTPUT - DA NON COMPILARE >

Sheet IN_BIL_Com_24
B1: Dati di input: RICAVI, COSTI e DATI ECONOMICO FINANZIARI DEL COMUNE - ANNO 2024
B3: =+CONCATENATE("Dati da Bilancio d'esercizio: ",IN_Anagrafica!D6) -> Dati da Bilancio d'esercizio: Bagaladi
B5: Dati di conto economico:
B6: RICAVI | C6: 2024
B7: A1) Ricavi delle vendite e delle prestazioni relative alle attività afferenti al ciclo integrato dei RU | C7: ='Elenco analitico costi 2024'!I8 -> 0 | E7: Suggerimento: il valore si calcola come: "entrate tariffarie 2024 (al netto delle detrazioni) meno totale fatture gestori"
C9: A1) Ricavi delle vendite e delle prestazioni | D9: A5) Altri ricavi e proventi
B10: ARa | C10: =+SUM(C11:C13) -> 0 | D10: =+SUM(D11:D13) -> 0 | E10: =+SUM(C10:D10) -> 0
B11: di cui per vendita di materiali a mercato | C11: =SUMIFS('Elenco analitico costi 2024'!$I$8:$I$20,'Elenco analitico costi 2024'!$E$8:$E$20,IN_BIL_Com_24!B$9,'Elenco analitico costi 2024'!$G$8:$G$20,IN_BIL_Com_24!$B11) -> 0 | D11: =SUMIFS('Elenco analitico costi 2024'!$I$8:$I$20,'Elenco analitico costi 2024'!$E$8:$E$20,IN_BIL_Com_24!C$9,'Elenco analitico costi 2024'!$G$8:$G$20,IN_BIL_Com_24!$B11) -> 0 | E11: =+SUM(C11:D11) -> 0
B12: di cui per vendita energia da rifiuti urbani | C12: =SUMIFS('Elenco analitico costi 2024'!$I$8:$I$20,'Elenco analitico costi 2024'!$E$8:$E$20,IN_BIL_Com_24!B$9,'Elenco analitico costi 2024'!$G$8:$G$20,IN_BIL_Com_24!$B12) -> 0 | D12: =SUMIFS('Elenco analitico costi 2024'!$I$8:$I$20,'Elenco analitico costi 2024'!$E$8:$E$20,IN_BIL_Com_24!C$9,'Elenco analitico costi 2024'!$G$8:$G$20,IN_BIL_Com_24!$B12) -> 0 | E12: =+SUM(C12:D12) -> 0
B13: di cui per attività diverse dal SGRU che utilizzano asset e risorse del ciclo integrato rifiuti urbani | C13: =SUMIFS('Elenco analitico costi 2024'!$I$8:$I$20,'Elenco analitico costi 2024'!$E$8:$E$20,IN_BIL_Com_24!B$9,'Elenco analitico costi 2024'!$G$8:$G$20,IN_BIL_Com_24!$B13) -> 0 | D13: =SUMIFS('Elenco analitico costi 2024'!$I$8:$I$20,'Elenco analitico costi 2024'!$E$8:$E$20,IN_BIL_Com_24!C$9,'Elenco analitico costi 2024'!$G$8:$G$20,IN_BIL_Com_24!$B13) -> 0 | E13: =+SUM(C13:D13) -> 0
B14: ARsc,a | C14: ='R1'!M42 -> 0 | D14: =SUMIFS('Elenco analitico costi 2024'!$I$8:$I$20,'Elenco analitico costi 2024'!$E$8:$E$20,IN_BIL_Com_24!C$9,'Elenco analitico costi 2024'!$G$8:$G$20,IN_BIL_Com_24!$B14) -> 0 | E14: =+SUM(C14:D14) -> 0
B15: Totale | C15: =+C10+C14 -> 0 | D15: =+D10+D14 -> 0 | E15: =+SUM(C15:D15) -> 0
B17: COSTI B6-B7 relativi al ciclo integrato dei RU al netto delle poste rettificative | C17: 2024
B18: B6 - Costi per materie di consumo e merci (al netto di resi, abbuoni e sconti) | C18: =SUM(C24:K24) -> 0
B19: B7 - Costi per servizi | C19: =SUM(C25:K25) -> 0
C22: 2024
C23: CRTa | D23: CTSa | E23: CTRa | F23: CRDa | G23: CSLa | H23: CARCa | I23: CGGa | J23: CCDa | K23: COAL,a | L23: Acc costi di gestione post-operativa delle discariche | M23: Acc relativi ai crediti | N23: Acc per rischi e oneri previsti da normativa di settore e/o dal contratto di affidamento | O23: Acc per altri non in eccesso rispetto a norme tributarie
A24: B6 | B24: B6 - Costi per materie di consumo e merci (al netto di resi, abbuoni e sconti) | C24: =+SUMIFS('Elenco analitico costi 2024'!$I$29:$I$68,'Elenco analitico costi 2024'!$G$29:$G$68,C$23,'Elenco analitico costi 2024'!$E$29:$E$68,$A24,'Elenco analitico costi 2024'!$F$29:$F$68,"Costo operativo") -> 0 | D24: =+SUMIFS('Elenco analitico costi 2024'!$I$29:$I$68,'Elenco analitico costi 2024'!$G$29:$G$68,D$23,'Elenco analitico costi 2024'!$E$29:$E$68,$A24,'Elenco analitico costi 2024'!$F$29:$F$68,"Costo operativo") -> 0 | E24: =+SUMIFS('Elenco analitico costi 2024'!$I$29:$I$68,'Elenco analitico costi 2024'!$G$29:$G$68,E$23,'Elenco analitico costi 2024'!$E$29:$E$68,$A24,'Elenco analitico costi 2024'!$F$29:$F$68,"Costo operativo") -> 0 | F24: =+SUMIFS('Elenco analitico costi 2024'!$I$29:$I$68,'Elenco analitico costi 2024'!$G$29:$G$68,F$23,'Elenco analitico costi 2024'!$E$29:$E$68,$A24,'Elenco analitico costi 2024'!$F$29:$F$68,"Costo operativo") -> 0 | G24: =+SUMIFS('Elenco analitico costi 2024'!$I$29:$I$68,'Elenco analitico costi 2024'!$G$29:$G$68,G$23,'Elenco analitico costi 2024'!$E$29:$E$68,$A24,'Elenco analitico costi 2024'!$F$29:$F$68,"Costo operativo") -> 0 | H24: =+SUMIFS('Elenco analitico costi 2024'!$I$29:$I$68,'Elenco analitico costi 2024'!$G$29:$G$68,H$23,'Elenco analitico costi 2024'!$E$29:$E$68,$A24,'Elenco analitico costi 2024'!$F$29:$F$68,"Costo operativo") -> 0 | I24: =+SUMIFS('Elenco analitico costi 2024'!$I$29:$I$68,'Elenco analitico costi 2024'!$G$29:$G$68,I$23,'Elenco analitico costi 2024'!$E$29:$E$68,$A24,'Elenco analitico costi 2024'!$F$29:$F$68,"Costo operativo") -> 0 | J24: =+SUMIFS('Elenco analitico costi 2024'!$I$29:$I$68,'Elenco analitico costi 2024'!$G$29:$G$68,J$23,'Elenco analitico costi 2024'!$E$29:$E$68,$A24,'Elenco analitico costi 2024'!$F$29:$F$68,"Costo operativo") -> 0 | K24: =+SUMIFS('Elenco analitico costi 2024'!$I$29:$I$68,'Elenco analitico costi 2024'!$G$29:$G$68,K$23,'Elenco analitico costi 2024'!$E$29:$E$68,$A24,'Elenco analitico costi 2024'!$F$29:$F$68,"Costo operativo") -> 0
A25: B7 | B25: B7 - Costi per servizi | C25: =+SUMIFS('Elenco analitico costi 2024'!$I$29:$I$68,'Elenco analitico costi 2024'!$G$29:$G$68,C$23,'Elenco analitico costi 2024'!$E$29:$E$68,$A25,'Elenco analitico costi 2024'!$F$29:$F$68,"Costo operativo") -> 0 | D25: =+SUMIFS('Elenco analitico costi 2024'!$I$29:$I$68,'Elenco analitico costi 2024'!$G$29:$G$68,D$23,'Elenco analitico costi 2024'!$E$29:$E$68,$A25,'Elenco analitico costi 2024'!$F$29:$F$68,"Costo operativo") -> 0 | E25: =+SUMIFS('Elenco analitico costi 2024'!$I$29:$I$68,'Elenco analitico costi 2024'!$G$29:$G$68,E$23,'Elenco analitico costi 2024'!$E$29:$E$68,$A25,'Elenco analitico costi 2024'!$F$29:$F$68,"Costo operativo") -> 0 | F25: =+SUMIFS('Elenco analitico costi 2024'!$I$29:$I$68,'Elenco analitico costi 2024'!$G$29:$G$68,F$23,'Elenco analitico costi 2024'!$E$29:$E$68,$A25,'Elenco analitico costi 2024'!$F$29:$F$68,"Costo operativo") -> 0 | G25: =+SUMIFS('Elenco analitico costi 2024'!$I$29:$I$68,'Elenco analitico costi 2024'!$G$29:$G$68,G$23,'Elenco analitico costi 2024'!$E$29:$E$68,$A25,'Elenco analitico costi 2024'!$F$29:$F$68,"Costo operativo") -> 0 | H25: =+SUMIFS('Elenco analitico costi 2024'!$I$29:$I$68,'Elenco analitico costi 2024'!$G$29:$G$68,H$23,'Elenco analitico costi 2024'!$E$29:$E$68,$A25,'Elenco analitico costi 2024'!$F$29:$F$68,"Costo operativo") -> 0 | I25: =+SUMIFS('Elenco analitico costi 2024'!$I$29:$I$68,'Elenco analitico costi 2024'!$G$29:$G$68,I$23,'Elenco analitico costi 2024'!$E$29:$E$68,$A25,'Elenco analitico costi 2024'!$F$29:$F$68,"Costo operativo") -> 0 | J25: =+SUMIFS('Elenco analitico costi 2024'!$I$29:$I$68,'Elenco analitico costi 2024'!$G$29:$G$68,J$23,'Elenco analitico costi 2024'!$E$29:$E$68,$A25,'Elenco analitico costi 2024'!$F$29:$F$68,"Costo operativo") -> 0 | K25: =+SUMIFS('Elenco analitico costi 2024'!$I$29:$I$68,'Elenco analitico costi 2024'!$G$29:$G$68,K$23,'Elenco analitico costi 2024'!$E$29:$E$68,$A25,'Elenco analitico costi 2024'!$F$29:$F$68,"Costo operativo") -> 0
A26: B8 | B26: B8 - Costi per godimento di beni di terzi | C26: =+SUMIFS('Elenco analitico costi 2024'!$I$29:$I$68,'Elenco analitico costi 2024'!$G$29:$G$68,C$23,'Elenco analitico costi 2024'!$E$29:$E$68,$A26,'Elenco analitico costi 2024'!$F$29:$F$68,"Costo operativo") -> 0 | D26: =+SUMIFS('Elenco analitico costi 2024'!$I$29:$I$68,'Elenco analitico costi 2024'!$G$29:$G$68,D$23,'Elenco analitico costi 2024'!$E$29:$E$68,$A26,'Elenco analitico costi 2024'!$F$29:$F$68,"Costo operativo") -> 0 | E26: =+SUMIFS('Elenco analitico costi 2024'!$I$29:$I$68,'Elenco analitico costi 2024'!$G$29:$G$68,E$23,'Elenco analitico costi 2024'!$E$29:$E$68,$A26,'Elenco analitico costi 2024'!$F$29:$F$68,"Costo operativo") -> 0 | F26: =+SUMIFS('Elenco analitico costi 2024'!$I$29:$I$68,'Elenco analitico costi 2024'!$G$29:$G$68,F$23,'Elenco analitico costi 2024'!$E$29:$E$68,$A26,'Elenco analitico costi 2024'!$F$29:$F$68,"Costo operativo") -> 0 | G26: =+SUMIFS('Elenco analitico costi 2024'!$I$29:$I$68,'Elenco analitico costi 2024'!$G$29:$G$68,G$23,'Elenco analitico costi 2024'!$E$29:$E$68,$A26,'Elenco analitico costi 2024'!$F$29:$F$68,"Costo operativo") -> 0 | H26: =+SUMIFS('Elenco analitico costi 2024'!$I$29:$I$68,'Elenco analitico costi 2024'!$G$29:$G$68,H$23,'Elenco analitico costi 2024'!$E$29:$E$68,$A26,'Elenco analitico costi 2024'!$F$29:$F$68,"Costo operativo") -> 0 | I26: =+SUMIFS('Elenco analitico costi 2024'!$I$29:$I$68,'Elenco analitico costi 2024'!$G$29:$G$68,I$23,'Elenco analitico costi 2024'!$E$29:$E$68,$A26,'Elenco analitico costi 2024'!$F$29:$F$68,"Costo operativo") -> 0 | J26: =+SUMIFS('Elenco analitico costi 2024'!$I$29:$I$68,'Elenco analitico costi 2024'!$G$29:$G$68,J$23,'Elenco analitico costi 2024'!$E$29:$E$68,$A26,'Elenco analitico costi 2024'!$F$29:$F$68,"Costo operativo") -> 0 | K26: =+SUMIFS('Elenco analitico costi 2024'!$I$29:$I$68,'Elenco analitico costi 2024'!$G$29:$G$68,K$23,'Elenco analitico costi 2024'!$E$29:$E$68,$A26,'Elenco analitico costi 2024'!$F$29:$F$68,"Costo operativo") -> 0
A27: B9 | B27: B9 - Costi del personale | C27: =+SUMIFS('Elenco analitico costi 2024'!$I$29:$I$68,'Elenco analitico costi 2024'!$G$29:$G$68,C$23,'Elenco analitico costi 2024'!$E$29:$E$68,$A27,'Elenco analitico costi 2024'!$F$29:$F$68,"Costo operativo") -> 0 | D27: =+SUMIFS('Elenco analitico costi 2024'!$I$29:$I$68,'Elenco analitico costi 2024'!$G$29:$G$68,D$23,'Elenco analitico costi 2024'!$E$29:$E$68,$A27,'Elenco analitico costi 2024'!$F$29:$F$68,"Costo operativo") -> 0 | E27: =+SUMIFS('Elenco analitico costi 2024'!$I$29:$I$68,'Elenco analitico costi 2024'!$G$29:$G$68,E$23,'Elenco analitico costi 2024'!$E$29:$E$68,$A27,'Elenco analitico costi 2024'!$F$29:$F$68,"Costo operativo") -> 0 | F27: =+SUMIFS('Elenco analitico costi 2024'!$I$29:$I$68,'Elenco analitico costi 2024'!$G$29:$G$68,F$23,'Elenco analitico costi 2024'!$E$29:$E$68,$A27,'Elenco analitico costi 2024'!$F$29:$F$68,"Costo operativo") -> 0 | G27: =+SUMIFS('Elenco analitico costi 2024'!$I$29:$I$68,'Elenco analitico costi 2024'!$G$29:$G$68,G$23,'Elenco analitico costi 2024'!$E$29:$E$68,$A27,'Elenco analitico costi 2024'!$F$29:$F$68,"Costo operativo") -> 0 | H27: =+SUMIFS('Elenco analitico costi 2024'!$I$29:$I$68,'Elenco analitico costi 2024'!$G$29:$G$68,H$23,'Elenco analitico costi 2024'!$E$29:$E$68,$A27,'Elenco analitico costi 2024'!$F$29:$F$68,"Costo operativo") -> 0 | I27: =+SUMIFS('Elenco analitico costi 2024'!$I$29:$I$68,'Elenco analitico costi 2024'!$G$29:$G$68,I$23,'Elenco analitico costi 2024'!$E$29:$E$68,$A27,'Elenco analitico costi 2024'!$F$29:$F$68,"Costo operativo") -> 0 | J27: =+SUMIFS('Elenco analitico costi 2024'!$I$29:$I$68,'Elenco analitico costi 2024'!$G$29:$G$68,J$23,'Elenco analitico costi 2024'!$E$29:$E$68,$A27,'Elenco analitico costi 2024'!$F$29:$F$68,"Costo operativo") -> 0 | K27: =+SUMIFS('Elenco analitico costi 2024'!$I$29:$I$68,'Elenco analitico costi 2024'!$G$29:$G$68,K$23,'Elenco analitico costi 2024'!$E$29:$E$68,$A27,'Elenco analitico costi 2024'!$F$29:$F$68,"Costo operativo") -> 0
A28: B11 | B28: B11 - Variazioni delle rimanenze di materie prime, sussidiarie, di consumo e merci | C28: =+SUMIFS('Elenco analitico costi 2024'!$I$29:$I$68,'Elenco analitico costi 2024'!$G$29:$G$68,C$23,'Elenco analitico costi 2024'!$E$29:$E$68,$A28,'Elenco analitico costi 2024'!$F$29:$F$68,"Costo operativo") -> 0 | D28: =+SUMIFS('Elenco analitico costi 2024'!$I$29:$I$68,'Elenco analitico costi 2024'!$G$29:$G$68,D$23,'Elenco analitico costi 2024'!$E$29:$E$68,$A28,'Elenco analitico costi 2024'!$F$29:$F$68,"Costo operativo") -> 0 | E28: =+SUMIFS('Elenco analitico costi 2024'!$I$29:$I$68,'Elenco analitico costi 2024'!$G$29:$G$68,E$23,'Elenco analitico costi 2024'!$E$29:$E$68,$A28,'Elenco analitico costi 2024'!$F$29:$F$68,"Costo operativo") -> 0 | F28: =+SUMIFS('Elenco analitico costi 2024'!$I$29:$I$68,'Elenco analitico costi 2024'!$G$29:$G$68,F$23,'Elenco analitico costi 2024'!$E$29:$E$68,$A28,'Elenco analitico costi 2024'!$F$29:$F$68,"Costo operativo") -> 0 | G28: =+SUMIFS('Elenco analitico costi 2024'!$I$29:$I$68,'Elenco analitico costi 2024'!$G$29:$G$68,G$23,'Elenco analitico costi 2024'!$E$29:$E$68,$A28,'Elenco analitico costi 2024'!$F$29:$F$68,"Costo operativo") -> 0 | H28: =+SUMIFS('Elenco analitico costi 2024'!$I$29:$I$68,'Elenco analitico costi 2024'!$G$29:$G$68,H$23,'Elenco analitico costi 2024'!$E$29:$E$68,$A28,'Elenco analitico costi 2024'!$F$29:$F$68,"Costo operativo") -> 0 | I28: =+SUMIFS('Elenco analitico costi 2024'!$I$29:$I$68,'Elenco analitico costi 2024'!$G$29:$G$68,I$23,'Elenco analitico costi 2024'!$E$29:$E$68,$A28,'Elenco analitico costi 2024'!$F$29:$F$68,"Costo operativo") -> 0 | J28: =+SUMIFS('Elenco analitico costi 2024'!$I$29:$I$68,'Elenco analitico costi 2024'!$G$29:$G$68,J$23,'Elenco analitico costi 2024'!$E$29:$E$68,$A28,'Elenco analitico costi 2024'!$F$29:$F$68,"Costo operativo") -> 0 | K28: =+SUMIFS('Elenco analitico costi 2024'!$I$29:$I$68,'Elenco analitico costi 2024'!$G$29:$G$68,K$23,'Elenco analitico costi 2024'!$E$29:$E$68,$A28,'Elenco analitico costi 2024'!$F$29:$F$68,"Costo operativo") -> 0
A29: B14 | B29: B14 - Oneri diversi di gestione | C29: =+SUMIFS('Elenco analitico costi 2024'!$I$29:$I$68,'Elenco analitico costi 2024'!$G$29:$G$68,C$23,'Elenco analitico costi 2024'!$E$29:$E$68,$A29,'Elenco analitico costi 2024'!$F$29:$F$68,"Costo operativo") -> 0 | D29: =+SUMIFS('Elenco analitico costi 2024'!$I$29:$I$68,'Elenco analitico costi 2024'!$G$29:$G$68,D$23,'Elenco analitico costi 2024'!$E$29:$E$68,$A29,'Elenco analitico costi 2024'!$F$29:$F$68,"Costo operativo") -> 0 | E29: =+SUMIFS('Elenco analitico costi 2024'!$I$29:$I$68,'Elenco analitico costi 2024'!$G$29:$G$68,E$23,'Elenco analitico costi 2024'!$E$29:$E$68,$A29,'Elenco analitico costi 2024'!$F$29:$F$68,"Costo operativo") -> 0 | F29: =+SUMIFS('Elenco analitico costi 2024'!$I$29:$I$68,'Elenco analitico costi 2024'!$G$29:$G$68,F$23,'Elenco analitico costi 2024'!$E$29:$E$68,$A29,'Elenco analitico costi 2024'!$F$29:$F$68,"Costo operativo") -> 0 | G29: =+SUMIFS('Elenco analitico costi 2024'!$I$29:$I$68,'Elenco analitico costi 2024'!$G$29:$G$68,G$23,'Elenco analitico costi 2024'!$E$29:$E$68,$A29,'Elenco analitico costi 2024'!$F$29:$F$68,"Costo operativo") -> 0 | H29: =+SUMIFS('Elenco analitico costi 2024'!$I$29:$I$68,'Elenco analitico costi 2024'!$G$29:$G$68,H$23,'Elenco analitico costi 2024'!$E$29:$E$68,$A29,'Elenco analitico costi 2024'!$F$29:$F$68,"Costo operativo") -> 0 | I29: =+SUMIFS('Elenco analitico costi 2024'!$I$29:$I$68,'Elenco analitico costi 2024'!$G$29:$G$68,I$23,'Elenco analitico costi 2024'!$E$29:$E$68,$A29,'Elenco analitico costi 2024'!$F$29:$F$68,"Costo operativo") -> 0 | J29: =+SUMIFS('Elenco analitico costi 2024'!$I$29:$I$68,'Elenco analitico costi 2024'!$G$29:$G$68,J$23,'Elenco analitico costi 2024'!$E$29:$E$68,$A29,'Elenco analitico costi 2024'!$F$29:$F$68,"Costo operativo") -> 0 | K29: =+SUMIFS('Elenco analitico costi 2024'!$I$29:$I$68,'Elenco analitico costi 2024'!$G$29:$G$68,K$23,'Elenco analitico costi 2024'!$E$29:$E$68,$A29,'Elenco analitico costi 2024'!$F$29:$F$68,"Costo operativo") -> 0
B30: B10d (da c. 16.2 MTR-3) | L30: ='Elenco analitico costi 2024'!C74 -> 0 | M30: ='Elenco analitico costi 2024'!C82 -> 0 | N30: ='Elenco analitico costi 2024'!E74 -> 0 | O30: ='Elenco analitico costi 2024'!F74 -> 0
B31: B12 - Accantonamento per rischi, nella misura massima ammessa dalle leggi e prassi fiscali | L31: ='Elenco analitico costi 2024'!C75 -> 0 | M31: ='Elenco analitico costi 2024'!D75 -> 0 | N31: ='Elenco analitico costi 2024'!E75 -> 0 | O31: ='Elenco analitico costi 2024'!F75 -> 0
B32: B13 - Altri accantonamenti | L32: ='Elenco analitico costi 2024'!C76 -> 0 | M32: ='Elenco analitico costi 2024'!D76 -> 0 | N32: ='Elenco analitico costi 2024'!E76 -> 0 | O32: ='Elenco analitico costi 2024'!F76 -> 0
B33: totale | C33: =SUM(C24:C29) -> 0 | D33: =SUM(D24:D29) -> 0 | E33: =SUM(E24:E29) -> 0 | F33: =SUM(F24:F29) -> 0 | G33: =SUM(G24:G29) -> 0 | H33: =SUM(H24:H29) -> 0 | I33: =SUM(I24:I29) -> 0 | J33: =SUM(J24:J29) -> 0 | K33: =SUM(K24:K29) -> 0 | L33: =+SUM(L30:L32) -> 0 | M33: =+SUM(M30:M32) -> 0 | N33: =+SUM(N30:N32) -> 0 | O33: =+SUM(O30:O32) -> 0
B36: poste rettificative costi operativi: | C36: 2024
B37: Costi attribuibili alle attività capitalizzate | F37: Attenzione: Si prega di NON compilare il seguente foglio !!!!!!!
B38: poste rettificative di cui al comma 1.1 del MTR-3:
B39: accantonamenti, diversi dagli ammortamenti, operati in eccesso rispetto all’applicazione di norme tributarie, fatto salvo quanto disposto dall'articolo 16 del MTR-3
B40: oneri finanziari e le rettifiche di valori di attività finanziarie
B41: svalutazioni delle immobilizzazioni
B42: oneri straordinari
B43: oneri per assicurazioni, qualora non espressamente previste da specifici obblighi normativi
B44: oneri per sanzioni, penali e risarcimenti, nonché costi sostenuti per il contenzioso ove l’impresa sia risultata soccombente
B45: costi connessi all’erogazione di liberalità
B46: costi pubblicitari e di marketing, ad esclusione di oneri che derivino da obblighi posti in capo ai concessionari
B47: spese di rappresentanza
B48: Contributi in conto esercizio
B49: costi sostenuti per il conseguimento dei target cui è stata associata (in sede di determinazione delle entrate tariffarie riferite a precedenti annualità) la valorizzazione di costi operativi incentivanti (di natura previsionale) | C49: 0
B50: scostamenti già intercettati attraverso la valorizzazione (in sede di determinazione delle entrate tariffarie riferite a precedenti annualità) delle ulteriori componenti di costo di natura previsionale o di anticipazione introdotte dalla regolazione pro tempore vigente, tenuto conto della quantificazione dei pertinenti recuperi nell’ambito delle componenti a conguaglio | C50: 0
B52: Dati economico finanziari:
B54: poste rettificative capitale investito: | C54: 2024
B55: PRa | C55: =SUM(C56:C58) -> 0 | D55: NB: le celle C57-C60 vanno compilate solo nel caso in cui sono stati indicati cespiti di proprietà del Comune
B56: di cui TFR | C56: ='Elenco analitico costi 2024'!C87 -> 0
B57: di cui fondi rischi e oneri | C57: ='Elenco analitico costi 2024'!C88 -> 0
B58: di cui fondi per il ripristino di beni di terzi | C58: ='Elenco analitico costi 2024'!C89 -> 0

Sheet IN_BIL_Com_25
B1: Dati di input: RICAVI, COSTI e DATI ECONOMICO FINANZIARI DEL COMUNE - ANNO 2025
B3: =+CONCATENATE("Dati da Bilancio d'esercizio: ",IN_Anagrafica!D6) -> Dati da Bilancio d'esercizio: Bagaladi
B5: Dati di conto economico:
B6: RICAVI | C6: 2025
B7: A1) Ricavi delle vendite e delle prestazioni relative alle attività afferenti al ciclo integrato dei RU | C7: ='Elenco analitico costi 2025'!I8 -> 0 | E7: Suggerimento: il valore si calcola come: "entrate tariffarie 2025 (al netto delle detrazioni) meno totale fatture gestori"
C9: A1) Ricavi delle vendite e delle prestazioni | D9: A5) Altri ricavi e proventi
B10: ARa | C10: =+SUM(C11:C13) -> 0 | D10: =+SUM(D11:D13) -> 0 | E10: =+SUM(C10:D10) -> 0
B11: di cui per vendita di materiali a mercato | C11: =SUMIFS('Elenco analitico costi 2025'!$I$8:$I$20,'Elenco analitico costi 2025'!$E$8:$E$20,IN_BIL_Com_25!C$9,'Elenco analitico costi 2025'!$G$8:$G$20,IN_BIL_Com_25!$B11) -> 0 | D11: =SUMIFS('Elenco analitico costi 2025'!$I$8:$I$20,'Elenco analitico costi 2025'!$E$8:$E$20,IN_BIL_Com_25!D$9,'Elenco analitico costi 2025'!$G$8:$G$20,IN_BIL_Com_25!$B11) -> 0 | E11: =+SUM(C11:D11) -> 0
B12: di cui per vendita energia da rifiuti urbani | C12: =SUMIFS('Elenco analitico costi 2025'!$I$8:$I$20,'Elenco analitico costi 2025'!$E$8:$E$20,IN_BIL_Com_25!C$9,'Elenco analitico costi 2025'!$G$8:$G$20,IN_BIL_Com_25!$B12) -> 0 | D12: =SUMIFS('Elenco analitico costi 2025'!$I$8:$I$20,'Elenco analitico costi 2025'!$E$8:$E$20,IN_BIL_Com_25!D$9,'Elenco analitico costi 2025'!$G$8:$G$20,IN_BIL_Com_25!$B12) -> 0 | E12: =+SUM(C12:D12) -> 0
B13: di cui per attività diverse dal SGRU che utilizzano asset e risorse del ciclo integrato rifiuti urbani | C13: =SUMIFS('Elenco analitico costi 2025'!$I$8:$I$20,'Elenco analitico costi 2025'!$E$8:$E$20,IN_BIL_Com_25!C$9,'Elenco analitico costi 2025'!$G$8:$G$20,IN_BIL_Com_25!$B13) -> 0 | D13: =SUMIFS('Elenco analitico costi 2025'!$I$8:$I$20,'Elenco analitico costi 2025'!$E$8:$E$20,IN_BIL_Com_25!D$9,'Elenco analitico costi 2025'!$G$8:$G$20,IN_BIL_Com_25!$B13) -> 0 | E13: =+SUM(C13:D13) -> 0
B14: ARsc,a | C14: ='R1'!M42 -> 0 | D14: =SUMIFS('Elenco analitico costi 2025'!$I$8:$I$20,'Elenco analitico costi 2025'!$E$8:$E$20,IN_BIL_Com_25!D$9,'Elenco analitico costi 2025'!$G$8:$G$20,IN_BIL_Com_25!$B14) -> 0 | E14: =+SUM(C14:D14) -> 0
B15: Totale | C15: =+C10+C14 -> 0 | D15: =+D10+D14 -> 0 | E15: =+SUM(C15:D15) -> 0
B17: COSTI B6-B7 relativi al ciclo integrato dei RU al netto delle poste rettificative | C17: 2025
B18: B6 - Costi per materie di consumo e merci (al netto di resi, abbuoni e sconti) | C18: =SUM(C24:K24) -> 0
B19: B7 - Costi per servizi | C19: =SUM(C25:K25) -> 0
C22: 2025
C23: CRTa | D23: CTSa | E23: CTRa | F23: CRDa | G23: CSLa | H23: CARCa | I23: CGGa | J23: CCDa | K23: COAL,a | L23: Acc costi di gestione post-operativa delle discariche | M23: Acc relativi ai crediti | N23: Acc per rischi e oneri previsti da normativa di settore e/o dal contratto di affidamento | O23: Acc per altri non in eccesso rispetto a norme tributarie
A24: B6 | B24: B6 - Costi per materie di consumo e merci (al netto di resi, abbuoni e sconti) | C24: =+SUMIFS('Elenco analitico costi 2025'!$I$29:$I$68,'Elenco analitico costi 2025'!$G$29:$G$68,C$23,'Elenco analitico costi 2025'!$E$29:$E$68,$A24,'Elenco analitico costi 2025'!$F$29:$F$68,"Costo operativo") -> 0 | D24: =+SUMIFS('Elenco analitico costi 2025'!$I$29:$I$68,'Elenco analitico costi 2025'!$G$29:$G$68,D$23,'Elenco analitico costi 2025'!$E$29:$E$68,$A24,'Elenco analitico costi 2025'!$F$29:$F$68,"Costo operativo") -> 0 | E24: =+SUMIFS('Elenco analitico costi 2025'!$I$29:$I$68,'Elenco analitico costi 2025'!$G$29:$G$68,E$23,'Elenco analitico costi 2025'!$E$29:$E$68,$A24,'Elenco analitico costi 2025'!$F$29:$F$68,"Costo operativo") -> 0 | F24: =+SUMIFS('Elenco analitico costi 2025'!$I$29:$I$68,'Elenco analitico costi 2025'!$G$29:$G$68,F$23,'Elenco analitico costi 2025'!$E$29:$E$68,$A24,'Elenco analitico costi 2025'!$F$29:$F$68,"Costo operativo") -> 0 | G24: =+SUMIFS('Elenco analitico costi 2025'!$I$29:$I$68,'Elenco analitico costi 2025'!$G$29:$G$68,G$23,'Elenco analitico costi 2025'!$E$29:$E$68,$A24,'Elenco analitico costi 2025'!$F$29:$F$68,"Costo operativo") -> 0 | H24: =+SUMIFS('Elenco analitico costi 2025'!$I$29:$I$68,'Elenco analitico costi 2025'!$G$29:$G$68,H$23,'Elenco analitico costi 2025'!$E$29:$E$68,$A24,'Elenco analitico costi 2025'!$F$29:$F$68,"Costo operativo") -> 0 | I24: =+SUMIFS('Elenco analitico costi 2025'!$I$29:$I$68,'Elenco analitico costi 2025'!$G$29:$G$68,I$23,'Elenco analitico costi 2025'!$E$29:$E$68,$A24,'Elenco analitico costi 2025'!$F$29:$F$68,"Costo operativo") -> 0 | J24: =+SUMIFS('Elenco analitico costi 2025'!$I$29:$I$68,'Elenco analitico costi 2025'!$G$29:$G$68,J$23,'Elenco analitico costi 2025'!$E$29:$E$68,$A24,'Elenco analitico costi 2025'!$F$29:$F$68,"Costo operativo") -> 0 | K24: =+SUMIFS('Elenco analitico costi 2025'!$I$29:$I$68,'Elenco analitico costi 2025'!$G$29:$G$68,K$23,'Elenco analitico costi 2025'!$E$29:$E$68,$A24,'Elenco analitico costi 2025'!$F$29:$F$68,"Costo operativo") -> 0
A25: B7 | B25: B7 - Costi per servizi | C25: =+SUMIFS('Elenco analitico costi 2025'!$I$29:$I$68,'Elenco analitico costi 2025'!$G$29:$G$68,C$23,'Elenco analitico costi 2025'!$E$29:$E$68,$A25,'Elenco analitico costi 2025'!$F$29:$F$68,"Costo operativo") -> 0 | D25: =+SUMIFS('Elenco analitico costi 2025'!$I$29:$I$68,'Elenco analitico costi 2025'!$G$29:$G$68,D$23,'Elenco analitico costi 2025'!$E$29:$E$68,$A25,'Elenco analitico costi 2025'!$F$29:$F$68,"Costo operativo") -> 0 | E25: =+SUMIFS('Elenco analitico costi 2025'!$I$29:$I$68,'Elenco analitico costi 2025'!$G$29:$G$68,E$23,'Elenco analitico costi 2025'!$E$29:$E$68,$A25,'Elenco analitico costi 2025'!$F$29:$F$68,"Costo operativo") -> 0 | F25: =+SUMIFS('Elenco analitico costi 2025'!$I$29:$I$68,'Elenco analitico costi 2025'!$G$29:$G$68,F$23,'Elenco analitico costi 2025'!$E$29:$E$68,$A25,'Elenco analitico costi 2025'!$F$29:$F$68,"Costo operativo") -> 0 | G25: =+SUMIFS('Elenco analitico costi 2025'!$I$29:$I$68,'Elenco analitico costi 2025'!$G$29:$G$68,G$23,'Elenco analitico costi 2025'!$E$29:$E$68,$A25,'Elenco analitico costi 2025'!$F$29:$F$68,"Costo operativo") -> 0 | H25: =+SUMIFS('Elenco analitico costi 2025'!$I$29:$I$68,'Elenco analitico costi 2025'!$G$29:$G$68,H$23,'Elenco analitico costi 2025'!$E$29:$E$68,$A25,'Elenco analitico costi 2025'!$F$29:$F$68,"Costo operativo") -> 0 | I25: =+SUMIFS('Elenco analitico costi 2025'!$I$29:$I$68,'Elenco analitico costi 2025'!$G$29:$G$68,I$23,'Elenco analitico costi 2025'!$E$29:$E$68,$A25,'Elenco analitico costi 2025'!$F$29:$F$68,"Costo operativo") -> 0 | J25: =+SUMIFS('Elenco analitico costi 2025'!$I$29:$I$68,'Elenco analitico costi 2025'!$G$29:$G$68,J$23,'Elenco analitico costi 2025'!$E$29:$E$68,$A25,'Elenco analitico costi 2025'!$F$29:$F$68,"Costo operativo") -> 0 | K25: =+SUMIFS('Elenco analitico costi 2025'!$I$29:$I$68,'Elenco analitico costi 2025'!$G$29:$G$68,K$23,'Elenco analitico costi 2025'!$E$29:$E$68,$A25,'Elenco analitico costi 2025'!$F$29:$F$68,"Costo operativo") -> 0
A26: B8 | B26: B8 - Costi per godimento di beni di terzi | C26: =+SUMIFS('Elenco analitico costi 2025'!$I$29:$I$68,'Elenco analitico costi 2025'!$G$29:$G$68,C$23,'Elenco analitico costi 2025'!$E$29:$E$68,$A26,'Elenco analitico costi 2025'!$F$29:$F$68,"Costo operativo") -> 0 | D26: =+SUMIFS('Elenco analitico costi 2025'!$I$29:$I$68,'Elenco analitico costi 2025'!$G$29:$G$68,D$23,'Elenco analitico costi 2025'!$E$29:$E$68,$A26,'Elenco analitico costi 2025'!$F$29:$F$68,"Costo operativo") -> 0 | E26: =+SUMIFS('Elenco analitico costi 2025'!$I$29:$I$68,'Elenco analitico costi 2025'!$G$29:$G$68,E$23,'Elenco analitico costi 2025'!$E$29:$E$68,$A26,'Elenco analitico costi 2025'!$F$29:$F$68,"Costo operativo") -> 0 | F26: =+SUMIFS('Elenco analitico costi 2025'!$I$29:$I$68,'Elenco analitico costi 2025'!$G$29:$G$68,F$23,'Elenco analitico costi 2025'!$E$29:$E$68,$A26,'Elenco analitico costi 2025'!$F$29:$F$68,"Costo operativo") -> 0 | G26: =+SUMIFS('Elenco analitico costi 2025'!$I$29:$I$68,'Elenco analitico costi 2025'!$G$29:$G$68,G$23,'Elenco analitico costi 2025'!$E$29:$E$68,$A26,'Elenco analitico costi 2025'!$F$29:$F$68,"Costo operativo") -> 0 | H26: =+SUMIFS('Elenco analitico costi 2025'!$I$29:$I$68,'Elenco analitico costi 2025'!$G$29:$G$68,H$23,'Elenco analitico costi 2025'!$E$29:$E$68,$A26,'Elenco analitico costi 2025'!$F$29:$F$68,"Costo operativo") -> 0 | I26: =+SUMIFS('Elenco analitico costi 2025'!$I$29:$I$68,'Elenco analitico costi 2025'!$G$29:$G$68,I$23,'Elenco analitico costi 2025'!$E$29:$E$68,$A26,'Elenco analitico costi 2025'!$F$29:$F$68,"Costo operativo") -> 0 | J26: =+SUMIFS('Elenco analitico costi 2025'!$I$29:$I$68,'Elenco analitico costi 2025'!$G$29:$G$68,J$23,'Elenco analitico costi 2025'!$E$29:$E$68,$A26,'Elenco analitico costi 2025'!$F$29:$F$68,"Costo operativo") -> 0 | K26: =+SUMIFS('Elenco analitico costi 2025'!$I$29:$I$68,'Elenco analitico costi 2025'!$G$29:$G$68,K$23,'Elenco analitico costi 2025'!$E$29:$E$68,$A26,'Elenco analitico costi 2025'!$F$29:$F$68,"Costo operativo") -> 0
A27: B9 | B27: B9 - Costi del personale | C27: =+SUMIFS('Elenco analitico costi 2025'!$I$29:$I$68,'Elenco analitico costi 2025'!$G$29:$G$68,C$23,'Elenco analitico costi 2025'!$E$29:$E$68,$A27,'Elenco analitico costi 2025'!$F$29:$F$68,"Costo operativo") -> 0 | D27: =+SUMIFS('Elenco analitico costi 2025'!$I$29:$I$68,'Elenco analitico costi 2025'!$G$29:$G$68,D$23,'Elenco analitico costi 2025'!$E$29:$E$68,$A27,'Elenco analitico costi 2025'!$F$29:$F$68,"Costo operativo") -> 0 | E27: =+SUMIFS('Elenco analitico costi 2025'!$I$29:$I$68,'Elenco analitico costi 2025'!$G$29:$G$68,E$23,'Elenco analitico costi 2025'!$E$29:$E$68,$A27,'Elenco analitico costi 2025'!$F$29:$F$68,"Costo operativo") -> 0 | F27: =+SUMIFS('Elenco analitico costi 2025'!$I$29:$I$68,'Elenco analitico costi 2025'!$G$29:$G$68,F$23,'Elenco analitico costi 2025'!$E$29:$E$68,$A27,'Elenco analitico costi 2025'!$F$29:$F$68,"Costo operativo") -> 0 | G27: =+SUMIFS('Elenco analitico costi 2025'!$I$29:$I$68,'Elenco analitico costi 2025'!$G$29:$G$68,G$23,'Elenco analitico costi 2025'!$E$29:$E$68,$A27,'Elenco analitico costi 2025'!$F$29:$F$68,"Costo operativo") -> 0 | H27: =+SUMIFS('Elenco analitico costi 2025'!$I$29:$I$68,'Elenco analitico costi 2025'!$G$29:$G$68,H$23,'Elenco analitico costi 2025'!$E$29:$E$68,$A27,'Elenco analitico costi 2025'!$F$29:$F$68,"Costo operativo") -> 0 | I27: =+SUMIFS('Elenco analitico costi 2025'!$I$29:$I$68,'Elenco analitico costi 2025'!$G$29:$G$68,I$23,'Elenco analitico costi 2025'!$E$29:$E$68,$A27,'Elenco analitico costi 2025'!$F$29:$F$68,"Costo operativo") -> 0 | J27: =+SUMIFS('Elenco analitico costi 2025'!$I$29:$I$68,'Elenco analitico costi 2025'!$G$29:$G$68,J$23,'Elenco analitico costi 2025'!$E$29:$E$68,$A27,'Elenco analitico costi 2025'!$F$29:$F$68,"Costo operativo") -> 0 | K27: =+SUMIFS('Elenco analitico costi 2025'!$I$29:$I$68,'Elenco analitico costi 2025'!$G$29:$G$68,K$23,'Elenco analitico costi 2025'!$E$29:$E$68,$A27,'Elenco analitico costi 2025'!$F$29:$F$68,"Costo operativo") -> 0
A28: B11 | B28: B11 - Variazioni delle rimanenze di materie prime, sussidiarie, di consumo e merci | C28: =+SUMIFS('Elenco analitico costi 2025'!$I$29:$I$68,'Elenco analitico costi 2025'!$G$29:$G$68,C$23,'Elenco analitico costi 2025'!$E$29:$E$68,$A28,'Elenco analitico costi 2025'!$F$29:$F$68,"Costo operativo") -> 0 | D28: =+SUMIFS('Elenco analitico costi 2025'!$I$29:$I$68,'Elenco analitico costi 2025'!$G$29:$G$68,D$23,'Elenco analitico costi 2025'!$E$29:$E$68,$A28,'Elenco analitico costi 2025'!$F$29:$F$68,"Costo operativo") -> 0 | E28: =+SUMIFS('Elenco analitico costi 2025'!$I$29:$I$68,'Elenco analitico costi 2025'!$G$29:$G$68,E$23,'Elenco analitico costi 2025'!$E$29:$E$68,$A28,'Elenco analitico costi 2025'!$F$29:$F$68,"Costo operativo") -> 0 | F28: =+SUMIFS('Elenco analitico costi 2025'!$I$29:$I$68,'Elenco analitico costi 2025'!$G$29:$G$68,F$23,'Elenco analitico costi 2025'!$E$29:$E$68,$A28,'Elenco analitico costi 2025'!$F$29:$F$68,"Costo operativo") -> 0 | G28: =+SUMIFS('Elenco analitico costi 2025'!$I$29:$I$68,'Elenco analitico costi 2025'!$G$29:$G$68,G$23,'Elenco analitico costi 2025'!$E$29:$E$68,$A28,'Elenco analitico costi 2025'!$F$29:$F$68,"Costo operativo") -> 0 | H28: =+SUMIFS('Elenco analitico costi 2025'!$I$29:$I$68,'Elenco analitico costi 2025'!$G$29:$G$68,H$23,'Elenco analitico costi 2025'!$E$29:$E$68,$A28,'Elenco analitico costi 2025'!$F$29:$F$68,"Costo operativo") -> 0 | I28: =+SUMIFS('Elenco analitico costi 2025'!$I$29:$I$68,'Elenco analitico costi 2025'!$G$29:$G$68,I$23,'Elenco analitico costi 2025'!$E$29:$E$68,$A28,'Elenco analitico costi 2025'!$F$29:$F$68,"Costo operativo") -> 0 | J28: =+SUMIFS('Elenco analitico costi 2025'!$I$29:$I$68,'Elenco analitico costi 2025'!$G$29:$G$68,J$23,'Elenco analitico costi 2025'!$E$29:$E$68,$A28,'Elenco analitico costi 2025'!$F$29:$F$68,"Costo operativo") -> 0 | K28: =+SUMIFS('Elenco analitico costi 2025'!$I$29:$I$68,'Elenco analitico costi 2025'!$G$29:$G$68,K$23,'Elenco analitico costi 2025'!$E$29:$E$68,$A28,'Elenco analitico costi 2025'!$F$29:$F$68,"Costo operativo") -> 0
A29: B14 | B29: B14 - Oneri diversi di gestione | C29: =+SUMIFS('Elenco analitico costi 2025'!$I$29:$I$68,'Elenco analitico costi 2025'!$G$29:$G$68,C$23,'Elenco analitico costi 2025'!$E$29:$E$68,$A29,'Elenco analitico costi 2025'!$F$29:$F$68,"Costo operativo") -> 0 | D29: =+SUMIFS('Elenco analitico costi 2025'!$I$29:$I$68,'Elenco analitico costi 2025'!$G$29:$G$68,D$23,'Elenco analitico costi 2025'!$E$29:$E$68,$A29,'Elenco analitico costi 2025'!$F$29:$F$68,"Costo operativo") -> 0 | E29: =+SUMIFS('Elenco analitico costi 2025'!$I$29:$I$68,'Elenco analitico costi 2025'!$G$29:$G$68,E$23,'Elenco analitico costi 2025'!$E$29:$E$68,$A29,'Elenco analitico costi 2025'!$F$29:$F$68,"Costo operativo") -> 0 | F29: =+SUMIFS('Elenco analitico costi 2025'!$I$29:$I$68,'Elenco analitico costi 2025'!$G$29:$G$68,F$23,'Elenco analitico costi 2025'!$E$29:$E$68,$A29,'Elenco analitico costi 2025'!$F$29:$F$68,"Costo operativo") -> 0 | G29: =+SUMIFS('Elenco analitico costi 2025'!$I$29:$I$68,'Elenco analitico costi 2025'!$G$29:$G$68,G$23,'Elenco analitico costi 2025'!$E$29:$E$68,$A29,'Elenco analitico costi 2025'!$F$29:$F$68,"Costo operativo") -> 0 | H29: =+SUMIFS('Elenco analitico costi 2025'!$I$29:$I$68,'Elenco analitico costi 2025'!$G$29:$G$68,H$23,'Elenco analitico costi 2025'!$E$29:$E$68,$A29,'Elenco analitico costi 2025'!$F$29:$F$68,"Costo operativo") -> 0 | I29: =+SUMIFS('Elenco analitico costi 2025'!$I$29:$I$68,'Elenco analitico costi 2025'!$G$29:$G$68,I$23,'Elenco analitico costi 2025'!$E$29:$E$68,$A29,'Elenco analitico costi 2025'!$F$29:$F$68,"Costo operativo") -> 0 | J29: =+SUMIFS('Elenco analitico costi 2025'!$I$29:$I$68,'Elenco analitico costi 2025'!$G$29:$G$68,J$23,'Elenco analitico costi 2025'!$E$29:$E$68,$A29,'Elenco analitico costi 2025'!$F$29:$F$68,"Costo operativo") -> 0 | K29: =+SUMIFS('Elenco analitico costi 2025'!$I$29:$I$68,'Elenco analitico costi 2025'!$G$29:$G$68,K$23,'Elenco analitico costi 2025'!$E$29:$E$68,$A29,'Elenco analitico costi 2025'!$F$29:$F$68,"Costo operativo") -> 0
B30: B10d (da c. 16.2 MTR-3) | L30: ='Elenco analitico costi 2025'!C74 -> 0 | M30: ='Elenco analitico costi 2025'!C82 -> 0 | N30: ='Elenco analitico costi 2025'!E74 -> 0 | O30: ='Elenco analitico costi 2025'!F74 -> 0
B31: B12 - Accantonamento per rischi, nella misura massima ammessa dalle leggi e prassi fiscali | L31: ='Elenco analitico costi 2025'!C75 -> 0 | M31: ='Elenco analitico costi 2025'!D75 -> 0 | N31: ='Elenco analitico costi 2025'!E75 -> 0 | O31: ='Elenco analitico costi 2025'!F75 -> 0
B32: B13 - Altri accantonamenti | L32: ='Elenco analitico costi 2025'!C76 -> 0 | M32: ='Elenco analitico costi 2025'!D76 -> 0 | N32: ='Elenco analitico costi 2025'!E76 -> 0 | O32: ='Elenco analitico costi 2025'!F76 -> 0
B33: totale | C33: =SUM(C24:C29) -> 0 | D33: =SUM(D24:D29) -> 0 | E33: =SUM(E24:E29) -> 0 | F33: =SUM(F24:F29) -> 0 | G33: =SUM(G24:G29) -> 0 | H33: =SUM(H24:H29) -> 0 | I33: =SUM(I24:I29) -> 0 | J33: =SUM(J24:J29) -> 0 | K33: =SUM(K24:K29) -> 0 | L33: =+SUM(L30:L32) -> 0 | M33: =+SUM(M30:M32) -> 0 | N33: =+SUM(N30:N32) -> 0 | O33: =+SUM(O30:O32) -> 0
B36: poste rettificative costi operativi: | C36: 2025
B37: Costi attribuibili alle attività capitalizzate | F37: Attenzione: Si prega di NON compilare il seguente foglio !!!!!!!
B38: poste rettificative di cui al comma 1.1 del MTR-3:
B39: accantonamenti, diversi dagli ammortamenti, operati in eccesso rispetto all’applicazione di norme tributarie, fatto salvo quanto disposto dall'articolo 16 del MTR-3
B40: oneri finanziari e le rettifiche di valori di attività finanziarie
B41: svalutazioni delle immobilizzazioni
B42: oneri straordinari
B43: oneri per assicurazioni, qualora non espressamente previste da specifici obblighi normativi
B44: oneri per sanzioni, penali e risarcimenti, nonché costi sostenuti per il contenzioso ove l’impresa sia risultata soccombente
B45: costi connessi all’erogazione di liberalità
B46: costi pubblicitari e di marketing, ad esclusione di oneri che derivino da obblighi posti in capo ai concessionari
B47: spese di rappresentanza
B48: Contributi in conto esercizio
B49: costi sostenuti per il conseguimento dei target cui è stata associata (in sede di determinazione delle entrate tariffarie riferite a precedenti annualità) la valorizzazione di costi operativi incentivanti (di natura previsionale) | C49: 0
B50: scostamenti già intercettati attraverso la valorizzazione (in sede di determinazione delle entrate tariffarie riferite a precedenti annualità) delle ulteriori componenti di costo di natura previsionale o di anticipazione introdotte dalla regolazione pro tempore vigente, tenuto conto della quantificazione dei pertinenti recuperi nell’ambito delle componenti a conguaglio | C50: 0
B52: Dati economico finanziari:
B54: poste rettificative capitale investito: | C54: 2025
B55: PRa | C55: =SUM(C56:C58) -> 0
B56: di cui TFR
B57: di cui fondi rischi e oneri
B58: di cui fondi per il ripristino di beni di terzi

Sheet Tab comuni
C3: Numero | D3: Comune | E3: Codice ISTAT | F3: ID ARERA
C4: 1 | D4: Acquaformosa | E4: 78001 | F4: =VLOOKUP(D4,[2]Sheet1!$C:$I,7,0) -> 28489
C5: 2 | D5: Acquappesa | E5: 78002 | F5: =VLOOKUP(D5,[2]Sheet1!$C:$I,7,0) -> 30002
C6: 3 | D6: Acri | E6: 78003 | F6: =VLOOKUP(D6,[2]Sheet1!$C:$I,7,0) -> 28085
C7: 4 | D7: Aiello Calabro | E7: 78004 | F7: =VLOOKUP(D7,[2]Sheet1!$C:$I,7,0) -> 28678
C8: 5 | D8: Aieta | E8: 78005 | F8: =VLOOKUP(D8,[2]Sheet1!$C:$I,7,0) -> 29462
C9: 6 | D9: Albidona | E9: 78006 | F9: =VLOOKUP(D9,[2]Sheet1!$C:$I,7,0) -> 29926
C10: 7 | D10: Alessandria del Carretto | E10: 78007 | F10: =VLOOKUP(D10,[2]Sheet1!$C:$I,7,0) -> 29525
C11: 8 | D11: Altilia | E11: 78008 | F11: =VLOOKUP(D11,[2]Sheet1!$C:$I,7,0) -> 38851
C12: 9 | D12: Altomonte | E12: 78009 | F12: =VLOOKUP(D12,[2]Sheet1!$C:$I,7,0) -> 28658
C13: 10 | D13: Amantea | E13: 78010 | F13: =VLOOKUP(D13,[2]Sheet1!$C:$I,7,0) -> 28141
C14: 11 | D14: Amendolara | E14: 78011 | F14: =VLOOKUP(D14,[2]Sheet1!$C:$I,7,0) -> 28812
C15: 12 | D15: Aprigliano | E15: 78012 | F15: =VLOOKUP(D15,[2]Sheet1!$C:$I,7,0) -> 28811
... C259: 256 | D259: Ciminà | E259: 80026 | F259: =VLOOKUP(D259,[2]Sheet1!$C:$I,7,0) -> 27824
C260: =C259+1 -> 257 | D260: Cinquefrondi | E260: 80027 | F260: =VLOOKUP(D260,[2]Sheet1!$C:$I,7,0) -> 28027
C261: =C260+1 -> 258 | D261: Cittanova | E261: 80028 | F261: =VLOOKUP(D261,[2]Sheet1!$C:$I,7,0) -> 28295
C262: =C261+1 -> 259 | D262: Condofuri | E262: 80029 | F262: =VLOOKUP(D262,[2]Sheet1!$C:$I,7,0) -> 28686
C263: =C262+1 -> 260 | D263: Cosoleto | E263: 80030 | F263: =VLOOKUP(D263,[2]Sheet1!$C:$I,7,0) -> 29455
C264: =C263+1 -> 261 | D264: Delianuova | E264: 80031 | F264: =VLOOKUP(D264,[2]Sheet1!$C:$I,7,0) -> 28019
C265: =C264+1 -> 262 | D265: Feroleto della Chiesa | E265: 80032 | F265: =VLOOKUP(D265,[2]Sheet1!$C:$I,7,0) -> 29273
C266: =C265+1 -> 263 | D266: Ferruzzano | E266: 80033 | F266: =VLOOKUP(D266,[2]Sheet1!$C:$I,7,0) -> 43740
C267: =C266+1 -> 264 | D267: Fiumara | E267: 80034 | F267: =VLOOKUP(D267,[2]Sheet1!$C:$I,7,0) -> 29495
C268: =C267+1 -> 265 | D268: Galatro | E268: 80035 | F268: =VLOOKUP(D268,[2]Sheet1!$C:$I,7,0) -> 29169
C269: =C268+1 -> 266 | D269: Gerace | E269: 80036 | F269: =VLOOKUP(D269,[2]Sheet1!$C:$I,7,0) -> 28209
C270: =C269+1 -> 267 | D270: Giffone | E270: 80037 | F270: =VLOOKUP(D270,[2]Sheet1!$C:$I,7,0) -> 29296
C271: =C270+1 -> 268 | D271: Gioia Tauro | E271: 80038 | F271: =VLOOKUP(D271,[2]Sheet1!$C:$I,7,0) -> 27915
... C407: =C406+1 -> 404 | D407: Zungri | E407: 102050 | F407: =VLOOKUP(D407,[2]Sheet1!$C:$I,7,0) -> 24572

Sheet Tab Gestori
C3: Numero | D3: Comune | E3: Partita Iva | F3: ID ARERA
C4: 1 | D4: S.E.A. SERVIZI ECOAMBIENTALI | E4: 02119750798 | F4: 30407
C5: =C4+1 -> 2 | D5: ECOSERVIZI S.R.L. | E5: 03319840793 | F5: 39412
C6: =C5+1 -> 3 | D6: Stella del Sud Società Cooperativa Sociale | E6: 03078490798 | F6: 44147
C7: =C6+1 -> 4 | D7: D.M.SERVICE SRL | E7: 02782670604 | F7: 41211
C8: =C7+1 -> 5 | D8: COMPANY SERVICE SRL | E8: 03786850796 | F8: 39814
C9: =C8+1 -> 6 | D9: si.eco spa | E9: 05452940728 | F9: 33634
C10: =C9+1 -> 7 | D10: RIZZUTO MICHELINA | E10: 02005270794 | F10: 37535
C11: =C10+1 -> 8 | D11: Lamezia Multiservizi S.p.A. | E11: 02126380795 | F11: 13636
C12: =C11+1 -> 9 | D12: M.I.A. MULTISERVIZI IGIENE AMBIENTALE SRL | E12: 02787300785 | F12: 30058
C13: =C12+1 -> 10 | D13: MEA MANNA ECOLOGICA AMBIENTE | E13: 03119630717 | F13: 29991
C14: =C13+1 -> 11 | D14: POWER GREEN SRL | E14: 03312130796 | F14: 35835
C15: =C14+1 -> 12 | D15: Muraca Srl Unipersonale | E15: 03114000791 | F15: 39489
C16: =C15+1 -> 13 | D16: NUOVA CITTA ECOLOGICA SRL | E16: 03624630780 | F16: 43826
... C52: =C51+1 -> 49 | D52: 4r srl | E52: 03318600792 | F52: 41249

Sheet Tabelle
B1: Parametri MTR-2
C3: 2021 | D3: 2022 | E3: 2023 | F3: 2024
B4: Inflazione | C4: 0.001 | D4: 0.002 | E4: 0 | F4: 0
C5: 2022 | D5: 2023 | E5: 2024 | F5: 2025
B6: rpia | C6: 0.017 | D6: 0.017 | E6: 0.017 | F6: 0.017 | N6: TABELLA DEFLATORI
A7: i | B7: TABELLA VITE UTILI REGOLATORIE | N7: Deflatore investimenti | P7: 0.004 | Q7: 0.007 | R7: 0.005 | S7: 0.004 | T7: 0 | U7: 0 | V7: 0
A9: ID IMM | B9: Categoria immobilizzazione | C9: ID CESPITI | D9: ID Imm_cespiti | E9: Categorie di cespiti specifici | F9: Vita Utile Regolatorie MTR-2 | N9: ANNO | O9: Deflatore per anno 2018 | P9: Deflatore per anno 2019 | Q9: Deflatore per anno 2020 | R9: Deflatore per anno 2021 | S9: Deflatore per anno 2022 | T9: Deflatore per anno 2023 | U9: Deflatore per anno 2024 | V9: Deflatore per anno 2025 | AA9: Raccolta e trasporto, Spazzamento e lavaggio | AB9: Trattamento Meccanico Biologico | AC9: Discariche | AD9: Inceneritori | AE9: Compostaggio, Digestione Anaerobica e Misti | AF9: Cespiti Comuni | AI9: REGIONE | AJ9: PROVINCIA | AK9: Comune | AL9: Istat_Comune
A10: 1 | B10: Raccolta e trasporto, Spazzamento e lavaggio | C10: 1 | D10: =+CONCATENATE(A10,".",C10) -> 1.1 | E10: Compattatori, Spazzatrici e Autocarri attrezzati | F10: 8 | I10: Categoria immobilizzazione | N10: 1977 | O10: 7.2565641 | P10: =+O10*(1+P$7) -> 7.2855903 | Q10: =+P10*(1+Q$7) -> 7.3365895 | R10: =+Q10*(1+R$7) -> 7.3732724 | S10: =+R10*(1+S$7) -> 7.4027655 | T10: =+S10*(1+T$7) -> 7.4027655 | U10: =+T10*(1+U$7) -> 7.4027655 | V10: =+U10*(1+V$7) -> 7.4027655 | AA10: Compattatori, Spazzatrici e Autocarri attrezzati | AB10: Unità trattamento meccanico (separatori, compattatori, tritovagliatura, ecc.) | AC10: Impianti di pretrattamento | AD10: Impianti di pretrattamento | AE10: Unità di pretrattamento | AF10: Terreni | AI10: CALABRIA | AJ10: Cosenza | AK10: Acquaformosa | AL10: 078001
A11: 1 | B11: Raccolta e trasporto, Spazzamento e lavaggio | C11: 2 | D11: =+CONCATENATE(A11,".",C11) -> 1.2 | E11: Cassonetti, Campane e Cassoni | F11: 8 | H11: 1 | I11: Raccolta e trasporto, Spazzamento e lavaggio | N11: 1978 | O11: 6.4081699 | P11: =+O11*(1+P$7) -> 6.4338026 | Q11: =+P11*(1+Q$7) -> 6.4788392 | R11: =+Q11*(1+R$7) -> 6.5112334 | S11: =+R11*(1+S$7) -> 6.5372783 | T11: =+S11*(1+T$7) -> 6.5372783 | U11: =+T11*(1+U$7) -> 6.5372783 | V11: =+U11*(1+V$7) -> 6.5372783 | AA11: Cassonetti, Campane e Cassoni | AB11: Unità trattamento biologico (bioessiccazione, biostabilizzazione, digestione anaerobica, ecc.) | AC11: Opere di impermeabilizzazione del fondo e delle pareti e di difesa idraulica | AD11: Unità di incenerimento a griglia mobile (combustore, caldaia, trattamento fumi) | AE11: Unità di compostaggio | AF11: Fabbricati | AI11: CALABRIA | AJ11: Cosenza | AK11: Acquappesa | AL11: 078002
A12: 1 | B12: Raccolta e trasporto, Spazzamento e lavaggio | C12: 3 | D12: =+CONCATENATE(A12,".",C12) -> 1.3 | E12: Altre attrezzature (bidoni, aspirafoglie, ecc.) | F12: 5 | H12: 2 | I12: Trattamento Meccanico Biologico | N12: 1979 | O12: 5.5719683 | P12: =+O12*(1+P$7) -> 5.5942561 | Q12: =+P12*(1+Q$7) -> 5.6334159 | R12: =+Q12*(1+R$7) -> 5.661583 | S12: =+R12*(1+S$7) -> 5.6842293 | T12: =+S12*(1+T$7) -> 5.6842293 | U12: =+T12*(1+U$7) -> 5.6842293 | V12: =+U12*(1+V$7) -> 5.6842293 | AA12: Altre attrezzature (bidoni, aspirafoglie, ecc.) | AB12: Impianti raccolta e trattamento biogas | AC12: Impianti di raccolta e trattamento percolato | AD12: Unità di incenerimento a letto fluido (combustore, caldaia, trattamento fumi) | AE12: Unità digestione anaerobica | AF12: Sistemi informativi | AI12: CALABRIA | AJ12: Cosenza | AK12: Acri | AL12: 078003
A13: 1 | B13: Raccolta e trasporto, Spazzamento e lavaggio | C13: 4 | D13: =+CONCATENATE(A13,".",C13) -> 1.4 | E13: Impianti di pretrattamento | F13: 12 | H13: 3 | I13: Discariche | N13: 1980 | O13: 4.496997 | P13: =+O13*(1+P$7) -> 4.514985 | Q13: =+P13*(1+Q$7) -> 4.5465899 | R13: =+Q13*(1+R$7) -> 4.5693228 | S13: =+R13*(1+S$7) -> 4.5876001 | T13: =+S13*(1+T$7) -> 4.5876001 | U13: =+T13*(1+U$7) -> 4.5876001 | V13: =+U13*(1+V$7) -> 4.5876001 | AA13: Impianti di pretrattamento | AB13: Altri impianti (pesatura, riduzione odori, lavaggio, aspirazione esalazioni, ecc.) | AC13: Impianti raccolta e trattamento biogas | AD13: Turbina/alimentatore | AE13: Impianto di raccolta e trattamento biogas | AF13: Immobilizzazioni immateriali | AI13: CALABRIA | AJ13: Cosenza | AK13: Aiello Calabro | AL13: 078004
A14: 1 | B14: Raccolta e trasporto, Spazzamento e lavaggio | C14: 5 | D14: =+CONCATENATE(A14,".",C14) -> 1.5 | E14: Altri impianti | F14: 10 | H14: 4 | I14: Inceneritori | N14: 1981 | O14: 3.678068 | P14: =+O14*(1+P$7) -> 3.6927803 | Q14: =+P14*(1+Q$7) -> 3.7186298 | R14: =+Q14*(1+R$7) -> 3.7372229 | S14: =+R14*(1+S$7) -> 3.7521718 | T14: =+S14*(1+T$7) -> 3.7521718 | U14: =+T14*(1+U$7) -> 3.7521718 | V14: =+U14*(1+V$7) -> 3.7521718 | AA14: Altri impianti | AC14: Pozzi monitoraggio falda | AD14: Altri impianti (pesatura, riduzione odori, misura, ecc.) | AE14: Impianto di raccolta e trattamento percolato | AF14: Altre immobilizzazioni materiali | AI14: CALABRIA | AJ14: Cosenza | AK14: Aieta | AL14: 078005
A15: 2 | B15: Trattamento Meccanico Biologico | C15: 6 | D15: =+CONCATENATE(A15,".",C15) -> 2.6 | E15: Unità trattamento meccanico (separatori, compattatori, tritovagliatura, ecc.) | F15: 15 | H15: 5 | I15: Compostaggio, Digestione Anaerobica e Misti | N15: 1982 | O15: 3.1964647 | P15: =+O15*(1+P$7) -> 3.2092505 | Q15: =+P15*(1+Q$7) -> 3.2317153 | R15: =+Q15*(1+R$7) -> 3.2478738 | S15: =+R15*(1+S$7) -> 3.2608653 | T15: =+S15*(1+T$7) -> 3.2608653 | U15: =+T15*(1+U$7) -> 3.2608653 | V15: =+U15*(1+V$7) -> 3.2608653 | AC15: Impianti di cogenerazione | AE15: Altri impianti (pesatura, riduzione odori, misura ecc.) | AF15: Telecontrollo | AI15: CALABRIA | AJ15: Cosenza | AK15: Albidona | AL15: 078006
A16: 2 | B16: Trattamento Meccanico Biologico | C16: 7 | D16: =+CONCATENATE(A16,".",C16) -> 2.7 | E16: Unità trattamento biologico (bioessiccazione, biostabilizzazione, digestione anaerobica, ecc.) | F16: 20 | H16: 6 | I16: Cespiti comuni | N16: 1983 | O16: 2.8652353 | P16: =+O16*(1+P$7) -> 2.8766963 | Q16: =+P16*(1+Q$7) -> 2.8968331 | R16: =+Q16*(1+R$7) -> 2.9113173 | S16: =+R16*(1+S$7) -> 2.9229626 | T16: =+S16*(1+T$7) -> 2.9229626 | U16: =+T16*(1+U$7) -> 2.9229626 | V16: =+U16*(1+V$7) -> 2.9229626 | AC16: Macchine operatrici (pale meccaniche, compattatori, ecc.) | AF16: Automezzi e Autoveicoli | AI16: CALABRIA | AJ16: Cosenza | AK16: Alessandria del Carretto | AL16: 078007
A17: 2 | B17: Trattamento Meccanico Biologico | C17: 8 | D17: =+CONCATENATE(A17,".",C17) -> 2.8 | E17: Impianti raccolta e trattamento biogas | F17: 25 | N17: 1984 | O17: 2.6244336 | P17: =+O17*(1+P$7) -> 2.6349314 | Q17: =+P17*(1+Q$7) -> 2.6533759 | R17: =+Q17*(1+R$7) -> 2.6666428 | S17: =+R17*(1+S$7) -> 2.6773093 | T17: =+S17*(1+T$7) -> 2.6773093 | U17: =+T17*(1+U$7) -> 2.6773093 | V17: =+U17*(1+V$7) -> 2.6773093 | AC17: Altri impianti (pesatura, riduzione odori, lavaggio, aspirazione esalazioni, ecc.) | AI17: CALABRIA | AJ17: Cosenza | AK17: Altilia | AL17: 078008
A18: 2 | B18: Trattamento Meccanico Biologico | C18: 9 | D18: =+CONCATENATE(A18,".",C18) -> 2.9 | E18: Altri impianti (pesatura, riduzione odori, lavaggio, aspirazione esalazioni, ecc.) | F18: 15 | N18: 1985 | O18: 2.4070009 | P18: =+O18*(1+P$7) -> 2.4166289 | Q18: =+P18*(1+Q$7) -> 2.4335453 | R18: =+Q18*(1+R$7) -> 2.445713 | S18: =+R18*(1+S$7) -> 2.4554959 | T18: =+S18*(1+T$7) -> 2.4554959 | U18: =+T18*(1+U$7) -> 2.4554959 | V18: =+U18*(1+V$7) -> 2.4554959 | AI18: CALABRIA | AJ18: Cosenza | AK18: Altomonte | AL18: 078009
A19: 3 | B19: Discariche | C19: 4 | D19: =+CONCATENATE(A19,".",C19) -> 3.4 | E19: Impianti di pretrattamento | G19: Legata alla capacità residua e alle migliori stime disponibili in ordine all’esaurimento della discarica come definita dall’ETC, con procedura partecipata dal gestore | N19: 1986 | O19: 2.3175893 | P19: =+O19*(1+P$7) -> 2.3268596 | Q19: =+P19*(1+Q$7) -> 2.3431477 | R19: =+Q19*(1+R$7) -> 2.3548634 | S19: =+R19*(1+S$7) -> 2.3642828 | T19: =+S19*(1+T$7) -> 2.3642828 | U19: =+T19*(1+U$7) -> 2.3642828 | V19: =+U19*(1+V$7) -> 2.3642828 | AI19: CALABRIA | AJ19: Cosenza | AK19: Amantea | AL19: 078010
A20: 3 | B20: Discariche | C20: 11 | D20: =+CONCATENATE(A20,".",C20) -> 3.11 | E20: Opere di impermeabilizzazione del fondo e delle pareti e di difesa idraulica | N20: 1987 | O20: 2.2210654 | P20: =+O20*(1+P$7) -> 2.2299497 | Q20: =+P20*(1+Q$7) -> 2.2455593 | R20: =+Q20*(1+R$7) -> 2.2567871 | S20: =+R20*(1+S$7) -> 2.2658142 | T20: =+S20*(1+T$7) -> 2.2658142 | U20: =+T20*(1+U$7) -> 2.2658142 | V20: =+U20*(1+V$7) -> 2.2658142 | AI20: CALABRIA | AJ20: Cosenza | AK20: Amendolara | AL20: 078011
A21: 3 | B21: Discariche | C21: 12 | D21: =+CONCATENATE(A21,".",C21) -> 3.12 | E21: Impianti di raccolta e trattamento percolato | N21: 1988 | O21: 2.1042207 | P21: =+O21*(1+P$7) -> 2.1126376 | Q21: =+P21*(1+Q$7) -> 2.127426 | R21: =+Q21*(1+R$7) -> 2.1380632 | S21: =+R21*(1+S$7) -> 2.1466154 | T21: =+S21*(1+T$7) -> 2.1466154 | U21: =+T21*(1+U$7) -> 2.1466154 | V21: =+U21*(1+V$7) -> 2.1466154 | AI21: CALABRIA | AJ21: Cosenza | AK21: Aprigliano | AL21: 078012
A22: 3 | B22: Discariche | C22: 8 | D22: =+CONCATENATE(A22,".",C22) -> 3.8 | E22: Impianti raccolta e trattamento biogas | N22: 1989 | O22: 1.9955043 | P22: =+O22*(1+P$7) -> 2.0034863 | Q22: =+P22*(1+Q$7) -> 2.0175107 | R22: =+Q22*(1+R$7) -> 2.0275983 | S22: =+R22*(1+S$7) -> 2.0357087 | T22: =+S22*(1+T$7) -> 2.0357087 | U22: =+T22*(1+U$7) -> 2.0357087 | V22: =+U22*(1+V$7) -> 2.0357087 | AI22: CALABRIA | AJ22: Cosenza | AK22: Belmonte Calabro | AL22: 078013
A23: 3 | B23: Discariche | C23: 14 | D23: =+CONCATENATE(A23,".",C23) -> 3.14 | E23: Pozzi monitoraggio falda | N23: 1990 | O23: 1.8715473 | P23: =+O23*(1+P$7) -> 1.8790335 | Q23: =+P23*(1+Q$7) -> 1.8921868 | R23: =+Q23*(1+R$7) -> 1.9016477 | S23: =+R23*(1+S$7) -> 1.9092543 | T23: =+S23*(1+T$7) -> 1.9092543 | U23: =+T23*(1+U$7) -> 1.9092543 | V23: =+U23*(1+V$7) -> 1.9092543 | AI23: CALABRIA | AJ23: Cosenza | AK23: Belsito | AL23: 078014
A24: 3 | B24: Discariche | C24: 15 | D24: =+CONCATENATE(A24,".",C24) -> 3.15 | E24: Impianti di cogenerazione | F24: 20 | N24: 1991 | O24: 1.7689272 | P24: =+O24*(1+P$7) -> 1.7760029 | Q24: =+P24*(1+Q$7) -> 1.7884349 | R24: =+Q24*(1+R$7) -> 1.7973771 | S24: =+R24*(1+S$7) -> 1.8045666 | T24: =+S24*(1+T$7) -> 1.8045666 | U24: =+T24*(1+U$7) -> 1.8045666 | V24: =+U24*(1+V$7) -> 1.8045666 | AI24: CALABRIA | AJ24: Cosenza | AK24: Belvedere Marittimo | AL24: 078015
A25: 3 | B25: Discariche | C25: 16 | D25: =+CONCATENATE(A25,".",C25) -> 3.16 | E25: Macchine operatrici (pale meccaniche, compattatori, ecc.) | F25: 15 | N25: 1992 | O25: 1.7008525 | P25: =+O25*(1+P$7) -> 1.7076559 | Q25: =+P25*(1+Q$7) -> 1.7196095 | R25: =+Q25*(1+R$7) -> 1.7282075 | S25: =+R25*(1+S$7) -> 1.7351203 | T25: =+S25*(1+T$7) -> 1.7351203 | U25: =+T25*(1+U$7) -> 1.7351203 | V25: =+U25*(1+V$7) -> 1.7351203 | AI25: CALABRIA | AJ25: Cosenza | AK25: Bianchi | AL25: 078016
A26: 3 | B26: Discariche | C26: 9 | D26: =+CONCATENATE(A26,".",C26) -> 3.9 | E26: Altri impianti (pesatura, riduzione odori, lavaggio, aspirazione esalazioni, ecc.) | F26: 15 | N26: 1993 | O26: 1.6378579 | P26: =+O26*(1+P$7) -> 1.6444094 | Q26: =+P26*(1+Q$7) -> 1.6559202 | R26: =+Q26*(1+R$7) -> 1.6641998 | S26: =+R26*(1+S$7) -> 1.6708566 | T26: =+S26*(1+T$7) -> 1.6708566 | U26: =+T26*(1+U$7) -> 1.6708566 | V26: =+U26*(1+V$7) -> 1.6708566 | AI26: CALABRIA | AJ26: Cosenza | AK26: Bisignano | AL26: 078017
A27: 4 | B27: Inceneritori | C27: 4 | D27: =+CONCATENATE(A27,".",C27) -> 4.4 | E27: Impianti di pretrattamento | F27: 12 | N27: 1994 | O27: 1.5840078 | P27: =+O27*(1+P$7) -> 1.5903438 | Q27: =+P27*(1+Q$7) -> 1.6014762 | R27: =+Q27*(1+R$7) -> 1.6094836 | S27: =+R27*(1+S$7) -> 1.6159215 | T27: =+S27*(1+T$7) -> 1.6159215 | U27: =+T27*(1+U$7) -> 1.6159215 | V27: =+U27*(1+V$7) -> 1.6159215 | AI27: CALABRIA | AJ27: Cosenza | AK27: Bocchigliero | AL27: 078018
A28: 4 | B28: Inceneritori | C28: 19 | D28: =+CONCATENATE(A28,".",C28) -> 4.19 | E28: Unità di incenerimento a griglia mobile (combustore, caldaia, trattamento fumi) | F28: 25 | N28: 1995 | O28: 1.5230453 | P28: =+O28*(1+P$7) -> 1.5291375 | Q28: =+P28*(1+Q$7) -> 1.5398414 | R28: =+Q28*(1+R$7) -> 1.5475407 | S28: =+R28*(1+S$7) -> 1.5537308 | T28: =+S28*(1+T$7) -> 1.5537308 | U28: =+T28*(1+U$7) -> 1.5537308 | V28: =+U28*(1+V$7) -> 1.5537308 | AI28: CALABRIA | AJ28: Cosenza | AK28: Bonifati | AL28: 078019
A29: 4 | B29: Inceneritori | C29: 20 | D29: =+CONCATENATE(A29,".",C29) -> 4.20 | E29: Unità di incenerimento a letto fluido (combustore, caldaia, trattamento fumi) | F29: 15 | N29: 1996 | O29: 1.4803716 | P29: =+O29*(1+P$7) -> 1.4862931 | Q29: =+P29*(1+Q$7) -> 1.4966971 | R29: =+Q29*(1+R$7) -> 1.5041806 | S29: =+R29*(1+S$7) -> 1.5101973 | T29: =+S29*(1+T$7) -> 1.5101973 | U29: =+T29*(1+U$7) -> 1.5101973 | V29: =+U29*(1+V$7) -> 1.5101973 | AI29: CALABRIA | AJ29: Cosenza | AK29: Buonvicino | AL29: 078020
A30: 4 | B30: Inceneritori | C30: 21 | D30: =+CONCATENATE(A30,".",C30) -> 4.21 | E30: Turbina/alimentatore | F30: 25 | N30: 1997 | O30: 1.440746 | P30: =+O30*(1+P$7) -> 1.446509 | Q30: =+P30*(1+Q$7) -> 1.4566345 | R30: =+Q30*(1+R$7) -> 1.4639177 | S30: =+R30*(1+S$7) -> 1.4697734 | T30: =+S30*(1+T$7) -> 1.4697734 | U30: =+T30*(1+U$7) -> 1.4697734 | V30: =+U30*(1+V$7) -> 1.4697734 | AI30: CALABRIA | AJ30: Cosenza | AK30: Calopezzati | AL30: 078021
A31: 4 | B31: Inceneritori | C31: 22 | D31: =+CONCATENATE(A31,".",C31) -> 4.22 | E31: Altri impianti (pesatura, riduzione odori, misura, ecc.) | F31: 15 | N31: 1998 | O31: 1.4143289 | P31: =+O31*(1+P$7) -> 1.4199862 | Q31: =+P31*(1+Q$7) -> 1.4299261 | R31: =+Q31*(1+R$7) -> 1.4370758 | S31: =+R31*(1+S$7) -> 1.4428241 | T31: =+S31*(1+T$7) -> 1.4428241 | U31: =+T31*(1+U$7) -> 1.4428241 | V31: =+U31*(1+V$7) -> 1.4428241 | AI31: CALABRIA | AJ31: Cosenza | AK31: Caloveto | AL31: 078022
A32: 5 | B32: Compostaggio, Digestione Anaerobica e Misti | C32: 23 | D32: =+CONCATENATE(A32,".",C32) -> 5.23 | E32: Unità di pretrattamento | F32: 12 | N32: 1999 | O32: 1.3980723 | P32: =+O32*(1+P$7) -> 1.4036646 | Q32: =+P32*(1+Q$7) -> 1.4134902 | R32: =+Q32*(1+R$7) -> 1.4205577 | S32: =+R32*(1+S$7) -> 1.4262399 | T32: =+S32*(1+T$7) -> 1.4262399 | U32: =+T32*(1+U$7) -> 1.4262399 | V32: =+U32*(1+V$7) -> 1.4262399 | AI32: CALABRIA | AJ32: Cosenza | AK32: Campana | AL32: 078023
A33: 5 | B33: Compostaggio, Digestione Anaerobica e Misti | C33: 24 | D33: =+CONCATENATE(A33,".",C33) -> 5.24 | E33: Unità di compostaggio | F33: 20 | N33: 2000 | O33: 1.3584467 | P33: =+O33*(1+P$7) -> 1.3638805 | Q33: =+P33*(1+Q$7) -> 1.3734276 | R33: =+Q33*(1+R$7) -> 1.3802948 | S33: =+R33*(1+S$7) -> 1.3858159 | T33: =+S33*(1+T$7) -> 1.3858159 | U33: =+T33*(1+U$7) -> 1.3858159 | V33: =+U33*(1+V$7) -> 1.3858159 | AI33: CALABRIA | AJ33: Cosenza | AK33: Canna | AL33: 078024
A34: 5 | B34: Compostaggio, Digestione Anaerobica e Misti | C34: 25 | D34: =+CONCATENATE(A34,".",C34) -> 5.25 | E34: Unità digestione anaerobica | F34: 20 | N34: 2001 | O34: 1.3310136 | P34: =+O34*(1+P$7) -> 1.3363376 | Q34: =+P34*(1+Q$7) -> 1.345692 | R34: =+Q34*(1+R$7) -> 1.3524204 | S34: =+R34*(1+S$7) -> 1.3578301 | T34: =+S34*(1+T$7) -> 1.3578301 | U34: =+T34*(1+U$7) -> 1.3578301 | V34: =+U34*(1+V$7) -> 1.3578301 | AI34: CALABRIA | AJ34: Cosenza | AK34: Cariati | AL34: 078025
A35: 5 | B35: Compostaggio, Digestione Anaerobica e Misti | C35: 26 | D35: =+CONCATENATE(A35,".",C35) -> 5.26 | E35: Impianto di raccolta e trattamento biogas | F35: 25 | N35: 2002 | O35: 1.2934201 | P35: =+O35*(1+P$7) -> 1.2985937 | Q35: =+P35*(1+Q$7) -> 1.3076839 | R35: =+Q35*(1+R$7) -> 1.3142223 | S35: =+R35*(1+S$7) -> 1.3194792 | T35: =+S35*(1+T$7) -> 1.3194792 | U35: =+T35*(1+U$7) -> 1.3194792 | V35: =+U35*(1+V$7) -> 1.3194792 | AI35: CALABRIA | AJ35: Cosenza | AK35: Carolei | AL35: 078026
... A37: 5 | B37: Compostaggio, Digestione Anaerobica e Misti | C37: 28 | D37: =+CONCATENATE(A37,".",C37) -> 5.28 | E37: Altri impianti (pesatura, riduzione odori, misura ecc.) | F37: 15 | N37: 2004 | O37: 1.2395699 | P37: =+O37*(1+P$7) -> 1.2445282 | Q37: =+P37*(1+Q$7) -> 1.2532399 | R37: =+Q37*(1+R$7) -> 1.2595061 | S37: =+R37*(1+S$7) -> 1.2645441 | T37: =+S37*(1+T$7) -> 1.2645441 | U37: =+T37*(1+U$7) -> 1.2645441 | V37: =+U37*(1+V$7) -> 1.2645441 | AI37: CALABRIA | AJ37: Cosenza | AK37: Cassano all'Ionio | AL37: 078029
A38: 6 | B38: Cespiti comuni | C38: 29 | D38: =+CONCATENATE(A38,".",C38) -> 6.29 | E38: Terreni | F38: - | N38: 2005 | O38: 1.2040085 | P38: =+O38*(1+P$7) -> 1.2088245 | Q38: =+P38*(1+Q$7) -> 1.2172863 | R38: =+Q38*(1+R$7) -> 1.2233727 | S38: =+R38*(1+S$7) -> 1.2282662 | T38: =+S38*(1+T$7) -> 1.2282662 | U38: =+T38*(1+U$7) -> 1.2282662 | V38: =+U38*(1+V$7) -> 1.2282662 | AI38: CALABRIA | AJ38: Cosenza | AK38: Castiglione Cosentino | AL38: 078030
A39: 6 | B39: Cespiti comuni | C39: 30 | D39: =+CONCATENATE(A39,".",C39) -> 6.30 | E39: Fabbricati | F39: 40 | N39: 2006 | O39: 1.1714952 | P39: =+O39*(1+P$7) -> 1.1761811 | Q39: =+P39*(1+Q$7) -> 1.1844144 | R39: =+Q39*(1+R$7) -> 1.1903365 | S39: =+R39*(1+S$7) -> 1.1950978 | T39: =+S39*(1+T$7) -> 1.1950978 | U39: =+T39*(1+U$7) -> 1.1950978 | V39: =+U39*(1+V$7) -> 1.1950978 | AI39: CALABRIA | AJ39: Cosenza | AK39: Castrolibero | AL39: 078031
A40: 6 | B40: Cespiti comuni | C40: 31 | D40: =+CONCATENATE(A40,".",C40) -> 6.31 | E40: Sistemi informativi | F40: 5 | N40: 2007 | O40: 1.1389818 | P40: =+O40*(1+P$7) -> 1.1435378 | Q40: =+P40*(1+Q$7) -> 1.1515425 | R40: =+Q40*(1+R$7) -> 1.1573002 | S40: =+R40*(1+S$7) -> 1.1619294 | T40: =+S40*(1+T$7) -> 1.1619294 | U40: =+T40*(1+U$7) -> 1.1619294 | V40: =+U40*(1+V$7) -> 1.1619294 | AI40: CALABRIA | AJ40: Cosenza | AK40: Castroregio | AL40: 078032
A41: 6 | B41: Cespiti comuni | C41: 32 | D41: =+CONCATENATE(A41,".",C41) -> 6.32 | E41: Immobilizzazioni immateriali | F41: 7 | N41: 2008 | O41: 1.1034204 | P41: =+O41*(1+P$7) -> 1.1078341 | Q41: =+P41*(1+Q$7) -> 1.1155889 | R41: =+Q41*(1+R$7) -> 1.1211669 | S41: =+R41*(1+S$7) -> 1.1256515 | T41: =+S41*(1+T$7) -> 1.1256515 | U41: =+T41*(1+U$7) -> 1.1256515 | V41: =+U41*(1+V$7) -> 1.1256515 | AI41: CALABRIA | AJ41: Cosenza | AK41: Castrovillari | AL41: 078033
A42: 6 | B42: Cespiti comuni | C42: 33 | D42: =+CONCATENATE(A42,".",C42) -> 6.33 | E42: Altre immobilizzazioni materiali | F42: 7 | N42: 2009 | O42: 1.0952921 | P42: =+O42*(1+P$7) -> 1.0996733 | Q42: =+P42*(1+Q$7) -> 1.107371 | R42: =+Q42*(1+R$7) -> 1.1129078 | S42: =+R42*(1+S$7) -> 1.1173595 | T42: =+S42*(1+T$7) -> 1.1173595 | U42: =+T42*(1+U$7) -> 1.1173595 | V42: =+U42*(1+V$7) -> 1.1173595 | AI42: CALABRIA | AJ42: Cosenza | AK42: Celico | AL42: 078034
A43: 6 | B43: Cespiti comuni | C43: 34 | D43: =+CONCATENATE(A43,".",C43) -> 6.34 | E43: Telecontrollo | F43: 8 | N43: 2010 | O43: 1.0952921 | P43: =+O43*(1+P$7) -> 1.0996733 | Q43: =+P43*(1+Q$7) -> 1.107371 | R43: =+Q43*(1+R$7) -> 1.1129078 | S43: =+R43*(1+S$7) -> 1.1173595 | T43: =+S43*(1+T$7) -> 1.1173595 | U43: =+T43*(1+U$7) -> 1.1173595 | V43: =+U43*(1+V$7) -> 1.1173595 | AI43: CALABRIA | AJ43: Cosenza | AK43: Cellara | AL43: 078035
A44: 6 | B44: Cespiti comuni | C44: 35 | D44: =+CONCATENATE(A44,".",C44) -> 6.35 | E44: Automezzi e Autoveicoli | F44: 5 | N44: 2011 | O44: 1.0790354 | P44: =+O44*(1+P$7) -> 1.0833516 | Q44: =+P44*(1+Q$7) -> 1.090935 | R44: =+Q44*(1+R$7) -> 1.0963897 | S44: =+R44*(1+S$7) -> 1.1007753 | T44: =+S44*(1+T$7) -> 1.1007753 | U44: =+T44*(1+U$7) -> 1.1007753 | V44: =+U44*(1+V$7) -> 1.1007753 | AI44: CALABRIA | AJ44: Cosenza | AK44: Cerchiara di Calabria | AL44: 078036
N45: 2012 | O45: 1.043474 | P45: =+O45*(1+P$7) -> 1.0476479 | Q45: =+P45*(1+Q$7) -> 1.0549814 | R45: =+Q45*(1+R$7) -> 1.0602563 | S45: =+R45*(1+S$7) -> 1.0644974 | T45: =+S45*(1+T$7) -> 1.0644974 | U45: =+T45*(1+U$7) -> 1.0644974 | V45: =+U45*(1+V$7) -> 1.0644974 | AI45: CALABRIA | AJ45: Cosenza | AK45: Cerisano | AL45: 078037
N46: 2013 | O46: 1.0160409 | P46: =+O46*(1+P$7) -> 1.0201051 | Q46: =+P46*(1+Q$7) -> 1.0272458 | R46: =+Q46*(1+R$7) -> 1.032382 | S46: =+R46*(1+S$7) -> 1.0365115 | T46: =+S46*(1+T$7) -> 1.0365115 | U46: =+T46*(1+U$7) -> 1.0365115 | V46: =+U46*(1+V$7) -> 1.0365115 | AI46: CALABRIA | AJ46: Cosenza | AK46: Cervicati | AL46: 078038
N47: 2014 | O47: 1.003993 | P47: =+O47*(1+P$7) -> 1.0080089 | Q47: =+P47*(1+Q$7) -> 1.015065 | R47: =+Q47*(1+R$7) -> 1.0201403 | S47: =+R47*(1+S$7) -> 1.0242209 | T47: =+S47*(1+T$7) -> 1.0242209 | U47: =+T47*(1+U$7) -> 1.0242209 | V47: =+U47*(1+V$7) -> 1.0242209 | AI47: CALABRIA | AJ47: Cosenza | AK47: Cerzeto | AL47: 078039
N48: 2015 | O48: 1.004998 | P48: =+O48*(1+P$7) -> 1.009018 | Q48: =+P48*(1+Q$7) -> 1.0160811 | R48: =+Q48*(1+R$7) -> 1.0211615 | S48: =+R48*(1+S$7) -> 1.0252461 | T48: =+S48*(1+T$7) -> 1.0252461 | U48: =+T48*(1+U$7) -> 1.0252461 | V48: =+U48*(1+V$7) -> 1.0252461 | AI48: CALABRIA | AJ48: Cosenza | AK48: Cetraro | AL48: 078040
N49: 2016 | O49: 1.000994 | P49: =+O49*(1+P$7) -> 1.004998 | Q49: =+P49*(1+Q$7) -> 1.012033 | R49: =+Q49*(1+R$7) -> 1.0170931 | S49: =+R49*(1+S$7) -> 1.0211615 | T49: =+S49*(1+T$7) -> 1.0211615 | U49: =+T49*(1+U$7) -> 1.0211615 | V49: =+U49*(1+V$7) -> 1.0211615 | AI49: CALABRIA | AJ49: Cosenza | AK49: Civita | AL49: 078041
N50: 2017 | O50: 0.998 | P50: =+O50*(1+P$7) -> 1.001992 | Q50: =+P50*(1+Q$7) -> 1.0090059 | R50: =+Q50*(1+R$7) -> 1.014051 | S50: =+R50*(1+S$7) -> 1.0181072 | T50: =+S50*(1+T$7) -> 1.0181072 | U50: =+T50*(1+U$7) -> 1.0181072 | V50: =+U50*(1+V$7) -> 1.0181072 | AI50: CALABRIA | AJ50: Cosenza | AK50: Cleto | AL50: 078042
N51: 2018 | O51: 1 | P51: =+O51*(1+P$7) -> 1.004 | Q51: =+P51*(1+Q$7) -> 1.011028 | R51: =+Q51*(1+R$7) -> 1.0160831 | S51: =+R51*(1+S$7) -> 1.0201475 | T51: =+S51*(1+T$7) -> 1.0201475 | U51: =+T51*(1+U$7) -> 1.0201475 | V51: =+U51*(1+V$7) -> 1.0201475 | AI51: CALABRIA | AJ51: Cosenza | AK51: Colosimi | AL51: 078043
N52: 2019 | P52: 1 | Q52: =+P52*(1+Q$7) -> 1.007 | R52: =+Q52*(1+R$7) -> 1.012035 | S52: =+R52*(1+S$7) -> 1.0160831 | T52: =+S52*(1+T$7) -> 1.0160831 | U52: =+T52*(1+U$7) -> 1.0160831 | V52: =+U52*(1+V$7) -> 1.0160831 | AI52: CALABRIA | AJ52: Cosenza | AK52: Cosenza | AL52: 078045
N53: 2020 | Q53: 1 | R53: =+Q53*(1+R$7) -> 1.005 | S53: =+R53*(1+S$7) -> 1.00902 | T53: =+S53*(1+T$7) -> 1.00902 | U53: =+T53*(1+U$7) -> 1.00902 | V53: =+U53*(1+V$7) -> 1.00902 | AI53: CALABRIA | AJ53: Cosenza | AK53: Cropalati | AL53: 078046
N54: 2021 | R54: =+Q53*(1+R$6) -> 1 | S54: =+R54*(1+S$7) -> 1.004 | T54: =+S54*(1+T$7) -> 1.004 | U54: =+T54*(1+U$7) -> 1.004 | V54: =+U54*(1+V$7) -> 1.004 | AI54: CALABRIA | AJ54: Cosenza | AK54: Crosia | AL54: 078047
N55: 2022 | S55: 1 | T55: =+S55*(1+T$7) -> 1 | U55: =+T55*(1+U$7) -> 1 | V55: =+U55*(1+V$7) -> 1 | AI55: CALABRIA | AJ55: Cosenza | AK55: Diamante | AL55: 078048
N56: 2023 | T56: 1 | U56: =+T56*(1+U$7) -> 1 | V56: =+U56*(1+V$7) -> 1 | AI56: CALABRIA | AJ56: Cosenza | AK56: Dipignano | AL56: 078049
N57: 2024 | U57: 1 | V57: =+U57*(1+V$7) -> 1 | AI57: CALABRIA | AJ57: Cosenza | AK57: Domanico | AL57: 078050
N58: 2025 | V58: 1 | AI58: CALABRIA | AJ58: Cosenza | AK58: Fagnano Castello | AL58: 078051
AI59: CALABRIA | AJ59: Cosenza | AK59: Falconara Albanese | AL59: 078052
AI60: CALABRIA | AJ60: Cosenza | AK60: Figline Vegliaturo | AL60: 078053
AI61: CALABRIA | AJ61: Cosenza | AK61: Firmo | AL61: 078054
AI62: CALABRIA | AJ62: Cosenza | AK62: Fiumefreddo Bruzio | AL62: 078055
AI63: CALABRIA | AJ63: Cosenza | AK63: Francavilla Marittima | AL63: 078056
AI64: CALABRIA | AJ64: Cosenza | AK64: Frascineto | AL64: 078057
AI65: CALABRIA | AJ65: Cosenza | AK65: Fuscaldo | AL65: 078058
AI66: CALABRIA | AJ66: Cosenza | AK66: Grimaldi | AL66: 078059
AI67: CALABRIA | AJ67: Cosenza | AK67: Grisolia | AL67: 078060
B68: Cespiti proprietari diversi del gestore | AI68: CALABRIA | AJ68: Cosenza | AK68: Guardia Piemontese | AL68: 078061
AI69: CALABRIA | AJ69: Cosenza | AK69: Lago | AL69: 078062
AI70: CALABRIA | AJ70: Cosenza | AK70: Laino Borgo | AL70: 078063
B71: Proprietà cespiti | AI71: CALABRIA | AJ71: Cosenza | AK71: Laino Castello | AL71: 078064
B72: Cespiti gestore | AI72: CALABRIA | AJ72: Cosenza | AK72: Lappano | AL72: 078065
B73: Cespiti proprietari diversi dal gestore - Proprietario1 | AI73: CALABRIA | AJ73: Cosenza | AK73: Lattarico | AL73: 078066
B74: Cespiti proprietari diversi dal gestore - Proprietario2 | AI74: CALABRIA | AJ74: Cosenza | AK74: Longobardi | AL74: 078067
B75: Cespiti proprietari diversi dal gestore - Proprietario3 | AI75: CALABRIA | AJ75: Cosenza | AK75: Longobucco | AL75: 078068
B76: Leasing | AI76: CALABRIA | AJ76: Cosenza | AK76: Lungro | AL76: 078069
AI77: CALABRIA | AJ77: Cosenza | AK77: Luzzi | AL77: 078070
AI78: CALABRIA | AJ78: Cosenza | AK78: Maierà | AL78: 078071
AI79: CALABRIA | AJ79: Cosenza | AK79: Malito | AL79: 078072
B80: Variazioni vita utile regolatoria | AI80: CALABRIA | AJ80: Cosenza | AK80: Malvito | AL80: 078073
B81: vita utile INFERIORE alla vita utile regolatoria - c. 15.5 | AI81: CALABRIA | AJ81: Cosenza | AK81: Mandatoriccio | AL81: 078074
B82: vita utile SUPERIORE alla vita utile regolatoria - c. 15.6 | AI82: CALABRIA | AJ82: Cosenza | AK82: Mangone | AL82: 078075
B83: vita utile regolatoria | AI83: CALABRIA | AJ83: Cosenza | AK83: Marano Marchesato | AL83: 078076
AI84: CALABRIA | AJ84: Cosenza | AK84: Marano Principato | AL84: 078077
AI85: CALABRIA | AJ85: Cosenza | AK85: Marzi | AL85: 078078
AI86: CALABRIA | AJ86: Cosenza | AK86: Mendicino | AL86: 078079
AI87: CALABRIA | AJ87: Cosenza | AK87: Mongrassano | AL87: 078080
B88: Tipologia Impianto | AI88: CALABRIA | AJ88: Cosenza | AK88: Montalto Uffugo | AL88: 078081
B89: Compostaggio | AI89: CALABRIA | AJ89: Cosenza | AK89: Montegiordano | AL89: 078082
B90: Digestione Anaerobica | AI90: CALABRIA | AJ90: Cosenza | AK90: Morano Calabro | AL90: 078083
B91: Integrato Aerobico/Anaerobico | AI91: CALABRIA | AJ91: Cosenza | AK91: Mormanno | AL91: 078084
B92: Incenerimento con recupero di energia R1 | AI92: CALABRIA | AJ92: Cosenza | AK92: Mottafollone | AL92: 078085
B93: Incenerimento senza recupero di energia D10 | AI93: CALABRIA | AJ93: Cosenza | AK93: Nocara | AL93: 078086
B94: TMB/TM | AI94: CALABRIA | AJ94: Cosenza | AK94: Oriolo | AL94: 078087
B95: Discarica | AI95: CALABRIA | AJ95: Cosenza | AK95: Orsomarso | AL95: 078088
AI96: CALABRIA | AJ96: Cosenza | AK96: Paludi | AL96: 078089
AI97: CALABRIA | AJ97: Cosenza | AK97: Panettieri | AL97: 078090
AI98: CALABRIA | AJ98: Cosenza | AK98: Paola | AL98: 078091
AI99: CALABRIA | AJ99: Cosenza | AK99: Papasidero | AL99: 078092
AI100: CALABRIA | AJ100: Cosenza | AK100: Parenti | AL100: 078093
AI101: CALABRIA | AJ101: Cosenza | AK101: Paterno Calabro | AL101: 078094
AI102: CALABRIA | AJ102: Cosenza | AK102: Pedivigliano | AL102: 078096
AI103: CALABRIA | AJ103: Cosenza | AK103: Piane Crati | AL103: 078097
...
